Workbook
Name \0: #REF!
Name \0: #REF!
Name \0: #REF!
Name \0: #REF!
Name \0: #REF!
Name \a: #REF!
Name \a: #REF!
Name \a: #REF!
Name \a: #REF!
Name \a: #REF!
Name \c: #REF!
Name \c: #REF!
Name \c: #REF!
Name \c: #REF!
Name \c: #REF!
Name \c: #REF!
Name \c: #REF!
Name \x: #REF!
Name \x: #REF!
Name \x: #REF!
Name \x: #REF!
Name \x: #REF!
Name \x: #REF!
Name \x: #REF!
Name \z: #REF!
Name \z: #REF!
Name \z: #REF!
Name \z: #REF!
Name \z: #REF!
Name \z: #REF!
Name \z: #REF!
Name _______________________pv3: #REF!
Name _______________________pv3: #REF!
Name _______________________pv3: #REF!
Name _______________________pv3: #REF!
Name _______________________pv3: #REF!
Name ______________________Ele200502: #REF!
Name ______________________Ele200502: #REF!
Name ______________________Ele200502: #REF!
Name ______________________Ele200502: #REF!
Name ______________________Ele200502: #REF!
Name ______________________pv3: #REF!
Name ______________________pv3: #REF!
Name ______________________pv3: #REF!
Name ______________________pv3: #REF!
Name ______________________Ser200705: #REF!
Name ______________________Ser200705: #REF!
Name ______________________Ser200705: #REF!
Name ______________________Ser200712: #REF!
Name ______________________Ser200712: #REF!
Name ______________________Ser200712: #REF!
Name ______________________Ser201104: #REF!
Name ______________________Ser201104: #REF!
Name ______________________Ser201104: #REF!
Name ______________________TR2: #REF!
Name ______________________TR2: #REF!
Name ______________________TR2: #REF!
Name ______________________TR5: #REF!
Name ______________________TR5: #REF!
Name ______________________TR5: #REF!

Sheet RESUMO
C2: =C11 -> RESUMO
C3: INFORMAÇÕES GERAIS | G3: Planilhas Referência | H3: Data Base | I3: ENCARGOS SOCIAIS: | J3: BDI SERVIÇOS (%)
G4: SINAPI-MG | H4: =BASE!E14096 -> 45901
C5: Município: PREFEITURA MUNICIPAL DE NOVA LIMA - MG | G5: SEINFRA-MG | H5: =BASE!E8970 -> 45839 | I5: HORISTA: | J5: ='COMP. BDI'!$N$8 -> 0.2265
C6: Projeto: ENTRONCAMENTO DA MG-030 x BR-356 – VIADUTO FERRADURA | G6: SUDECAP | H6: =BASE!E28882 -> 45839 | I6: ='ENCARGOS SOCIAIS COM ADIC. NOT.'!F49 -> 1.42779
C7: Responsável Técnico: SINVAL LADEIRA | G7: SICRO 3 | H7: =BASE!E124 -> 45839 | I7: MENSALISTA: | J7: BDI MATERIAL E EQUIP. (%)
C8: Nº CREA: 28498/D | G8: COPASA | H8: =BASE!E33710 -> 45931 | I8: ='ENCARGOS SOCIAIS COM ADIC. NOT.'!G49 -> 0.92305
C9: DATA: | D9: =TODAY() -> 46092 | G9: TIPO DE TABELA: | H9: ONERADO | J9: ='COMP. BDI'!N17 -> 0.156
C11: RESUMO
C12: ITEM | F12: DESCRIÇÃO DOS SERVIÇOS | G12: Preço (R$) Total | J12: PESO (%)
G13: Sem BDI | I13: Com BDI
C15: 1 | F15: =VLOOKUP($C15,'MEMÓRIA DE CÁLCULO'!$B:$M,4,0) -> CANTEIRO DE OBRA | G15: =VLOOKUP(C15,'PLANILHA ORÇAMENTÁRIA'!C:M,8,0) -> 2235950.3 | I15: =VLOOKUP(C15,'PLANILHA ORÇAMENTÁRIA'!C:M,10,0) -> 2742382.5 | J15: =I15/$I$33 -> 0.058340606
C16: 2 | F16: =VLOOKUP($C16,'MEMÓRIA DE CÁLCULO'!$B:$M,4,0) -> DEMOLIÇÕES E REMOÇÕES | G16: =VLOOKUP(C16,'PLANILHA ORÇAMENTÁRIA'!C:M,8,0) -> 66702.21 | I16: =VLOOKUP(C16,'PLANILHA ORÇAMENTÁRIA'!C:M,10,0) -> 81844.89 | J16: =I16/$I$33 -> 0.0017411432
C17: 3 | F17: =VLOOKUP($C17,'MEMÓRIA DE CÁLCULO'!$B:$M,4,0) -> TERRAPLENAGEM | G17: =VLOOKUP(C17,'PLANILHA ORÇAMENTÁRIA'!C:M,8,0) -> 858994.8 | I17: =VLOOKUP(C17,'PLANILHA ORÇAMENTÁRIA'!C:M,10,0) -> 1054710.5 | J17: =I17/$I$33 -> 0.022437589
C18: 4 | F18: =VLOOKUP($C18,'MEMÓRIA DE CÁLCULO'!$B:$M,4,0) -> CONTENÇÕES | G18: =VLOOKUP(C18,'PLANILHA ORÇAMENTÁRIA'!C:M,8,0) -> 2455317.6 | I18: =VLOOKUP(C18,'PLANILHA ORÇAMENTÁRIA'!C:M,10,0) -> 3011973 | J18: =I18/$I$33 -> 0.064075791
C19: 5 | F19: =VLOOKUP($C19,'MEMÓRIA DE CÁLCULO'!$B:$M,4,0) -> ESTRUTURAL DO VIADUTO | G19: =VLOOKUP(C19,'PLANILHA ORÇAMENTÁRIA'!C:M,8,0) -> 18205977 | I19: =VLOOKUP(C19,'PLANILHA ORÇAMENTÁRIA'!C:M,10,0) -> 22329475 | J19: =I19/$I$33 -> 0.47503042
C20: 6 | F20: =VLOOKUP($C20,'MEMÓRIA DE CÁLCULO'!$B:$M,4,0) -> PAVIMENTAÇÃO | G20: =VLOOKUP(C20,'PLANILHA ORÇAMENTÁRIA'!C:M,8,0) -> 1280111.9 | I20: =VLOOKUP(C20,'PLANILHA ORÇAMENTÁRIA'!C:M,10,0) -> 1569815.7 | J20: =I20/$I$33 -> 0.033395778
C21: 7 | F21: =VLOOKUP($C21,'MEMÓRIA DE CÁLCULO'!$B:$M,4,0) -> DRENAGEM PROFUNDA E SUPERFICIAL | G21: =VLOOKUP(C21,'PLANILHA ORÇAMENTÁRIA'!C:M,8,0) -> 962079.04 | I21: =VLOOKUP(C21,'PLANILHA ORÇAMENTÁRIA'!C:M,10,0) -> 1179990.8 | J21: =I21/$I$33 -> 0.025102762
C22: 8 | F22: =VLOOKUP($C22,'MEMÓRIA DE CÁLCULO'!$B:$M,4,0) -> SINALIZAÇÃO VIÁRIA | G22: =VLOOKUP(C22,'PLANILHA ORÇAMENTÁRIA'!C:M,8,0) -> 832695.92 | I22: =VLOOKUP(C22,'PLANILHA ORÇAMENTÁRIA'!C:M,10,0) -> 1021319.9 | J22: =I22/$I$33 -> 0.021727247
C23: 9 | F23: =VLOOKUP($C23,'MEMÓRIA DE CÁLCULO'!$B:$M,4,0) -> SERVIÇOS TÉCNICOS E DE APOIO | G23: =VLOOKUP(C23,'PLANILHA ORÇAMENTÁRIA'!C:M,8,0) -> 455546.52 | I23: =VLOOKUP(C23,'PLANILHA ORÇAMENTÁRIA'!C:M,10,0) -> 558711.96 | J23: =I23/$I$33 -> 0.011885867
C24: 10 | F24: =VLOOKUP($C24,'MEMÓRIA DE CÁLCULO'!$B:$M,4,0) -> SINALIZAÇÃO DE TRÂNSITO | G24: =VLOOKUP(C24,'PLANILHA ORÇAMENTÁRIA'!C:M,8,0) -> 746701.44 | I24: =VLOOKUP(C24,'PLANILHA ORÇAMENTÁRIA'!C:M,10,0) -> 915829.2 | J24: =I24/$I$33 -> 0.01948307
C25: 11 | F25: =VLOOKUP($C25,'MEMÓRIA DE CÁLCULO'!$B:$M,4,0) -> PLATAFORMA TELESCÓPICA COM ALTURA DE TRABALHO DE 34M | G25: =VLOOKUP(C25,'PLANILHA ORÇAMENTÁRIA'!C:M,8,0) -> 1315468.8 | I25: =VLOOKUP(C25,'PLANILHA ORÇAMENTÁRIA'!C:M,10,0) -> 1613422.6 | J25: =I25/$I$33 -> 0.034323458
C26: 12 | F26: =VLOOKUP($C26,'MEMÓRIA DE CÁLCULO'!$B:$M,4,0) -> GERADOR DE ENERGIA | G26: =VLOOKUP(C26,'PLANILHA ORÇAMENTÁRIA'!C:M,8,0) -> 277555.2 | I26: =VLOOKUP(C26,'PLANILHA ORÇAMENTÁRIA'!C:M,10,0) -> 340421.28 | J26: =I26/$I$33 -> 0.0072420182
... C32: 18 | F32: =VLOOKUP($C32,'MEMÓRIA DE CÁLCULO'!$B:$M,4,0) -> ADMINISTRAÇÃO LOCAL | G32: =VLOOKUP(C32,'PLANILHA ORÇAMENTÁRIA'!C:M,8,0) -> 4437882.8 | I32: =VLOOKUP(C32,'PLANILHA ORÇAMENTÁRIA'!C:M,10,0) -> 5443063 | J32: =I32/$I$33 -> 0.11579406
F33: TOTAL | G33: =SUBTOTAL(9,G15:G32) -> 38324592 | I33: =SUBTOTAL(9,I15:I32) -> 47006411 | J33: =SUBTOTAL(9,J15:J32) -> 1
I34: =I33-'PLANILHA ORÇAMENTÁRIA'!L377 -> 0

Sheet PLANILHA ORÇAMENTÁRIA
C2: =C10 -> PLANILHA ORÇAMENTÁRIA
C3: INFORMAÇÕES GERAIS | I3: Planilha Referência de Preço | K3: Data Base | L3: ENCARGOS SOCIAIS | M3: BDI SERVIÇOS (%)
I4: =RESUMO!G4 -> SINAPI-MG | K4: =RESUMO!H4 -> 45901
C5: Município: PREFEITURA MUNICIPAL DE NOVA LIMA - MG | I5: =RESUMO!G5 -> SEINFRA-MG | K5: =RESUMO!H5 -> 45839 | L5: HORISTA: | M5: ='COMP. BDI'!$N$8 -> 0.2265
C6: Projeto: ENTRONCAMENTO DA MG-030 x BR-356 – VIADUTO FERRADURA | I6: =RESUMO!G6 -> SUDECAP | K6: =RESUMO!H6 -> 45839 | L6: ='ENCARGOS SOCIAIS COM ADIC. NOT.'!F49 -> 1.42779
C7: Responsável Técnico: SINVAL LADEIRA | I7: =RESUMO!G7 -> SICRO 3 | K7: =RESUMO!H7 -> 45839 | L7: MENSALISTA: | M7: BDI MATERIAL E EQUIP. (%)
C8: Nº CREA: 28498/D | I8: =RESUMO!G8 -> COPASA | K8: =RESUMO!H8 -> 45931 | L8: ='ENCARGOS SOCIAIS COM ADIC. NOT.'!G49 -> 0.92305
C9: DATA: | D9: =RESUMO!D9 -> 46092 | I9: TIPO DE TABELA: | K9: ONERADO | M9: ='COMP. BDI'!N17 -> 0.156
C10: PLANILHA ORÇAMENTÁRIA
C12: ITEM | D12: CÓDIGO | E12: ÓRGÃO | F12: DESCRIÇÃO DOS SERVIÇOS | G12: UNIDADE | H12: QUANTID. | I12: Preço (R$) | K12: Preço (R$) | M12: BDI / MULTIPLICADOR
I13: Sem BDI | K13: Com BDI
I14: Unitário | J14: Total | K14: Unitário | L14: Total | P14: PREÇO TOTAL BASE ANTIGA
B15: =D15 | C15: 1 | F15: =VLOOKUP($C15,'MEMÓRIA DE CÁLCULO'!$B:$M,4,0) -> CANTEIRO DE OBRA | J15: =SUBTOTAL(9,J16:J80) -> 2235950.3 | L15: =SUBTOTAL(9,L16:L80) -> 2742382.5 | N15: =L15/$L$377 -> 0.058340606 | P15: 2825627.5
A16: 1 | B16: =D16 | C16: =$C$15&"."&A16 -> 1.1 | F16: =VLOOKUP($C16,'MEMÓRIA DE CÁLCULO'!$B:$M,4,0) -> INSTALAÇÃO DA OBRA | J16: =SUBTOTAL(9,J17) -> 15222 | L16: =SUBTOTAL(9,L17) -> 18669.9 | N16: =L16/$L$377 -> 0.00039717774 | P16: 18883.2
A17: 1 | B17: =D17 -> 01.01.21 | C17: =$C$16&"."&A17 -> 1.1.1 | D17: 01.01.21 | E17: =IF(LEFT(D17,3)="CPU",VLOOKUP(B17,BASE!A:E,2,0),VLOOKUP(D17,BASE!A:E,2,0)) -> SUDECAP | F17: =IF(LEFT(D17,3)="CPU",VLOOKUP(B17,BASE!A:E,3,0),VLOOKUP(D17,BASE!A:E,3,0)) -> ESCRITÓRIO DA CONTRATADA - ATÉ 22M2 | G17: =IF(LEFT(D17,3)="CPU",VLOOKUP(B17,BASE!A:E,4,0),VLOOKUP(D17,BASE!A:E,4,0)) -> M2 | H17: =VLOOKUP($C17,'MEMÓRIA DE CÁLCULO'!$B:$M,12,0) -> 30 | I17: =IF(LEFT(D17,3)="CPU",VLOOKUP(B17,BASE!A:E,5,0),VLOOKUP(D17,BASE!A:E,5,0)) -> 507.4 | J17: =IFERROR(ROUND($H17*I17,2),"") -> 15222 | K17: =ROUND(I17*(1+$M$5),2) -> 622.33 | L17: =IFERROR(ROUND($H17*K17,2),"") -> 18669.9 | M17: =$M$5 -> 0.2265 | N17: =L17/$L$377 -> 0.00039717774 | P17: 18883.2
A18: 2 | B18: =D18 | C18: =$C$15&"."&A18 -> 1.2 | F18: =VLOOKUP($C18,'MEMÓRIA DE CÁLCULO'!$B:$M,4,0) -> BARRACAO DE OBRA | J18: =SUBTOTAL(9,J19:J20) -> 58176.74 | L18: =SUBTOTAL(9,L19:L20) -> 71353.32 | N18: =L18/$L$377 -> 0.0015179487 | P18: 75049.98
A19: 1 | B19: =D19 -> 01.02.10 | C19: =$C$18&"."&A19 -> 1.2.1 | D19: 01.02.10 | E19: =IF(LEFT(D19,3)="CPU",VLOOKUP(B19,BASE!A:E,2,0),VLOOKUP(D19,BASE!A:E,2,0)) -> SUDECAP | F19: =IF(LEFT(D19,3)="CPU",VLOOKUP(B19,BASE!A:E,3,0),VLOOKUP(D19,BASE!A:E,3,0)) -> ÁREA COBERTA EM TELHA DE FIBROCIMENTO | G19: =IF(LEFT(D19,3)="CPU",VLOOKUP(B19,BASE!A:E,4,0),VLOOKUP(D19,BASE!A:E,4,0)) -> M2 | H19: =VLOOKUP($C19,'MEMÓRIA DE CÁLCULO'!$B:$M,12,0) -> 240 | I19: =IF(LEFT(D19,3)="CPU",VLOOKUP(B19,BASE!A:E,5,0),VLOOKUP(D19,BASE!A:E,5,0)) -> 118.11 | J19: =IFERROR(ROUND($H19*I19,2),"") -> 28346.4 | K19: =ROUND(I19*(1+$M$5),2) -> 144.86 | L19: =IFERROR(ROUND($H19*K19,2),"") -> 34766.4 | M19: =$M$5 -> 0.2265 | N19: =L19/$L$377 -> 0.00073960976 | P19: 38325.6
A20: 2 | B20: =D20 -> ED-50129 | C20: =$C$18&"."&A20 -> 1.2.2 | D20: ED-50129 | E20: =IF(LEFT(D20,3)="CPU",VLOOKUP(B20,BASE!A:E,2,0),VLOOKUP(D20,BASE!A:E,2,0)) -> SEINFRA-MG | F20: =IF(LEFT(D20,3)="CPU",VLOOKUP(B20,BASE!A:E,3,0),VLOOKUP(D20,BASE!A:E,3,0)) -> BARRACÃO DE OBRA PARA DEPÓSITO E FERRAMENTARIA TIPO-II, ÁREA INTERNA 25,41M2, EM CHAPA DE COMPENSADO RESINADO, INCLUSIVE MOBILIÁRIO (OBRA DE MÉDIO PORTE, EFETIVO DE 30 A 60 HOMENS), PADRÃO DER-MG | G20: =IF(LEFT(D20,3)="CPU",VLOOKUP(B20,BASE!A:E,4,0),VLOOKUP(D20,BASE!A:E,4,0)) -> UN | H20: =VLOOKUP($C20,'MEMÓRIA DE CÁLCULO'!$B:$M,12,0) -> 2 | I20: =IF(LEFT(D20,3)="CPU",VLOOKUP(B20,BASE!A:E,5,0),VLOOKUP(D20,BASE!A:E,5,0)) -> 14915.17 | J20: =IFERROR(ROUND($H20*I20,2),"") -> 29830.34 | K20: =ROUND(I20*(1+$M$5),2) -> 18293.46 | L20: =IFERROR(ROUND($H20*K20,2),"") -> 36586.92 | M20: =$M$5 -> 0.2265 | N20: =L20/$L$377 -> 0.00077833894 | P20: 36724.38
A21: 3 | B21: =D21 | C21: =$C$15&"."&A21 -> 1.3 | F21: =VLOOKUP($C21,'MEMÓRIA DE CÁLCULO'!$B:$M,4,0) -> PLACA DE OBRA | J21: =SUBTOTAL(9,J22) -> 10280.4 | L21: =SUBTOTAL(9,L22) -> 12608.8 | N21: =L21/$L$377 -> 0.00026823575 | P21: 12604.8
A22: 1 | B22: =D22 -> ED-16660 | C22: =$C$21&"."&A22 -> 1.3.1 | D22: ED-16660 | E22: =IF(LEFT(D22,3)="CPU",VLOOKUP(B22,BASE!A:E,2,0),VLOOKUP(D22,BASE!A:E,2,0)) -> SEINFRA-MG | F22: =IF(LEFT(D22,3)="CPU",VLOOKUP(B22,BASE!A:E,3,0),VLOOKUP(D22,BASE!A:E,3,0)) -> FORNECIMENTO E COLOCAÇÃO DE PLACA DE OBRA EM CHAPA GALVANIZADA #26, ESP. 0,45 MM, PLOTADA COM ADESIVO VINÍLICO, AFIXADA COM REBITES 4,8X40 MM, EM ESTRUTURA METÁLICA DE METALON 20X20 MM, ESP. 1,25 MM, INCLUSIVE SUPORTE EM EUCALIPTO AUTOCLAVADO PINTADO COM TINTA PVA DUAS (2) DEMÃOS | G22: =IF(LEFT(D22,3)="CPU",VLOOKUP(B22,BASE!A:E,4,0),VLOOKUP(D22,BASE!A:E,4,0)) -> M2 | H22: =VLOOKUP($C22,'MEMÓRIA DE CÁLCULO'!$B:$M,12,0) -> 40 | I22: =IF(LEFT(D22,3)="CPU",VLOOKUP(B22,BASE!A:E,5,0),VLOOKUP(D22,BASE!A:E,5,0)) -> 257.01 | J22: =IFERROR(ROUND($H22*I22,2),"") -> 10280.4 | K22: =ROUND(I22*(1+$M$5),2) -> 315.22 | L22: =IFERROR(ROUND($H22*K22,2),"") -> 12608.8 | M22: =$M$5 -> 0.2265 | N22: =L22/$L$377 -> 0.00026823575 | P22: 12604.8
A23: 4 | B23: =D23 | C23: =$C$15&"."&A23 -> 1.4 | F23: =VLOOKUP($C23,'MEMÓRIA DE CÁLCULO'!$B:$M,4,0) -> TAPUME | J23: =SUBTOTAL(9,J24:J28) -> 143244.5 | L23: =SUBTOTAL(9,L24:L28) -> 175691.5 | N23: =L23/$L$377 -> 0.0037376072 | P23: 175470.5
A24: 1 | B24: =D24 -> 01.04.01 | C24: =$C$23&"."&A24 -> 1.4.1 | D24: 01.04.01 | E24: =IF(LEFT(D24,3)="CPU",VLOOKUP(B24,BASE!A:E,2,0),VLOOKUP(D24,BASE!A:E,2,0)) -> SUDECAP | F24: =IF(LEFT(D24,3)="CPU",VLOOKUP(B24,BASE!A:E,3,0),VLOOKUP(D24,BASE!A:E,3,0)) -> TAPUME PADRÃO SUDECAP, DE COMPENSADO 10MM, COM FIXAÇÃO ENTERRADA | G24: =IF(LEFT(D24,3)="CPU",VLOOKUP(B24,BASE!A:E,4,0),VLOOKUP(D24,BASE!A:E,4,0)) -> M | H24: =VLOOKUP($C24,'MEMÓRIA DE CÁLCULO'!$B:$M,12,0) -> 500 | I24: =IF(LEFT(D24,3)="CPU",VLOOKUP(B24,BASE!A:E,5,0),VLOOKUP(D24,BASE!A:E,5,0)) -> 110.06 | J24: =IFERROR(ROUND($H24*I24,2),"") -> 55030 | K24: =ROUND(I24*(1+$M$5),2) -> 134.99 | L24: =IFERROR(ROUND($H24*K24,2),"") -> 67495 | M24: =$M$5 -> 0.2265 | N24: =L24/$L$377 -> 0.001435868 | P24: 67325
A25: 2 | B25: =D25 -> 01.04.09 | C25: =$C$23&"."&A25 -> 1.4.2 | D25: 01.04.09 | E25: =IF(LEFT(D25,3)="CPU",VLOOKUP(B25,BASE!A:E,2,0),VLOOKUP(D25,BASE!A:E,2,0)) -> SUDECAP | F25: =IF(LEFT(D25,3)="CPU",VLOOKUP(B25,BASE!A:E,3,0),VLOOKUP(D25,BASE!A:E,3,0)) -> TELA - TAPUME DE POLIPROPILENO H=1,20 M, INCLUSIVE BASE | G25: =IF(LEFT(D25,3)="CPU",VLOOKUP(B25,BASE!A:E,4,0),VLOOKUP(D25,BASE!A:E,4,0)) -> M | H25: =VLOOKUP($C25,'MEMÓRIA DE CÁLCULO'!$B:$M,12,0) -> 950 | I25: =IF(LEFT(D25,3)="CPU",VLOOKUP(B25,BASE!A:E,5,0),VLOOKUP(D25,BASE!A:E,5,0)) -> 12.48 | J25: =IFERROR(ROUND($H25*I25,2),"") -> 11856 | K25: =ROUND(I25*(1+$M$5),2) -> 15.31 | L25: =IFERROR(ROUND($H25*K25,2),"") -> 14544.5 | M25: =$M$5 -> 0.2265 | N25: =L25/$L$377 -> 0.00030941524 | P25: 13737
A26: 3 | B26: =D26 -> 01.04.10 | C26: =$C$23&"."&A26 -> 1.4.3 | D26: 01.04.10 | E26: =IF(LEFT(D26,3)="CPU",VLOOKUP(B26,BASE!A:E,2,0),VLOOKUP(D26,BASE!A:E,2,0)) -> SUDECAP | F26: =IF(LEFT(D26,3)="CPU",VLOOKUP(B26,BASE!A:E,3,0),VLOOKUP(D26,BASE!A:E,3,0)) -> PROTEÇAO COM FITA ZEBRADA AMARELA L=7CM E PEÇA 7X7 | G26: =IF(LEFT(D26,3)="CPU",VLOOKUP(B26,BASE!A:E,4,0),VLOOKUP(D26,BASE!A:E,4,0)) -> M | H26: =VLOOKUP($C26,'MEMÓRIA DE CÁLCULO'!$B:$M,12,0) -> 1000 | I26: =IF(LEFT(D26,3)="CPU",VLOOKUP(B26,BASE!A:E,5,0),VLOOKUP(D26,BASE!A:E,5,0)) -> 9.81 | J26: =IFERROR(ROUND($H26*I26,2),"") -> 9810 | K26: =ROUND(I26*(1+$M$5),2) -> 12.03 | L26: =IFERROR(ROUND($H26*K26,2),"") -> 12030 | M26: =$M$5 -> 0.2265 | N26: =L26/$L$377 -> 0.00025592254 | P26: 12660
A27: 4 | B27: =D27 -> 01.04.19 | C27: =$C$23&"."&A27 -> 1.4.4 | D27: 01.04.19 | E27: =IF(LEFT(D27,3)="CPU",VLOOKUP(B27,BASE!A:E,2,0),VLOOKUP(D27,BASE!A:E,2,0)) -> SUDECAP | F27: =IF(LEFT(D27,3)="CPU",VLOOKUP(B27,BASE!A:E,3,0),VLOOKUP(D27,BASE!A:E,3,0)) -> TAPUME METÁLICO COM TELA E BASE ENTERRADA (M) | G27: =IF(LEFT(D27,3)="CPU",VLOOKUP(B27,BASE!A:E,4,0),VLOOKUP(D27,BASE!A:E,4,0)) -> M | H27: =VLOOKUP($C27,'MEMÓRIA DE CÁLCULO'!$B:$M,12,0) -> 550 | I27: =IF(LEFT(D27,3)="CPU",VLOOKUP(B27,BASE!A:E,5,0),VLOOKUP(D27,BASE!A:E,5,0)) -> 114.78 | J27: =IFERROR(ROUND($H27*I27,2),"") -> 63129 | K27: =ROUND(I27*(1+$M$5),2) -> 140.78 | L27: =IFERROR(ROUND($H27*K27,2),"") -> 77429 | M27: =$M$5 -> 0.2265 | N27: =L27/$L$377 -> 0.0016472009 | P27: 77555.5
A28: 5 | B28: =D28 -> 01.04.20 | C28: =$C$23&"."&A28 -> 1.4.5 | D28: 01.04.20 | E28: =IF(LEFT(D28,3)="CPU",VLOOKUP(B28,BASE!A:E,2,0),VLOOKUP(D28,BASE!A:E,2,0)) -> SUDECAP | F28: =IF(LEFT(D28,3)="CPU",VLOOKUP(B28,BASE!A:E,3,0),VLOOKUP(D28,BASE!A:E,3,0)) -> REMANEJAMENTO DE TAPUME | G28: =IF(LEFT(D28,3)="CPU",VLOOKUP(B28,BASE!A:E,4,0),VLOOKUP(D28,BASE!A:E,4,0)) -> M | H28: =VLOOKUP($C28,'MEMÓRIA DE CÁLCULO'!$B:$M,12,0) -> 350 | I28: =IF(LEFT(D28,3)="CPU",VLOOKUP(B28,BASE!A:E,5,0),VLOOKUP(D28,BASE!A:E,5,0)) -> 9.77 | J28: =IFERROR(ROUND($H28*I28,2),"") -> 3419.5 | K28: =ROUND(I28*(1+$M$5),2) -> 11.98 | L28: =IFERROR(ROUND($H28*K28,2),"") -> 4193 | M28: =$M$5 -> 0.2265 | N28: =L28/$L$377 -> 8.9200599e-05 | P28: 4193
A29: 5 | B29: =D29 | C29: =$C$15&"."&A29 -> 1.5 | F29: =VLOOKUP($C29,'MEMÓRIA DE CÁLCULO'!$B:$M,4,0) -> INSTALAÇÃO PROVISÓRIA- CONCESSIONÁRIA | J29: =SUBTOTAL(9,J30:J31) -> 2207.48 | L29: =SUBTOTAL(9,L30:L31) -> 2707.48 | N29: =L29/$L$377 -> 5.7598101e-05 | P29: 2799.48
A30: 1 | B30: =D30 -> 01.06.01 | C30: =$C$29&"."&A30 -> 1.5.1 | D30: 01.06.01 | E30: =IF(LEFT(D30,3)="CPU",VLOOKUP(B30,BASE!A:E,2,0),VLOOKUP(D30,BASE!A:E,2,0)) -> SUDECAP | F30: =IF(LEFT(D30,3)="CPU",VLOOKUP(B30,BASE!A:E,3,0),VLOOKUP(D30,BASE!A:E,3,0)) -> PADRÃO CEMIG PROVISÓRIO TIPO C3, DEMANDA PROVÁVEL DE 23,1 ATÉ 27,0KW (3F+N) | G30: =IF(LEFT(D30,3)="CPU",VLOOKUP(B30,BASE!A:E,4,0),VLOOKUP(D30,BASE!A:E,4,0)) -> UN | H30: =VLOOKUP($C30,'MEMÓRIA DE CÁLCULO'!$B:$M,12,0) -> 2 | I30: =IF(LEFT(D30,3)="CPU",VLOOKUP(B30,BASE!A:E,5,0),VLOOKUP(D30,BASE!A:E,5,0)) -> 702.2 | J30: =IFERROR(ROUND($H30*I30,2),"") -> 1404.4 | K30: =ROUND(I30*(1+$M$5),2) -> 861.25 | L30: =IFERROR(ROUND($H30*K30,2),"") -> 1722.5 | M30: =$M$5 -> 0.2265 | N30: =L30/$L$377 -> 3.6643938e-05 | P30: 1743.12
A31: 2 | B31: =D31 -> 01.06.05 | C31: =$C$29&"."&A31 -> 1.5.2 | D31: 01.06.05 | E31: =IF(LEFT(D31,3)="CPU",VLOOKUP(B31,BASE!A:E,2,0),VLOOKUP(D31,BASE!A:E,2,0)) -> SUDECAP | F31: =IF(LEFT(D31,3)="CPU",VLOOKUP(B31,BASE!A:E,3,0),VLOOKUP(D31,BASE!A:E,3,0)) -> PADRÃO COPASA - KIT CAVALETE METAL E REGISTRO 3/4" | G31: =IF(LEFT(D31,3)="CPU",VLOOKUP(B31,BASE!A:E,4,0),VLOOKUP(D31,BASE!A:E,4,0)) -> UN | H31: =VLOOKUP($C31,'MEMÓRIA DE CÁLCULO'!$B:$M,12,0) -> 2 | I31: =IF(LEFT(D31,3)="CPU",VLOOKUP(B31,BASE!A:E,5,0),VLOOKUP(D31,BASE!A:E,5,0)) -> 401.54 | J31: =IFERROR(ROUND($H31*I31,2),"") -> 803.08 | K31: =ROUND(I31*(1+$M$5),2) -> 492.49 | L31: =IFERROR(ROUND($H31*K31,2),"") -> 984.98 | M31: =$M$5 -> 0.2265 | N31: =L31/$L$377 -> 2.0954163e-05 | P31: 1056.36
A32: 6 | B32: =D32 | C32: =$C$15&"."&A32 -> 1.6 | F32: =VLOOKUP($C32,'MEMÓRIA DE CÁLCULO'!$B:$M,4,0) -> REDE INTERNA E PROVISÓRIA DE ÁGUA E ESGOTO | J32: =SUBTOTAL(9,J33:J35) -> 21265.14 | L32: =SUBTOTAL(9,L33:L35) -> 26081.18 | N32: =L32/$L$377 -> 0.00055484305 | P32: 26135
A33: 1 | B33: =D33 -> 01.08.01 | C33: =$C$32&"."&A33 -> 1.6.1 | D33: 01.08.01 | E33: =IF(LEFT(D33,3)="CPU",VLOOKUP(B33,BASE!A:E,2,0),VLOOKUP(D33,BASE!A:E,2,0)) -> SUDECAP | F33: =IF(LEFT(D33,3)="CPU",VLOOKUP(B33,BASE!A:E,3,0),VLOOKUP(D33,BASE!A:E,3,0)) -> REDE INTERNA E PROVISÓRIA DE ÁGUA E ESGOTO TUBO PVC D= 100MM | G33: =IF(LEFT(D33,3)="CPU",VLOOKUP(B33,BASE!A:E,4,0),VLOOKUP(D33,BASE!A:E,4,0)) -> M | H33: =VLOOKUP($C33,'MEMÓRIA DE CÁLCULO'!$B:$M,12,0) -> 150 | I33: =IF(LEFT(D33,3)="CPU",VLOOKUP(B33,BASE!A:E,5,0),VLOOKUP(D33,BASE!A:E,5,0)) -> 20.41 | J33: =IFERROR(ROUND($H33*I33,2),"") -> 3061.5 | K33: =ROUND(I33*(1+$M$5),2) -> 25.03 | L33: =IFERROR(ROUND($H33*K33,2),"") -> 3754.5 | M33: =$M$5 -> 0.2265 | N33: =L33/$L$377 -> 7.9872085e-05 | P33: 3754.5
A34: 2 | B34: =D34 -> 01.08.02 | C34: =$C$32&"."&A34 -> 1.6.2 | D34: 01.08.02 | E34: =IF(LEFT(D34,3)="CPU",VLOOKUP(B34,BASE!A:E,2,0),VLOOKUP(D34,BASE!A:E,2,0)) -> SUDECAP | F34: =IF(LEFT(D34,3)="CPU",VLOOKUP(B34,BASE!A:E,3,0),VLOOKUP(D34,BASE!A:E,3,0)) -> REDE INTERNA E PROVISÓRIA DE ÁGUA E ESGOTO TUBO PVC D= 150MM | G34: =IF(LEFT(D34,3)="CPU",VLOOKUP(B34,BASE!A:E,4,0),VLOOKUP(D34,BASE!A:E,4,0)) -> M | H34: =VLOOKUP($C34,'MEMÓRIA DE CÁLCULO'!$B:$M,12,0) -> 150 | I34: =IF(LEFT(D34,3)="CPU",VLOOKUP(B34,BASE!A:E,5,0),VLOOKUP(D34,BASE!A:E,5,0)) -> 48.17 | J34: =IFERROR(ROUND($H34*I34,2),"") -> 7225.5 | K34: =ROUND(I34*(1+$M$5),2) -> 59.08 | L34: =IFERROR(ROUND($H34*K34,2),"") -> 8862 | M34: =$M$5 -> 0.2265 | N34: =L34/$L$377 -> 0.00018852748 | P34: 8862
A35: 3 | B35: =D35 -> 01.07.02 | C35: =$C$32&"."&A35 -> 1.6.3 | D35: 01.07.02 | E35: =IF(LEFT(D35,3)="CPU",VLOOKUP(B35,BASE!A:E,2,0),VLOOKUP(D35,BASE!A:E,2,0)) -> SUDECAP | F35: =IF(LEFT(D35,3)="CPU",VLOOKUP(B35,BASE!A:E,3,0),VLOOKUP(D35,BASE!A:E,3,0)) -> FOSSA SÉPTICA E SUMIDOURO DN= 1,20M H= 4,00M | G35: =IF(LEFT(D35,3)="CPU",VLOOKUP(B35,BASE!A:E,4,0),VLOOKUP(D35,BASE!A:E,4,0)) -> UN | H35: =VLOOKUP($C35,'MEMÓRIA DE CÁLCULO'!$B:$M,12,0) -> 2 | I35: =IF(LEFT(D35,3)="CPU",VLOOKUP(B35,BASE!A:E,5,0),VLOOKUP(D35,BASE!A:E,5,0)) -> 5489.07 | J35: =IFERROR(ROUND($H35*I35,2),"") -> 10978.14 | K35: =ROUND(I35*(1+$M$5),2) -> 6732.34 | L35: =IFERROR(ROUND($H35*K35,2),"") -> 13464.68 | M35: =$M$5 -> 0.2265 | N35: =L35/$L$377 -> 0.00028644348 | P35: 13518.5
A36: 7 | B36: =D36 | C36: =$C$15&"."&A36 -> 1.7 | F36: =VLOOKUP($C36,'MEMÓRIA DE CÁLCULO'!$B:$M,4,0) -> CONTAINER | J36: =SUBTOTAL(9,J37:J48) -> 381344.17 | L36: =SUBTOTAL(9,L37:L48) -> 467718.9 | N36: =L36/$L$377 -> 0.0099501088 | P36: 496342.27
A37: 1 | B37: =D37 -> 01.09.01 | C37: =$C$36&"."&A37 -> 1.7.1 | D37: 01.09.01 | E37: =IF(LEFT(D37,3)="CPU",VLOOKUP(B37,BASE!A:E,2,0),VLOOKUP(D37,BASE!A:E,2,0)) -> SUDECAP | F37: =IF(LEFT(D37,3)="CPU",VLOOKUP(B37,BASE!A:E,3,0),VLOOKUP(D37,BASE!A:E,3,0)) -> MOBILIZAÇÃO DE CONTAINER | G37: =IF(LEFT(D37,3)="CPU",VLOOKUP(B37,BASE!A:E,4,0),VLOOKUP(D37,BASE!A:E,4,0)) -> UN | H37: =VLOOKUP($C37,'MEMÓRIA DE CÁLCULO'!$B:$M,12,0) -> 8 | I37: =IF(LEFT(D37,3)="CPU",VLOOKUP(B37,BASE!A:E,5,0),VLOOKUP(D37,BASE!A:E,5,0)) -> 1400 | J37: =IFERROR(ROUND($H37*I37,2),"") -> 11200 | K37: =ROUND(I37*(1+$M$5),2) -> 1717.1 | L37: =IFERROR(ROUND($H37*K37,2),"") -> 13736.8 | M37: =$M$5 -> 0.2265 | N37: =L37/$L$377 -> 0.00029223248 | P37: 11774.4
A38: 2 | B38: =D38 -> 01.09.03 | C38: =$C$36&"."&A38 -> 1.7.2 | D38: 01.09.03 | E38: =IF(LEFT(D38,3)="CPU",VLOOKUP(B38,BASE!A:E,2,0),VLOOKUP(D38,BASE!A:E,2,0)) -> SUDECAP | F38: =IF(LEFT(D38,3)="CPU",VLOOKUP(B38,BASE!A:E,3,0),VLOOKUP(D38,BASE!A:E,3,0)) -> CONTAINER COM SANITÁRIO E AR CONDICIONADO PARA ESCRITÓRIO | G38: =IF(LEFT(D38,3)="CPU",VLOOKUP(B38,BASE!A:E,4,0),VLOOKUP(D38,BASE!A:E,4,0)) -> MES | H38: =VLOOKUP($C38,'MEMÓRIA DE CÁLCULO'!$B:$M,12,0) -> 48 | I38: =IF(LEFT(D38,3)="CPU",VLOOKUP(B38,BASE!A:E,5,0),VLOOKUP(D38,BASE!A:E,5,0)) -> 1750 | J38: =IFERROR(ROUND($H38*I38,2),"") -> 84000 | K38: =ROUND(I38*(1+$M$5),2) -> 2146.38 | L38: =IFERROR(ROUND($H38*K38,2),"") -> 103026.24 | M38: =$M$5 -> 0.2265 | N38: =L38/$L$377 -> 0.0021917487 | P38: 132462.24
A39: 3 | B39: =D39 -> 01.09.19 | C39: =$C$36&"."&A39 -> 1.7.3 | D39: 01.09.19 | E39: =IF(LEFT(D39,3)="CPU",VLOOKUP(B39,BASE!A:E,2,0),VLOOKUP(D39,BASE!A:E,2,0)) -> SUDECAP | F39: =IF(LEFT(D39,3)="CPU",VLOOKUP(B39,BASE!A:E,3,0),VLOOKUP(D39,BASE!A:E,3,0)) -> CONTAINER VESTIÁRIO TIPO II | G39: =IF(LEFT(D39,3)="CPU",VLOOKUP(B39,BASE!A:E,4,0),VLOOKUP(D39,BASE!A:E,4,0)) -> MES | H39: =VLOOKUP($C39,'MEMÓRIA DE CÁLCULO'!$B:$M,12,0) -> 72 | I39: =IF(LEFT(D39,3)="CPU",VLOOKUP(B39,BASE!A:E,5,0),VLOOKUP(D39,BASE!A:E,5,0)) -> 2400 | J39: =IFERROR(ROUND($H39*I39,2),"") -> 172800 | K39: =ROUND(I39*(1+$M$5),2) -> 2943.6 | L39: =IFERROR(ROUND($H39*K39,2),"") -> 211939.2 | M39: =$M$5 -> 0.2265 | N39: =L39/$L$377 -> 0.0045087297 | P39: 214588.8
A40: 4 | B40: =D40 -> 01.09.21 | C40: =$C$36&"."&A40 -> 1.7.4 | D40: 01.09.21 | E40: =IF(LEFT(D40,3)="CPU",VLOOKUP(B40,BASE!A:E,2,0),VLOOKUP(D40,BASE!A:E,2,0)) -> SUDECAP | F40: =IF(LEFT(D40,3)="CPU",VLOOKUP(B40,BASE!A:E,3,0),VLOOKUP(D40,BASE!A:E,3,0)) -> CONTAINER SIMPLES | G40: =IF(LEFT(D40,3)="CPU",VLOOKUP(B40,BASE!A:E,4,0),VLOOKUP(D40,BASE!A:E,4,0)) -> MES | H40: =VLOOKUP($C40,'MEMÓRIA DE CÁLCULO'!$B:$M,12,0) -> 72 | I40: =IF(LEFT(D40,3)="CPU",VLOOKUP(B40,BASE!A:E,5,0),VLOOKUP(D40,BASE!A:E,5,0)) -> 1000 | J40: =IFERROR(ROUND($H40*I40,2),"") -> 72000 | K40: =ROUND(I40*(1+$M$5),2) -> 1226.5 | L40: =IFERROR(ROUND($H40*K40,2),"") -> 88308 | M40: =$M$5 -> 0.2265 | N40: =L40/$L$377 -> 0.0018786374 | P40: 88308
A41: 5 | B41: =D41 -> 01.02.40 | C41: =$C$36&"."&A41 -> 1.7.5 | D41: 01.02.40 | E41: =IF(LEFT(D41,3)="CPU",VLOOKUP(B41,BASE!A:E,2,0),VLOOKUP(D41,BASE!A:E,2,0)) -> SUDECAP | F41: =IF(LEFT(D41,3)="CPU",VLOOKUP(B41,BASE!A:E,3,0),VLOOKUP(D41,BASE!A:E,3,0)) -> REFEITÓRIO - ATÉ 19M2 | G41: =IF(LEFT(D41,3)="CPU",VLOOKUP(B41,BASE!A:E,4,0),VLOOKUP(D41,BASE!A:E,4,0)) -> M2 | H41: =VLOOKUP($C41,'MEMÓRIA DE CÁLCULO'!$B:$M,12,0) -> 38 | I41: =IF(LEFT(D41,3)="CPU",VLOOKUP(B41,BASE!A:E,5,0),VLOOKUP(D41,BASE!A:E,5,0)) -> 459.51 | J41: =IFERROR(ROUND($H41*I41,2),"") -> 17461.38 | K41: =ROUND(I41*(1+$M$5),2) -> 563.59 | L41: =IFERROR(ROUND($H41*K41,2),"") -> 21416.42 | M41: =$M$5 -> 0.2265 | N41: =L41/$L$377 -> 0.00045560637 | P41: 21731.06
A42: 6 | B42: =D42 -> 01.09.11 | C42: =$C$36&"."&A42 -> 1.7.6 | D42: 01.09.11 | E42: =IF(LEFT(D42,3)="CPU",VLOOKUP(B42,BASE!A:E,2,0),VLOOKUP(D42,BASE!A:E,2,0)) -> SUDECAP | F42: =IF(LEFT(D42,3)="CPU",VLOOKUP(B42,BASE!A:E,3,0),VLOOKUP(D42,BASE!A:E,3,0)) -> DESMOBILIZAÇÃO DE CONTAINER | G42: =IF(LEFT(D42,3)="CPU",VLOOKUP(B42,BASE!A:E,4,0),VLOOKUP(D42,BASE!A:E,4,0)) -> UN | H42: =VLOOKUP($C42,'MEMÓRIA DE CÁLCULO'!$B:$M,12,0) -> 8 | I42: =IF(LEFT(D42,3)="CPU",VLOOKUP(B42,BASE!A:E,5,0),VLOOKUP(D42,BASE!A:E,5,0)) -> 1400 | J42: =IFERROR(ROUND($H42*I42,2),"") -> 11200 | K42: =ROUND(I42*(1+$M$5),2) -> 1717.1 | L42: =IFERROR(ROUND($H42*K42,2),"") -> 13736.8 | M42: =$M$5 -> 0.2265 | N42: =L42/$L$377 -> 0.00029223248 | P42: 11774.4
A43: 7 | B43: =D43 -> 01.09.12 | C43: =$C$36&"."&A43 -> 1.7.7 | D43: 01.09.12 | E43: =IF(LEFT(D43,3)="CPU",VLOOKUP(B43,BASE!A:E,2,0),VLOOKUP(D43,BASE!A:E,2,0)) -> SUDECAP | F43: =IF(LEFT(D43,3)="CPU",VLOOKUP(B43,BASE!A:E,3,0),VLOOKUP(D43,BASE!A:E,3,0)) -> INSTALAÇÕES DE MOBILIÁRIOS PARA CONTAINER TIPO ESCRITÓRIO COM SANITÁRIO | G43: =IF(LEFT(D43,3)="CPU",VLOOKUP(B43,BASE!A:E,4,0),VLOOKUP(D43,BASE!A:E,4,0)) -> UN | H43: =VLOOKUP($C43,'MEMÓRIA DE CÁLCULO'!$B:$M,12,0) -> 2 | I43: =IF(LEFT(D43,3)="CPU",VLOOKUP(B43,BASE!A:E,5,0),VLOOKUP(D43,BASE!A:E,5,0)) -> 517.03 | J43: =IFERROR(ROUND($H43*I43,2),"") -> 1034.06 | K43: =ROUND(I43*(1+$M$5),2) -> 634.14 | L43: =IFERROR(ROUND($H43*K43,2),"") -> 1268.28 | M43: =$M$5 -> 0.2265 | N43: =L43/$L$377 -> 2.6981001e-05 | P43: 1268.28
A44: 8 | B44: =D44 -> 01.09.25 | C44: =$C$36&"."&A44 -> 1.7.8 | D44: 01.09.25 | E44: =IF(LEFT(D44,3)="CPU",VLOOKUP(B44,BASE!A:E,2,0),VLOOKUP(D44,BASE!A:E,2,0)) -> SUDECAP | F44: =IF(LEFT(D44,3)="CPU",VLOOKUP(B44,BASE!A:E,3,0),VLOOKUP(D44,BASE!A:E,3,0)) -> INSTALAÇÕES DE MOBILIÁRIOS PARA CONTAINER VESTIÁRIO TIPO II | G44: =IF(LEFT(D44,3)="CPU",VLOOKUP(B44,BASE!A:E,4,0),VLOOKUP(D44,BASE!A:E,4,0)) -> UN | H44: =VLOOKUP($C44,'MEMÓRIA DE CÁLCULO'!$B:$M,12,0) -> 3 | I44: =IF(LEFT(D44,3)="CPU",VLOOKUP(B44,BASE!A:E,5,0),VLOOKUP(D44,BASE!A:E,5,0)) -> 234.6 | J44: =IFERROR(ROUND($H44*I44,2),"") -> 703.8 | K44: =ROUND(I44*(1+$M$5),2) -> 287.74 | L44: =IFERROR(ROUND($H44*K44,2),"") -> 863.22 | M44: =$M$5 -> 0.2265 | N44: =L44/$L$377 -> 1.8363878e-05 | P44: 848.91
A45: 9 | B45: =D45 -> 01.14.48 | C45: =$C$36&"."&A45 -> 1.7.9 | D45: 01.14.48 | E45: =IF(LEFT(D45,3)="CPU",VLOOKUP(B45,BASE!A:E,2,0),VLOOKUP(D45,BASE!A:E,2,0)) -> SUDECAP | F45: =IF(LEFT(D45,3)="CPU",VLOOKUP(B45,BASE!A:E,3,0),VLOOKUP(D45,BASE!A:E,3,0)) -> INSTALAÇÃO ELÉTRICA - REFEITÓRIO ATÉ 19M2 | G45: =IF(LEFT(D45,3)="CPU",VLOOKUP(B45,BASE!A:E,4,0),VLOOKUP(D45,BASE!A:E,4,0)) -> UN | H45: =VLOOKUP($C45,'MEMÓRIA DE CÁLCULO'!$B:$M,12,0) -> 2 | I45: =IF(LEFT(D45,3)="CPU",VLOOKUP(B45,BASE!A:E,5,0),VLOOKUP(D45,BASE!A:E,5,0)) -> 722.36 | J45: =IFERROR(ROUND($H45*I45,2),"") -> 1444.72 | K45: =ROUND(I45*(1+$M$5),2) -> 885.97 | L45: =IFERROR(ROUND($H45*K45,2),"") -> 1771.94 | M45: =$M$5 -> 0.2265 | N45: =L45/$L$377 -> 3.769571e-05 | P45: 1932.12
A46: 10 | B46: =D46 -> 01.14.57 | C46: =$C$36&"."&A46 -> 1.7.10 | D46: 01.14.57 | E46: =IF(LEFT(D46,3)="CPU",VLOOKUP(B46,BASE!A:E,2,0),VLOOKUP(D46,BASE!A:E,2,0)) -> SUDECAP | F46: =IF(LEFT(D46,3)="CPU",VLOOKUP(B46,BASE!A:E,3,0),VLOOKUP(D46,BASE!A:E,3,0)) -> INSTALAÇÃO HIDROSSANITÁRIA - SANITÁRIO ATÉ 22M2 | G46: =IF(LEFT(D46,3)="CPU",VLOOKUP(B46,BASE!A:E,4,0),VLOOKUP(D46,BASE!A:E,4,0)) -> UN | H46: =VLOOKUP($C46,'MEMÓRIA DE CÁLCULO'!$B:$M,12,0) -> 3 | I46: =IF(LEFT(D46,3)="CPU",VLOOKUP(B46,BASE!A:E,5,0),VLOOKUP(D46,BASE!A:E,5,0)) -> 1278.4 | J46: =IFERROR(ROUND($H46*I46,2),"") -> 3835.2 | K46: =ROUND(I46*(1+$M$5),2) -> 1567.96 | L46: =IFERROR(ROUND($H46*K46,2),"") -> 4703.88 | M46: =$M$5 -> 0.2265 | N46: =L46/$L$377 -> 0.0001000689 | P46: 4672.44
A47: 11 | B47: =D47 -> 01.09.15 | C47: =$C$36&"."&A47 -> 1.7.11 | D47: 01.09.15 | E47: =IF(LEFT(D47,3)="CPU",VLOOKUP(B47,BASE!A:E,2,0),VLOOKUP(D47,BASE!A:E,2,0)) -> SUDECAP | F47: =IF(LEFT(D47,3)="CPU",VLOOKUP(B47,BASE!A:E,3,0),VLOOKUP(D47,BASE!A:E,3,0)) -> INSTALAÇÕES DE MOBILIÁRIOS PARA CONTAINER TIPO DEPÓSITO E FERRAMENTARIA COM LAVATÓRIO | G47: =IF(LEFT(D47,3)="CPU",VLOOKUP(B47,BASE!A:E,4,0),VLOOKUP(D47,BASE!A:E,4,0)) -> UN | H47: =VLOOKUP($C47,'MEMÓRIA DE CÁLCULO'!$B:$M,12,0) -> 3 | I47: =IF(LEFT(D47,3)="CPU",VLOOKUP(B47,BASE!A:E,5,0),VLOOKUP(D47,BASE!A:E,5,0)) -> 1058.51 | J47: =IFERROR(ROUND($H47*I47,2),"") -> 3175.53 | K47: =ROUND(I47*(1+$M$5),2) -> 1298.26 | L47: =IFERROR(ROUND($H47*K47,2),"") -> 3894.78 | M47: =$M$5 -> 0.2265 | N47: =L47/$L$377 -> 8.2856358e-05 | P47: 3894.78
A48: 12 | B48: =D48 -> 01.14.34 | C48: =$C$36&"."&A48 -> 1.7.12 | D48: 01.14.34 | E48: =IF(LEFT(D48,3)="CPU",VLOOKUP(B48,BASE!A:E,2,0),VLOOKUP(D48,BASE!A:E,2,0)) -> SUDECAP | F48: =IF(LEFT(D48,3)="CPU",VLOOKUP(B48,BASE!A:E,3,0),VLOOKUP(D48,BASE!A:E,3,0)) -> TORRE PROVISÓRIA PARA CAIXA D'ÁGUA DE 1000L, H=4,00M | G48: =IF(LEFT(D48,3)="CPU",VLOOKUP(B48,BASE!A:E,4,0),VLOOKUP(D48,BASE!A:E,4,0)) -> UN | H48: =VLOOKUP($C48,'MEMÓRIA DE CÁLCULO'!$B:$M,12,0) -> 2 | I48: =IF(LEFT(D48,3)="CPU",VLOOKUP(B48,BASE!A:E,5,0),VLOOKUP(D48,BASE!A:E,5,0)) -> 1244.74 | J48: =IFERROR(ROUND($H48*I48,2),"") -> 2489.48 | K48: =ROUND(I48*(1+$M$5),2) -> 1526.67 | L48: =IFERROR(ROUND($H48*K48,2),"") -> 3053.34 | M48: =$M$5 -> 0.2265 | N48: =L48/$L$377 -> 6.4955821e-05 | P48: 3086.84
A49: 8 | B49: =D49 | C49: =$C$15&"."&A49 -> 1.8 | F49: =VLOOKUP($C49,'MEMÓRIA DE CÁLCULO'!$B:$M,4,0) -> BANHEIRO QUÍMICO | J49: =SUBTOTAL(9,J50) -> 84960 | L49: =SUBTOTAL(9,L50) -> 104203.44 | N49: =L49/$L$377 -> 0.0022167921 | P49: 86541.84
A50: 1 | B50: =D50 -> 01.10.01 | C50: =$C$49&"."&A50 -> 1.8.1 | D50: 01.10.01 | E50: =IF(LEFT(D50,3)="CPU",VLOOKUP(B50,BASE!A:E,2,0),VLOOKUP(D50,BASE!A:E,2,0)) -> SUDECAP | F50: =IF(LEFT(D50,3)="CPU",VLOOKUP(B50,BASE!A:E,3,0),VLOOKUP(D50,BASE!A:E,3,0)) -> BANHEIRO QUÍMICO 110 X 120 X 230CM COM MANUTENÇÃO | G50: =IF(LEFT(D50,3)="CPU",VLOOKUP(B50,BASE!A:E,4,0),VLOOKUP(D50,BASE!A:E,4,0)) -> MES | H50: =VLOOKUP($C50,'MEMÓRIA DE CÁLCULO'!$B:$M,12,0) -> 72 | I50: =IF(LEFT(D50,3)="CPU",VLOOKUP(B50,BASE!A:E,5,0),VLOOKUP(D50,BASE!A:E,5,0)) -> 1180 | J50: =IFERROR(ROUND($H50*I50,2),"") -> 84960 | K50: =ROUND(I50*(1+$M$5),2) -> 1447.27 | L50: =IFERROR(ROUND($H50*K50,2),"") -> 104203.44 | M50: =$M$5 -> 0.2265 | N50: =L50/$L$377 -> 0.0022167921 | P50: 86541.84
A51: 9 | B51: =D51 | C51: =$C$15&"."&A51 -> 1.9 | F51: =VLOOKUP($C51,'MEMÓRIA DE CÁLCULO'!$B:$M,4,0) -> SINALIZAÇÃO DE OBRA | J51: =SUBTOTAL(9,J52:J62) -> 68644.75 | L51: =SUBTOTAL(9,L52:L62) -> 84168.3 | N51: =L51/$L$377 -> 0.0017905707 | P51: 82881.1
A52: 1 | B52: =D52 -> 01.11.04 | C52: =$C$51&"."&A52 -> 1.9.1 | D52: 01.11.04 | E52: =IF(LEFT(D52,3)="CPU",VLOOKUP(B52,BASE!A:E,2,0),VLOOKUP(D52,BASE!A:E,2,0)) -> SUDECAP | F52: =IF(LEFT(D52,3)="CPU",VLOOKUP(B52,BASE!A:E,3,0),VLOOKUP(D52,BASE!A:E,3,0)) -> PLACA 0,50 X 0,50M CHAPA GALVANIZADA 22 CAVALETE METALON 20 X 20 | G52: =IF(LEFT(D52,3)="CPU",VLOOKUP(B52,BASE!A:E,4,0),VLOOKUP(D52,BASE!A:E,4,0)) -> UNMES | H52: =VLOOKUP($C52,'MEMÓRIA DE CÁLCULO'!$B:$M,12,0) -> 20 | I52: =IF(LEFT(D52,3)="CPU",VLOOKUP(B52,BASE!A:E,5,0),VLOOKUP(D52,BASE!A:E,5,0)) -> 15.65 | J52: =IFERROR(ROUND($H52*I52,2),"") -> 313 | K52: =ROUND(I52*(1+$M$5),2) -> 19.19 | L52: =IFERROR(ROUND($H52*K52,2),"") -> 383.8 | M52: =$M$5 -> 0.2265 | N52: =L52/$L$377 -> 8.1648438e-06 | P52: 383.8
A53: 2 | B53: =D53 -> 01.11.08 | C53: =$C$51&"."&A53 -> 1.9.2 | D53: 01.11.08 | E53: =IF(LEFT(D53,3)="CPU",VLOOKUP(B53,BASE!A:E,2,0),VLOOKUP(D53,BASE!A:E,2,0)) -> SUDECAP | F53: =IF(LEFT(D53,3)="CPU",VLOOKUP(B53,BASE!A:E,3,0),VLOOKUP(D53,BASE!A:E,3,0)) -> SINALIZADOR MONOLIGHT LED 60 A 70 FLASHES/MINUTO | G53: =IF(LEFT(D53,3)="CPU",VLOOKUP(B53,BASE!A:E,4,0),VLOOKUP(D53,BASE!A:E,4,0)) -> UN | H53: =VLOOKUP($C53,'MEMÓRIA DE CÁLCULO'!$B:$M,12,0) -> 100 | I53: =IF(LEFT(D53,3)="CPU",VLOOKUP(B53,BASE!A:E,5,0),VLOOKUP(D53,BASE!A:E,5,0)) -> 77.16 | J53: =IFERROR(ROUND($H53*I53,2),"") -> 7716 | K53: =ROUND(I53*(1+$M$5),2) -> 94.64 | L53: =IFERROR(ROUND($H53*K53,2),"") -> 9464 | M53: =$M$5 -> 0.2265 | N53: =L53/$L$377 -> 0.00020133424 | P53: 9464
A54: 3 | B54: =D54 -> 65000008 | C54: =$C$51&"."&A54 -> 1.9.3 | D54: 65000008 | E54: =IF(LEFT(D54,3)="CPU",VLOOKUP(B54,BASE!A:E,2,0),VLOOKUP(D54,BASE!A:E,2,0)) -> COPASA | F54: =IF(LEFT(D54,3)="CPU",VLOOKUP(B54,BASE!A:E,3,0),VLOOKUP(D54,BASE!A:E,3,0)) -> SINALIZACAO - PLACA DE DISTANCIA DE OBRAS CONFORME PADRAO COPASA P.066 - FORNECIMENTO E MOVIMENTACAO | G54: =IF(LEFT(D54,3)="CPU",VLOOKUP(B54,BASE!A:E,4,0),VLOOKUP(D54,BASE!A:E,4,0)) -> UN | H54: =VLOOKUP($C54,'MEMÓRIA DE CÁLCULO'!$B:$M,12,0) -> 80 | I54: =IF(LEFT(D54,3)="CPU",VLOOKUP(B54,BASE!A:E,5,0),VLOOKUP(D54,BASE!A:E,5,0)) -> 6.53 | J54: =IFERROR(ROUND($H54*I54,2),"") -> 522.4 | K54: =ROUND(I54*(1+$M$5),2) -> 8.01 | L54: =IFERROR(ROUND($H54*K54,2),"") -> 640.8 | M54: =$M$5 -> 0.2265 | N54: =L54/$L$377 -> 1.3632183e-05 | P54: 642.4
A55: 4 | B55: =D55 -> 65000010 | C55: =$C$51&"."&A55 -> 1.9.4 | D55: 65000010 | E55: =IF(LEFT(D55,3)="CPU",VLOOKUP(B55,BASE!A:E,2,0),VLOOKUP(D55,BASE!A:E,2,0)) -> COPASA | F55: =IF(LEFT(D55,3)="CPU",VLOOKUP(B55,BASE!A:E,3,0),VLOOKUP(D55,BASE!A:E,3,0)) -> SINALIZACAO - CONE CONFORME PADRAO COPASA P.065 FORNECIMENTO E MOVIMENTACAO | G55: =IF(LEFT(D55,3)="CPU",VLOOKUP(B55,BASE!A:E,4,0),VLOOKUP(D55,BASE!A:E,4,0)) -> UN | H55: =VLOOKUP($C55,'MEMÓRIA DE CÁLCULO'!$B:$M,12,0) -> 80 | I55: =IF(LEFT(D55,3)="CPU",VLOOKUP(B55,BASE!A:E,5,0),VLOOKUP(D55,BASE!A:E,5,0)) -> 1.27 | J55: =IFERROR(ROUND($H55*I55,2),"") -> 101.6 | K55: =ROUND(I55*(1+$M$5),2) -> 1.56 | L55: =IFERROR(ROUND($H55*K55,2),"") -> 124.8 | M55: =$M$5 -> 0.2265 | N55: =L55/$L$377 -> 2.654957e-06 | P55: 122.4
A56: 5 | B56: =D56 -> 65000012 | C56: =$C$51&"."&A56 -> 1.9.5 | D56: 65000012 | E56: =IF(LEFT(D56,3)="CPU",VLOOKUP(B56,BASE!A:E,2,0),VLOOKUP(D56,BASE!A:E,2,0)) -> COPASA | F56: =IF(LEFT(D56,3)="CPU",VLOOKUP(B56,BASE!A:E,3,0),VLOOKUP(D56,BASE!A:E,3,0)) -> SINALIZACAO NOTURNA - FORNECIMENTO E INSTALACAO | G56: =IF(LEFT(D56,3)="CPU",VLOOKUP(B56,BASE!A:E,4,0),VLOOKUP(D56,BASE!A:E,4,0)) -> UN | H56: =VLOOKUP($C56,'MEMÓRIA DE CÁLCULO'!$B:$M,12,0) -> 200 | I56: =IF(LEFT(D56,3)="CPU",VLOOKUP(B56,BASE!A:E,5,0),VLOOKUP(D56,BASE!A:E,5,0)) -> 2.88 | J56: =IFERROR(ROUND($H56*I56,2),"") -> 576 | K56: =ROUND(I56*(1+$M$5),2) -> 3.53 | L56: =IFERROR(ROUND($H56*K56,2),"") -> 706 | M56: =$M$5 -> 0.2265 | N56: =L56/$L$377 -> 1.5019228e-05 | P56: 672
A57: 6 | B57: =D57 -> 65000014 | C57: =$C$51&"."&A57 -> 1.9.6 | D57: 65000014 | E57: =IF(LEFT(D57,3)="CPU",VLOOKUP(B57,BASE!A:E,2,0),VLOOKUP(D57,BASE!A:E,2,0)) -> COPASA | F57: =IF(LEFT(D57,3)="CPU",VLOOKUP(B57,BASE!A:E,3,0),VLOOKUP(D57,BASE!A:E,3,0)) -> TRAVESSIA PARA VEICULOS EM CHAPA DE ACO FORNECIMENTO E POSICIONAMENTO | G57: =IF(LEFT(D57,3)="CPU",VLOOKUP(B57,BASE!A:E,4,0),VLOOKUP(D57,BASE!A:E,4,0)) -> M2 | H57: =VLOOKUP($C57,'MEMÓRIA DE CÁLCULO'!$B:$M,12,0) -> 30 | I57: =IF(LEFT(D57,3)="CPU",VLOOKUP(B57,BASE!A:E,5,0),VLOOKUP(D57,BASE!A:E,5,0)) -> 13.54 | J57: =IFERROR(ROUND($H57*I57,2),"") -> 406.2 | K57: =ROUND(I57*(1+$M$5),2) -> 16.61 | L57: =IFERROR(ROUND($H57*K57,2),"") -> 498.3 | M57: =$M$5 -> 0.2265 | N57: =L57/$L$377 -> 1.0600682e-05 | P57: 506.4
A58: 7 | B58: =D58 -> 65000015 | C58: =$C$51&"."&A58 -> 1.9.7 | D58: 65000015 | E58: =IF(LEFT(D58,3)="CPU",VLOOKUP(B58,BASE!A:E,2,0),VLOOKUP(D58,BASE!A:E,2,0)) -> COPASA | F58: =IF(LEFT(D58,3)="CPU",VLOOKUP(B58,BASE!A:E,3,0),VLOOKUP(D58,BASE!A:E,3,0)) -> TRAVESSIA PARA PEDESTRES EM MADEIRA INCLUSIVE GUARDA-CORPO FORNECIMENTO E POSICIONAMENTO | G58: =IF(LEFT(D58,3)="CPU",VLOOKUP(B58,BASE!A:E,4,0),VLOOKUP(D58,BASE!A:E,4,0)) -> M2 | H58: =VLOOKUP($C58,'MEMÓRIA DE CÁLCULO'!$B:$M,12,0) -> 7.5 | I58: =IF(LEFT(D58,3)="CPU",VLOOKUP(B58,BASE!A:E,5,0),VLOOKUP(D58,BASE!A:E,5,0)) -> 4.66 | J58: =IFERROR(ROUND($H58*I58,2),"") -> 34.95 | K58: =ROUND(I58*(1+$M$5),2) -> 5.72 | L58: =IFERROR(ROUND($H58*K58,2),"") -> 42.9 | M58: =$M$5 -> 0.2265 | N58: =L58/$L$377 -> 9.1264148e-07 | P58: 42.9
A59: 8 | B59: =D59 -> 5212560 | C59: =$C$51&"."&A59 -> 1.9.8 | D59: 5212560 | E59: =IF(LEFT(D59,3)="CPU",VLOOKUP(B59,BASE!A:E,2,0),VLOOKUP(D59,BASE!A:E,2,0)) -> SICRO 3 | F59: =IF(LEFT(D59,3)="CPU",VLOOKUP(B59,BASE!A:E,3,0),VLOOKUP(D59,BASE!A:E,3,0)) -> PLACA DE ADVERTÊNCIA PARA SINALIZAÇÃO DE OBRAS MONTADA EM SUPORTE METÁLICO MÓVEL, LADO 1,00 M - UTILIZAÇÃO DE 600 CICLOS - FORNECIMENTO, 01 IMPLANTAÇÃO E 01 RETIRADA DIÁRIA | G59: =IF(LEFT(D59,3)="CPU",VLOOKUP(B59,BASE!A:E,4,0),VLOOKUP(D59,BASE!A:E,4,0)) -> UN.DIA | H59: =VLOOKUP($C59,'MEMÓRIA DE CÁLCULO'!$B:$M,12,0) -> 900 | I59: =IF(LEFT(D59,3)="CPU",VLOOKUP(B59,BASE!A:E,5,0),VLOOKUP(D59,BASE!A:E,5,0)) -> 3.99 | J59: =IFERROR(ROUND($H59*I59,2),"") -> 3591 | K59: =ROUND(I59*(1+$M$5),2) -> 4.89 | L59: =IFERROR(ROUND($H59*K59,2),"") -> 4401 | M59: =$M$5 -> 0.2265 | N59: =L59/$L$377 -> 9.3625528e-05 | P59: 4293
A60: 9 | B60: =D60 -> 5213835 | C60: =$C$51&"."&A60 -> 1.9.9 | D60: 5213835 | E60: =IF(LEFT(D60,3)="CPU",VLOOKUP(B60,BASE!A:E,2,0),VLOOKUP(D60,BASE!A:E,2,0)) -> SICRO 3 | F60: =IF(LEFT(D60,3)="CPU",VLOOKUP(B60,BASE!A:E,3,0),VLOOKUP(D60,BASE!A:E,3,0)) -> CONE PLÁSTICO PARA CANALIZAÇÃO DE TRÂNSITO - UTILIZAÇÃO DE 150 CICLOS - FORNECIMENTO, 01 IMPLANTAÇÃO E 01 RETIRADA DIÁRIA | G60: =IF(LEFT(D60,3)="CPU",VLOOKUP(B60,BASE!A:E,4,0),VLOOKUP(D60,BASE!A:E,4,0)) -> UN.DIA | H60: =VLOOKUP($C60,'MEMÓRIA DE CÁLCULO'!$B:$M,12,0) -> 18000 | I60: =IF(LEFT(D60,3)="CPU",VLOOKUP(B60,BASE!A:E,5,0),VLOOKUP(D60,BASE!A:E,5,0)) -> 0.8 | J60: =IFERROR(ROUND($H60*I60,2),"") -> 14400 | K60: =ROUND(I60*(1+$M$5),2) -> 0.98 | L60: =IFERROR(ROUND($H60*K60,2),"") -> 17640 | M60: =$M$5 -> 0.2265 | N60: =L60/$L$377 -> 0.00037526796 | P60: 17460
A61: 10 | B61: =D61 -> 01.04.09 | C61: =$C$51&"."&A61 -> 1.9.10 | D61: 01.04.09 | E61: =IF(LEFT(D61,3)="CPU",VLOOKUP(B61,BASE!A:E,2,0),VLOOKUP(D61,BASE!A:E,2,0)) -> SUDECAP | F61: =IF(LEFT(D61,3)="CPU",VLOOKUP(B61,BASE!A:E,3,0),VLOOKUP(D61,BASE!A:E,3,0)) -> TELA - TAPUME DE POLIPROPILENO H=1,20 M, INCLUSIVE BASE | G61: =IF(LEFT(D61,3)="CPU",VLOOKUP(B61,BASE!A:E,4,0),VLOOKUP(D61,BASE!A:E,4,0)) -> M | H61: =VLOOKUP($C61,'MEMÓRIA DE CÁLCULO'!$B:$M,12,0) -> 350 | I61: =IF(LEFT(D61,3)="CPU",VLOOKUP(B61,BASE!A:E,5,0),VLOOKUP(D61,BASE!A:E,5,0)) -> 12.48 | J61: =IFERROR(ROUND($H61*I61,2),"") -> 4368 | K61: =ROUND(I61*(1+$M$5),2) -> 15.31 | L61: =IFERROR(ROUND($H61*K61,2),"") -> 5358.5 | M61: =$M$5 -> 0.2265 | N61: =L61/$L$377 -> 0.00011399509 | P61: 5061
A62: 11 | B62: =D62 -> 3719529 | C62: =$C$51&"."&A62 -> 1.9.11 | D62: 3719529 | E62: =IF(LEFT(D62,3)="CPU",VLOOKUP(B62,BASE!A:E,2,0),VLOOKUP(D62,BASE!A:E,2,0)) -> SICRO 3 | F62: =IF(LEFT(D62,3)="CPU",VLOOKUP(B62,BASE!A:E,3,0),VLOOKUP(D62,BASE!A:E,3,0)) -> BARREIRA SIMPLES DE CONCRETO, ARMADA, PRÉ-MOLDADA (PERFIL NEW JERSEY) - L > 3,00 M E H = 810 MM | G62: =IF(LEFT(D62,3)="CPU",VLOOKUP(B62,BASE!A:E,4,0),VLOOKUP(D62,BASE!A:E,4,0)) -> M | H62: =VLOOKUP($C62,'MEMÓRIA DE CÁLCULO'!$B:$M,12,0) -> 180 | I62: =IF(LEFT(D62,3)="CPU",VLOOKUP(B62,BASE!A:E,5,0),VLOOKUP(D62,BASE!A:E,5,0)) -> 203.42 | J62: =IFERROR(ROUND($H62*I62,2),"") -> 36615.6 | K62: =ROUND(I62*(1+$M$5),2) -> 249.49 | L62: =IFERROR(ROUND($H62*K62,2),"") -> 44908.2 | M62: =$M$5 -> 0.2265 | N62: =L62/$L$377 -> 0.00095536331 | P62: 44233.2
A63: 10 | B63: =D63 | C63: =$C$15&"."&A63 -> 1.10 | F63: =VLOOKUP($C63,'MEMÓRIA DE CÁLCULO'!$B:$M,4,0) -> ANDAIME E PLATAFORMAS DE TRABALHO | J63: =SUBTOTAL(9,J64:J69) -> 1135231.5 | L63: =SUBTOTAL(9,L64:L69) -> 1392374 | N63: =L63/$L$377 -> 0.029620939 | P63: 1393794
A64: 1 | B64: =D64 -> 01.29.06 | C64: =$C$63&"."&A64 -> 1.10.1 | D64: 01.29.06 | E64: =IF(LEFT(D64,3)="CPU",VLOOKUP(B64,BASE!A:E,2,0),VLOOKUP(D64,BASE!A:E,2,0)) -> SUDECAP | F64: =IF(LEFT(D64,3)="CPU",VLOOKUP(B64,BASE!A:E,3,0),VLOOKUP(D64,BASE!A:E,3,0)) -> ANDAIME METÁLICO TIPO FACHADEIRO, INCLUINDO SAPATAS AJUSTÁVEIS, PISO METÁLICO E ESCADA | G64: =IF(LEFT(D64,3)="CPU",VLOOKUP(B64,BASE!A:E,4,0),VLOOKUP(D64,BASE!A:E,4,0)) -> M2MES | H64: =VLOOKUP($C64,'MEMÓRIA DE CÁLCULO'!$B:$M,12,0) -> 2800 | I64: =IF(LEFT(D64,3)="CPU",VLOOKUP(B64,BASE!A:E,5,0),VLOOKUP(D64,BASE!A:E,5,0)) -> 16.5 | J64: =IFERROR(ROUND($H64*I64,2),"") -> 46200 | K64: =ROUND(I64*(1+$M$5),2) -> 20.24 | L64: =IFERROR(ROUND($H64*K64,2),"") -> 56672 | M64: =$M$5 -> 0.2265 | N64: =L64/$L$377 -> 0.0012056228 | P64: 56672
A65: 2 | B65: =D65 -> 01.29.03 | C65: =$C$63&"."&A65 -> 1.10.2 | D65: 01.29.03 | E65: =IF(LEFT(D65,3)="CPU",VLOOKUP(B65,BASE!A:E,2,0),VLOOKUP(D65,BASE!A:E,2,0)) -> SUDECAP | F65: =IF(LEFT(D65,3)="CPU",VLOOKUP(B65,BASE!A:E,3,0),VLOOKUP(D65,BASE!A:E,3,0)) -> MONTAGEM DE ANDAIME FACHADEIRO ADP REF 97063 | G65: =IF(LEFT(D65,3)="CPU",VLOOKUP(B65,BASE!A:E,4,0),VLOOKUP(D65,BASE!A:E,4,0)) -> M2 | H65: =VLOOKUP($C65,'MEMÓRIA DE CÁLCULO'!$B:$M,12,0) -> 300 | I65: =IF(LEFT(D65,3)="CPU",VLOOKUP(B65,BASE!A:E,5,0),VLOOKUP(D65,BASE!A:E,5,0)) -> 8.25 | J65: =IFERROR(ROUND($H65*I65,2),"") -> 2475 | K65: =ROUND(I65*(1+$M$5),2) -> 10.12 | L65: =IFERROR(ROUND($H65*K65,2),"") -> 3036 | M65: =$M$5 -> 0.2265 | N65: =L65/$L$377 -> 6.4586935e-05 | P65: 3036
A66: 3 | B66: =D66 -> 01.29.04 | C66: =$C$63&"."&A66 -> 1.10.3 | D66: 01.29.04 | E66: =IF(LEFT(D66,3)="CPU",VLOOKUP(B66,BASE!A:E,2,0),VLOOKUP(D66,BASE!A:E,2,0)) -> SUDECAP | F66: =IF(LEFT(D66,3)="CPU",VLOOKUP(B66,BASE!A:E,3,0),VLOOKUP(D66,BASE!A:E,3,0)) -> DESMONTAGEM DE ANDAIME FACHADEIRO ADP REF 97063 | G66: =IF(LEFT(D66,3)="CPU",VLOOKUP(B66,BASE!A:E,4,0),VLOOKUP(D66,BASE!A:E,4,0)) -> M2 | H66: =VLOOKUP($C66,'MEMÓRIA DE CÁLCULO'!$B:$M,12,0) -> 300 | I66: =IF(LEFT(D66,3)="CPU",VLOOKUP(B66,BASE!A:E,5,0),VLOOKUP(D66,BASE!A:E,5,0)) -> 8.25 | J66: =IFERROR(ROUND($H66*I66,2),"") -> 2475 | K66: =ROUND(I66*(1+$M$5),2) -> 10.12 | L66: =IFERROR(ROUND($H66*K66,2),"") -> 3036 | M66: =$M$5 -> 0.2265 | N66: =L66/$L$377 -> 6.4586935e-05 | P66: 3036
A67: 4 | B67: =D67 -> 3816197 | C67: =$C$63&"."&A67 -> 1.10.4 | D67: 3816197 | E67: =IF(LEFT(D67,3)="CPU",VLOOKUP(B67,BASE!A:E,2,0),VLOOKUP(D67,BASE!A:E,2,0)) -> SICRO 3 | F67: =IF(LEFT(D67,3)="CPU",VLOOKUP(B67,BASE!A:E,3,0),VLOOKUP(D67,BASE!A:E,3,0)) -> PLATAFORMA DE TRABALHO EM MADEIRA APOIADA NO SOLO - ALTURA DE ATÉ 6 M - UTILIZAÇÃO DE 5 VEZES - CONFECÇÃO, INSTALAÇÃO E RETIRADA | G67: =IF(LEFT(D67,3)="CPU",VLOOKUP(B67,BASE!A:E,4,0),VLOOKUP(D67,BASE!A:E,4,0)) -> M³ | H67: =VLOOKUP($C67,'MEMÓRIA DE CÁLCULO'!$B:$M,12,0) -> 450 | I67: =IF(LEFT(D67,3)="CPU",VLOOKUP(B67,BASE!A:E,5,0),VLOOKUP(D67,BASE!A:E,5,0)) -> 54.27 | J67: =IFERROR(ROUND($H67*I67,2),"") -> 24421.5 | K67: =ROUND(I67*(1+$M$5),2) -> 66.56 | L67: =IFERROR(ROUND($H67*K67,2),"") -> 29952 | M67: =$M$5 -> 0.2265 | N67: =L67/$L$377 -> 0.00063718969 | P67: 29988
A68: 5 | B68: =D68 -> ED-48249 | C68: =$C$63&"."&A68 -> 1.10.5 | D68: ED-48249 | E68: =IF(LEFT(D68,3)="CPU",VLOOKUP(B68,BASE!A:E,2,0),VLOOKUP(D68,BASE!A:E,2,0)) -> SEINFRA-MG | F68: =IF(LEFT(D68,3)="CPU",VLOOKUP(B68,BASE!A:E,3,0),VLOOKUP(D68,BASE!A:E,3,0)) -> TELA DE PROTEÇÃO, TIPO FACHADEIRA, INSTALADA EM ANDAIME METÁLICO PARA FACHADA, EXCLUSIVE ANDAIME METÁLICO, INCLUSIVE ACESSÓRIOS DE FIXAÇÃO | G68: =IF(LEFT(D68,3)="CPU",VLOOKUP(B68,BASE!A:E,4,0),VLOOKUP(D68,BASE!A:E,4,0)) -> M2 | H68: =VLOOKUP($C68,'MEMÓRIA DE CÁLCULO'!$B:$M,12,0) -> 2800 | I68: =IF(LEFT(D68,3)="CPU",VLOOKUP(B68,BASE!A:E,5,0),VLOOKUP(D68,BASE!A:E,5,0)) -> 8.73 | J68: =IFERROR(ROUND($H68*I68,2),"") -> 24444 | K68: =ROUND(I68*(1+$M$5),2) -> 10.71 | L68: =IFERROR(ROUND($H68*K68,2),"") -> 29988 | M68: =$M$5 -> 0.2265 | N68: =L68/$L$377 -> 0.00063795554 | P68: 29848
A69: 6 | B69: =D69 -> CPU-028 | C69: =$C$63&"."&A69 -> 1.10.6 | D69: CPU-028 | E69: =IF(LEFT(D69,3)="CPU",VLOOKUP(B69,BASE!A:E,2,0),VLOOKUP(D69,BASE!A:E,2,0)) -> EXTRA | F69: =IF(LEFT(D69,3)="CPU",VLOOKUP(B69,BASE!A:E,3,0),VLOOKUP(D69,BASE!A:E,3,0)) -> LOCAÇÃO, MONTAGEM, IÇAMENTO, DESMONTAGEM DE PASSARELAS C = 36,00 M L = 1,50 M + C = 18,00 M L = 1,50, COM 4 TORRES DE 8,00 M DE ALTURA, COM ESCADAS E RAMPAS PARA ACESSO A PASSARELA | G69: =IF(LEFT(D69,3)="CPU",VLOOKUP(B69,BASE!A:E,4,0),VLOOKUP(D69,BASE!A:E,4,0)) -> DIA | H69: =VLOOKUP($C69,'MEMÓRIA DE CÁLCULO'!$B:$M,12,0) -> 600 | I69: =IF(LEFT(D69,3)="CPU",VLOOKUP(B69,BASE!A:E,5,0),VLOOKUP(D69,BASE!A:E,5,0)) -> 1725.36 | J69: =IFERROR(ROUND($H69*I69,2),"") -> 1035216 | K69: =ROUND(I69*(1+$M$5),2) -> 2116.15 | L69: =IFERROR(ROUND($H69*K69,2),"") -> 1269690 | M69: =$M$5 -> 0.2265 | N69: =L69/$L$377 -> 0.027010997 | P69: 1271214
A70: 11 | B70: =D70 | C70: =$C$15&"."&A70 -> 1.11 | F70: =VLOOKUP($C70,'MEMÓRIA DE CÁLCULO'!$B:$M,4,0) -> EQUIPAMENTOS | J70: =SUBTOTAL(9,J71:J80) -> 315373.58 | L70: =SUBTOTAL(9,L71:L80) -> 386805.68 | N70: =L70/$L$377 -> 0.0082287857 | P70: 455125.35
A71: 1 | B71: =D71 -> ED-29817 | C71: =$C$70&"."&A71 -> 1.11.1 | D71: ED-29817 | E71: =IF(LEFT(D71,3)="CPU",VLOOKUP(B71,BASE!A:E,2,0),VLOOKUP(D71,BASE!A:E,2,0)) -> SEINFRA-MG | F71: =IF(LEFT(D71,3)="CPU",VLOOKUP(B71,BASE!A:E,3,0),VLOOKUP(D71,BASE!A:E,3,0)) -> MOBILIZAÇÃO E DESMOBILIZAÇÃO DE EQUIPAMENTO PARA ESTACA TIPO TRADO ROTATIVO (CUSTO FIXO), INCLUSIVE CARGA E DESCARGA, EXCLUSIVE TRANSPORTE EM QUILÔMETRO RODADO (CUSTO VARIÁVEL) | G71: =IF(LEFT(D71,3)="CPU",VLOOKUP(B71,BASE!A:E,4,0),VLOOKUP(D71,BASE!A:E,4,0)) -> UN | H71: =VLOOKUP($C71,'MEMÓRIA DE CÁLCULO'!$B:$M,12,0) -> 1 | I71: =IF(LEFT(D71,3)="CPU",VLOOKUP(B71,BASE!A:E,5,0),VLOOKUP(D71,BASE!A:E,5,0)) -> 3531.92 | J71: =IFERROR(ROUND($H71*I71,2),"") -> 3531.92 | K71: =ROUND(I71*(1+$M$5),2) -> 4331.9 | L71: =IFERROR(ROUND($H71*K71,2),"") -> 4331.9 | M71: =$M$5 -> 0.2265 | N71: =L71/$L$377 -> 9.2155516e-05 | P71: 4291.65
A72: 2 | B72: =D72 -> ED-29818 | C72: =$C$70&"."&A72 -> 1.11.2 | D72: ED-29818 | E72: =IF(LEFT(D72,3)="CPU",VLOOKUP(B72,BASE!A:E,2,0),VLOOKUP(D72,BASE!A:E,2,0)) -> SEINFRA-MG | F72: =IF(LEFT(D72,3)="CPU",VLOOKUP(B72,BASE!A:E,3,0),VLOOKUP(D72,BASE!A:E,3,0)) -> MOBILIZAÇÃO E DESMOBILIZAÇÃO DE EQUIPAMENTO PARA ESTACA TIPO TRADO ROTATIVO (CUSTO VARIÁVEL), EXCLUSIVE CUSTO FIXO DE TRANSPORTE | G72: =IF(LEFT(D72,3)="CPU",VLOOKUP(B72,BASE!A:E,4,0),VLOOKUP(D72,BASE!A:E,4,0)) -> KM | H72: =VLOOKUP($C72,'MEMÓRIA DE CÁLCULO'!$B:$M,12,0) -> 10 | I72: =IF(LEFT(D72,3)="CPU",VLOOKUP(B72,BASE!A:E,5,0),VLOOKUP(D72,BASE!A:E,5,0)) -> 20.03 | J72: =IFERROR(ROUND($H72*I72,2),"") -> 200.3 | K72: =ROUND(I72*(1+$M$5),2) -> 24.57 | L72: =IFERROR(ROUND($H72*K72,2),"") -> 245.7 | M72: =$M$5 -> 0.2265 | N72: =L72/$L$377 -> 5.2269466e-06 | P72: 243.2
A73: 3 | B73: =D73 -> 3806417 | C73: =$C$70&"."&A73 -> 1.11.3 | D73: 3806417 | E73: =IF(LEFT(D73,3)="CPU",VLOOKUP(B73,BASE!A:E,2,0),VLOOKUP(D73,BASE!A:E,2,0)) -> SICRO 3 | F73: =IF(LEFT(D73,3)="CPU",VLOOKUP(B73,BASE!A:E,3,0),VLOOKUP(D73,BASE!A:E,3,0)) -> ELEVAÇÃO DE ESTRUTURAS DE 496 A 929 KN PARA SUBSTITUIÇÃO DE APARELHO DE APOIO COM A UTILIZAÇÃO DE MACACO HIDRÁULICO | G73: =IF(LEFT(D73,3)="CPU",VLOOKUP(B73,BASE!A:E,4,0),VLOOKUP(D73,BASE!A:E,4,0)) -> UN | H73: =VLOOKUP($C73,'MEMÓRIA DE CÁLCULO'!$B:$M,12,0) -> 8 | I73: =IF(LEFT(D73,3)="CPU",VLOOKUP(B73,BASE!A:E,5,0),VLOOKUP(D73,BASE!A:E,5,0)) -> 93.74 | J73: =IFERROR(ROUND($H73*I73,2),"") -> 749.92 | K73: =ROUND(I73*(1+$M$5),2) -> 114.97 | L73: =IFERROR(ROUND($H73*K73,2),"") -> 919.76 | M73: =$M$5 -> 0.2265 | N73: =L73/$L$377 -> 1.9566693e-05 | P73: 910.48
A74: 4 | B74: =D74 -> 3806421 | C74: =$C$70&"."&A74 -> 1.11.4 | D74: 3806421 | E74: CPU-027 | F74: =IF(LEFT(D74,3)="CPU",VLOOKUP(B74,BASE!A:E,3,0),VLOOKUP(D74,BASE!A:E,3,0)) -> LANÇAMENTO DE VIGA PRÉ-MOLDADA DE 500 A 750 KN COM UTILIZAÇÃO DE GUINDASTE | G74: =IF(LEFT(D74,3)="CPU",VLOOKUP(B74,BASE!A:E,4,0),VLOOKUP(D74,BASE!A:E,4,0)) -> UN | H74: =VLOOKUP($C74,'MEMÓRIA DE CÁLCULO'!$B:$M,12,0) -> 18 | I74: =IF(LEFT(D74,3)="CPU",VLOOKUP(B74,BASE!A:E,5,0),VLOOKUP(D74,BASE!A:E,5,0)) -> 4651.86 | J74: =ROUND($H74*I74,2) -> 83733.48 | K74: =ROUND(I74*(1+$M$5),2) -> 5705.51 | L74: =IFERROR(ROUND($H74*K74,2),"") -> 102699.18 | M74: =$M$5 -> 0.2265 | N74: =L74/$L$377 -> 0.0021847909 | O74: =IF(D74=95427,#REF!/H74,"") | P74: 129441.78
A75: 5 | B75: =D75 -> 102826 | C75: =$C$70&"."&A75 -> 1.11.5 | D75: 102826 | E75: =IF(LEFT(D75,3)="CPU",VLOOKUP(B75,BASE!A:E,2,0),VLOOKUP(D75,BASE!A:E,2,0)) -> SINAPI | F75: =IF(LEFT(D75,3)="CPU",VLOOKUP(B75,BASE!A:E,3,0),VLOOKUP(D75,BASE!A:E,3,0)) -> CONJUNTO MACACO E BOMBA HIDRÁULICA PARA PROTENSAO DE CORDOALHAS, ESFORÇO MAXIMO DE 115 TONELADAS - MATERIAIS NA OPERAÇÃO. AF_05/2023 | G75: =IF(LEFT(D75,3)="CPU",VLOOKUP(B75,BASE!A:E,4,0),VLOOKUP(D75,BASE!A:E,4,0)) -> H | H75: =VLOOKUP($C75,'MEMÓRIA DE CÁLCULO'!$B:$M,12,0) -> 288 | I75: =IF(LEFT(D75,3)="CPU",VLOOKUP(B75,BASE!A:E,5,0),VLOOKUP(D75,BASE!A:E,5,0)) -> 7.46 | J75: =IFERROR(ROUND($H75*I75,2),"") -> 2148.48 | K75: =ROUND(I75*(1+$M$5),2) -> 9.15 | L75: =IFERROR(ROUND($H75*K75,2),"") -> 2635.2 | M75: =$M$5 -> 0.2265 | N75: =L75/$L$377 -> 5.6060439e-05 | P75: 2522.88
A76: 6 | B76: =D76 -> ED-29120 | C76: =$C$70&"."&A76 -> 1.11.6 | D76: ED-29120 | E76: =IF(LEFT(D76,3)="CPU",VLOOKUP(B76,BASE!A:E,2,0),VLOOKUP(D76,BASE!A:E,2,0)) -> SEINFRA-MG | F76: =IF(LEFT(D76,3)="CPU",VLOOKUP(B76,BASE!A:E,3,0),VLOOKUP(D76,BASE!A:E,3,0)) -> FURO EM CONCRETO, PARA ELEMENTO ESTRUTURAL DE VIGA, COM DIÂMETRO MAIORES QUE 82MM (3.1/4") E MENORES QUE 110MM(4.1/4"), EXCLUSIVE FORNECIMENTO DE ANDAIME OU PLATAFORMA | G76: =IF(LEFT(D76,3)="CPU",VLOOKUP(B76,BASE!A:E,4,0),VLOOKUP(D76,BASE!A:E,4,0)) -> M | H76: =VLOOKUP($C76,'MEMÓRIA DE CÁLCULO'!$B:$M,12,0) -> 10.8 | I76: =IF(LEFT(D76,3)="CPU",VLOOKUP(B76,BASE!A:E,5,0),VLOOKUP(D76,BASE!A:E,5,0)) -> 233 | J76: =IFERROR(ROUND($H76*I76,2),"") -> 2516.4 | K76: =ROUND(I76*(1+$M$5),2) -> 285.77 | L76: =IFERROR(ROUND($H76*K76,2),"") -> 3086.32 | M76: =$M$5 -> 0.2265 | N76: =L76/$L$377 -> 6.5657428e-05 | P76: 3059.86
A77: 7 | B77: =D77 -> 903804 | C77: =$C$70&"."&A77 -> 1.11.7 | D77: 903804 | E77: =IF(LEFT(D77,3)="CPU",VLOOKUP(B77,BASE!A:E,2,0),VLOOKUP(D77,BASE!A:E,2,0)) -> SICRO 3 | F77: =IF(LEFT(D77,3)="CPU",VLOOKUP(B77,BASE!A:E,3,0),VLOOKUP(D77,BASE!A:E,3,0)) -> INSTALAÇÃO DA CENTRAL DE CONCRETO COM CAPACIDADE DE 30 M³/H | G77: =IF(LEFT(D77,3)="CPU",VLOOKUP(B77,BASE!A:E,4,0),VLOOKUP(D77,BASE!A:E,4,0)) -> UN | H77: =VLOOKUP($C77,'MEMÓRIA DE CÁLCULO'!$B:$M,12,0) -> 1 | I77: =IF(LEFT(D77,3)="CPU",VLOOKUP(B77,BASE!A:E,5,0),VLOOKUP(D77,BASE!A:E,5,0)) -> 75065.04 | J77: =IFERROR(ROUND($H77*I77,2),"") -> 75065.04 | K77: =ROUND(I77*(1+$M$5),2) -> 92067.27 | L77: =IFERROR(ROUND($H77*K77,2),"") -> 92067.27 | M77: =$M$5 -> 0.2265 | N77: =L77/$L$377 -> 0.0019586109 | P77: 86980.8
A78: 8 | B78: =D78 -> 3806420 | C78: =$C$70&"."&A78 -> 1.11.8 | D78: 3806420 | E78: =IF(LEFT(D78,3)="CPU",VLOOKUP(B78,BASE!A:E,2,0),VLOOKUP(D78,BASE!A:E,2,0)) -> SICRO 3 | F78: =IF(LEFT(D78,3)="CPU",VLOOKUP(B78,BASE!A:E,3,0),VLOOKUP(D78,BASE!A:E,3,0)) -> LANÇAMENTO DE VIGA PRÉ-MOLDADA DE ATÉ 500 KN COM UTILIZAÇÃO DE GUINDASTE | G78: =IF(LEFT(D78,3)="CPU",VLOOKUP(B78,BASE!A:E,4,0),VLOOKUP(D78,BASE!A:E,4,0)) -> UN | H78: =VLOOKUP($C78,'MEMÓRIA DE CÁLCULO'!$B:$M,12,0) -> 36 | I78: =IF(LEFT(D78,3)="CPU",VLOOKUP(B78,BASE!A:E,5,0),VLOOKUP(D78,BASE!A:E,5,0)) -> 4070.39 | J78: =ROUND($H78*I78,2) -> 146534.04 | K78: =ROUND(I78*(1+$M$5),2) -> 4992.33 | L78: =IFERROR(ROUND($H78*K78,2),"") -> 179723.88 | M78: =$M$5 -> 0.2265 | N78: =L78/$L$377 -> 0.0038233908 | P78: 226524.24
A79: 9 | B79: =D79 -> CO-28389 | C79: =$C$70&"."&A79 -> 1.11.9 | D79: CO-28389 | E79: =IF(LEFT(D79,3)="CPU",VLOOKUP(B79,BASE!A:E,2,0),VLOOKUP(D79,BASE!A:E,2,0)) -> SEINFRA-MG | F79: =IF(LEFT(D79,3)="CPU",VLOOKUP(B79,BASE!A:E,3,0),VLOOKUP(D79,BASE!A:E,3,0)) -> MOBILIZAÇÃO E DESMOBILIZAÇÃO DE EQUIPAMENTO DE SONDAGEM A PERCUSSÃO COM ENSAIO DE PENETRAÇÃO PADRÃO (SPT) - (CUSTO VARIÁVEL), EXCLUSIVE CUSTO FIXO | G79: =IF(LEFT(D79,3)="CPU",VLOOKUP(B79,BASE!A:E,4,0),VLOOKUP(D79,BASE!A:E,4,0)) -> KM | H79: =VLOOKUP($C79,'MEMÓRIA DE CÁLCULO'!$B:$M,12,0) -> 10 | I79: =IF(LEFT(D79,3)="CPU",VLOOKUP(B79,BASE!A:E,5,0),VLOOKUP(D79,BASE!A:E,5,0)) -> 2.04 | J79: =ROUND($H79*I79,2) -> 20.4 | K79: =ROUND(I79*(1+$M$5),2) -> 2.5 | L79: =IFERROR(ROUND($H79*K79,2),"") -> 25 | M79: =$M$5 -> 0.2265 | N79: =L79/$L$377 -> 5.3184235e-07 | P79: 27.5
A80: 10 | B80: =D80 -> CO-28390 | C80: =$C$70&"."&A80 -> 1.11.10 | D80: CO-28390 | E80: =IF(LEFT(D80,3)="CPU",VLOOKUP(B80,BASE!A:E,2,0),VLOOKUP(D80,BASE!A:E,2,0)) -> SEINFRA-MG | F80: =IF(LEFT(D80,3)="CPU",VLOOKUP(B80,BASE!A:E,3,0),VLOOKUP(D80,BASE!A:E,3,0)) -> MOBILIZAÇÃO E DESMOBILIZAÇÃO DE EQUIPAMENTO DE SONDAGEM A PERCUSSÃO COM ENSAIO DE PENETRAÇÃO PADRÃO (SPT) - (CUSTO FIXO) | G80: =IF(LEFT(D80,3)="CPU",VLOOKUP(B80,BASE!A:E,4,0),VLOOKUP(D80,BASE!A:E,4,0)) -> UN | H80: =VLOOKUP($C80,'MEMÓRIA DE CÁLCULO'!$B:$M,12,0) -> 1 | I80: =IF(LEFT(D80,3)="CPU",VLOOKUP(B80,BASE!A:E,5,0),VLOOKUP(D80,BASE!A:E,5,0)) -> 873.6 | J80: =ROUND($H80*I80,2) -> 873.6 | K80: =ROUND(I80*(1+$M$5),2) -> 1071.47 | L80: =IFERROR(ROUND($H80*K80,2),"") -> 1071.47 | M80: =$M$5 -> 0.2265 | N80: =L80/$L$377 -> 2.2794125e-05 | P80: 1122.96
A81: 2 | B81: =D81 | C81: 2 | F81: =VLOOKUP($C81,'MEMÓRIA DE CÁLCULO'!$B:$M,4,0) -> DEMOLIÇÕES E REMOÇÕES | J81: =SUBTOTAL(9,J82:J91) -> 66702.21 | L81: =SUBTOTAL(9,L82:L91) -> 81844.89 | N81: =L81/$L$377 -> 0.0017411432 | P81: 83342.99
A82: 1 | B82: =D82 -> 02.23.01 | C82: =$C$81&"."&A82 -> 2.1 | D82: 02.23.01 | E82: =IF(LEFT(D82,3)="CPU",VLOOKUP(B82,BASE!A:E,2,0),VLOOKUP(D82,BASE!A:E,2,0)) -> SUDECAP | F82: =IF(LEFT(D82,3)="CPU",VLOOKUP(B82,BASE!A:E,3,0),VLOOKUP(D82,BASE!A:E,3,0)) -> REMOÇÃO DE CERCA DE ARAME | G82: =IF(LEFT(D82,3)="CPU",VLOOKUP(B82,BASE!A:E,4,0),VLOOKUP(D82,BASE!A:E,4,0)) -> M | H82: =VLOOKUP($C82,'MEMÓRIA DE CÁLCULO'!$B:$M,12,0) -> 115 | I82: =IF(LEFT(D82,3)="CPU",VLOOKUP(B82,BASE!A:E,5,0),VLOOKUP(D82,BASE!A:E,5,0)) -> 11.19 | J82: =IFERROR(ROUND($H82*I82,2),"") -> 1286.85 | K82: =ROUND(I82*(1+$M$5),2) -> 13.72 | L82: =IFERROR(ROUND($H82*K82,2),"") -> 1577.8 | M82: =$M$5 -> 0.2265 | N82: =L82/$L$377 -> 3.3565635e-05 | P82: 1590.45
A83: 2 | B83: =D83 -> 104796 | C83: =$C$81&"."&A83 -> 2.2 | D83: 104796 | E83: =IF(LEFT(D83,3)="CPU",VLOOKUP(B83,BASE!A:E,2,0),VLOOKUP(D83,BASE!A:E,2,0)) -> SINAPI | F83: =IF(LEFT(D83,3)="CPU",VLOOKUP(B83,BASE!A:E,3,0),VLOOKUP(D83,BASE!A:E,3,0)) -> DEMOLIÇÃO DE GUIAS, SARJETAS OU SARJETÕES, DE FORMA MECANIZADA, SEM REAPROVEITAMENTO. AF_09/2023 | G83: =IF(LEFT(D83,3)="CPU",VLOOKUP(B83,BASE!A:E,4,0),VLOOKUP(D83,BASE!A:E,4,0)) -> M | H83: =VLOOKUP($C83,'MEMÓRIA DE CÁLCULO'!$B:$M,12,0) -> 1159 | I83: =IF(LEFT(D83,3)="CPU",VLOOKUP(B83,BASE!A:E,5,0),VLOOKUP(D83,BASE!A:E,5,0)) -> 15.09 | J83: =IFERROR(ROUND($H83*I83,2),"") -> 17489.31 | K83: =ROUND(I83*(1+$M$5),2) -> 18.51 | L83: =IFERROR(ROUND($H83*K83,2),"") -> 21453.09 | M83: =$M$5 -> 0.2265 | N83: =L83/$L$377 -> 0.00045638647 | P83: 22322.34
A84: 3 | B84: =D84 -> ED-48442 | C84: =$C$81&"."&A84 -> 2.3 | D84: ED-48442 | E84: =IF(LEFT(D84,3)="CPU",VLOOKUP(B84,BASE!A:E,2,0),VLOOKUP(D84,BASE!A:E,2,0)) -> SEINFRA-MG | F84: =IF(LEFT(D84,3)="CPU",VLOOKUP(B84,BASE!A:E,3,0),VLOOKUP(D84,BASE!A:E,3,0)) -> DEMOLIÇÃO MECANIZADA DE CONCRETO, SEM ARMAÇÃO, COM EQUIPAMENTO ELÉTRICO, INCLUSIVE AFASTAMENTO E EMPILHAMENTO, EXCLUSIVE TRANSPORTE E RETIRADA DO MATERIAL DEMOLIDO | G84: =IF(LEFT(D84,3)="CPU",VLOOKUP(B84,BASE!A:E,4,0),VLOOKUP(D84,BASE!A:E,4,0)) -> M3 | H84: =VLOOKUP($C84,'MEMÓRIA DE CÁLCULO'!$B:$M,12,0) -> 3.1752 | I84: =IF(LEFT(D84,3)="CPU",VLOOKUP(B84,BASE!A:E,5,0),VLOOKUP(D84,BASE!A:E,5,0)) -> 171.71 | J84: =IFERROR(ROUND($H84*I84,2),"") -> 545.21 | K84: =ROUND(I84*(1+$M$5),2) -> 210.6 | L84: =IFERROR(ROUND($H84*K84,2),"") -> 668.7 | M84: =$M$5 -> 0.2265 | N84: =L84/$L$377 -> 1.4225719e-05 | P84: 661.55
A85: 4 | B85: =D85 -> 104796 | C85: =$C$81&"."&A85 -> 2.4 | D85: 104796 | E85: =IF(LEFT(D85,3)="CPU",VLOOKUP(B85,BASE!A:E,2,0),VLOOKUP(D85,BASE!A:E,2,0)) -> SINAPI | F85: =IF(LEFT(D85,3)="CPU",VLOOKUP(B85,BASE!A:E,3,0),VLOOKUP(D85,BASE!A:E,3,0)) -> DEMOLIÇÃO DE GUIAS, SARJETAS OU SARJETÕES, DE FORMA MECANIZADA, SEM REAPROVEITAMENTO. AF_09/2023 | G85: =IF(LEFT(D85,3)="CPU",VLOOKUP(B85,BASE!A:E,4,0),VLOOKUP(D85,BASE!A:E,4,0)) -> M | H85: =VLOOKUP($C85,'MEMÓRIA DE CÁLCULO'!$B:$M,12,0) -> 850 | I85: =IF(LEFT(D85,3)="CPU",VLOOKUP(B85,BASE!A:E,5,0),VLOOKUP(D85,BASE!A:E,5,0)) -> 15.09 | J85: =IFERROR(ROUND($H85*I85,2),"") -> 12826.5 | K85: =ROUND(I85*(1+$M$5),2) -> 18.51 | L85: =IFERROR(ROUND($H85*K85,2),"") -> 15733.5 | M85: =$M$5 -> 0.2265 | N85: =L85/$L$377 -> 0.00033470967 | P85: 16371
A86: 5 | B86: =D86 -> 5213667 | C86: =$C$81&"."&A86 -> 2.5 | D86: 5213667 | E86: =IF(LEFT(D86,3)="CPU",VLOOKUP(B86,BASE!A:E,2,0),VLOOKUP(D86,BASE!A:E,2,0)) -> SICRO 3 | F86: =IF(LEFT(D86,3)="CPU",VLOOKUP(B86,BASE!A:E,3,0),VLOOKUP(D86,BASE!A:E,3,0)) -> REMOÇÃO DA ESTRUTURA DE PÓRTICO METÁLICO | G86: =IF(LEFT(D86,3)="CPU",VLOOKUP(B86,BASE!A:E,4,0),VLOOKUP(D86,BASE!A:E,4,0)) -> UN | H86: =VLOOKUP($C86,'MEMÓRIA DE CÁLCULO'!$B:$M,12,0) -> 1 | I86: =IF(LEFT(D86,3)="CPU",VLOOKUP(B86,BASE!A:E,5,0),VLOOKUP(D86,BASE!A:E,5,0)) -> 357.13 | J86: =IFERROR(ROUND($H86*I86,2),"") -> 357.13 | K86: =ROUND(I86*(1+$M$5),2) -> 438.02 | L86: =IFERROR(ROUND($H86*K86,2),"") -> 438.02 | M86: =$M$5 -> 0.2265 | N86: =L86/$L$377 -> 9.3183035e-06 | P86: 413.36
A87: 6 | B87: =D87 -> ED-48474 | C87: =$C$81&"."&A87 -> 2.6 | D87: ED-48474 | E87: =IF(LEFT(D87,3)="CPU",VLOOKUP(B87,BASE!A:E,2,0),VLOOKUP(D87,BASE!A:E,2,0)) -> SEINFRA-MG | F87: =IF(LEFT(D87,3)="CPU",VLOOKUP(B87,BASE!A:E,3,0),VLOOKUP(D87,BASE!A:E,3,0)) -> REMOÇÃO MANUAL DE PADRÃO DE ENTRADA DE ENERGIA, COM REAPROVEITAMENTO, INCLUSIVE AFASTAMENTO E EMPILHAMENTO, EXCLUSIVE TRANSPORTE E RETIRADA DO MATERIAL REMOVIDO NÃO REAPROVEITÁVEL | G87: =IF(LEFT(D87,3)="CPU",VLOOKUP(B87,BASE!A:E,4,0),VLOOKUP(D87,BASE!A:E,4,0)) -> UN | H87: =VLOOKUP($C87,'MEMÓRIA DE CÁLCULO'!$B:$M,12,0) -> 2 | I87: =IF(LEFT(D87,3)="CPU",VLOOKUP(B87,BASE!A:E,5,0),VLOOKUP(D87,BASE!A:E,5,0)) -> 279.45 | J87: =IFERROR(ROUND($H87*I87,2),"") -> 558.9 | K87: =ROUND(I87*(1+$M$5),2) -> 342.75 | L87: =IFERROR(ROUND($H87*K87,2),"") -> 685.5 | M87: =$M$5 -> 0.2265 | N87: =L87/$L$377 -> 1.4583117e-05 | P87: 685.5
A88: 7 | B88: =D88 -> CPU-004 | C88: =$C$81&"."&A88 -> 2.7 | D88: CPU-004 | E88: =IF(LEFT(D88,3)="CPU",VLOOKUP(B88,BASE!A:E,2,0),VLOOKUP(D88,BASE!A:E,2,0)) -> EXTRA | F88: =IF(LEFT(D88,3)="CPU",VLOOKUP(B88,BASE!A:E,3,0),VLOOKUP(D88,BASE!A:E,3,0)) -> REMANEJAMENTO DE POSTE | G88: =IF(LEFT(D88,3)="CPU",VLOOKUP(B88,BASE!A:E,4,0),VLOOKUP(D88,BASE!A:E,4,0)) -> UN | H88: =VLOOKUP($C88,'MEMÓRIA DE CÁLCULO'!$B:$M,12,0) -> 25 | I88: =IF(LEFT(D88,3)="CPU",VLOOKUP(B88,BASE!A:E,5,0),VLOOKUP(D88,BASE!A:E,5,0)) -> 625.38 | J88: =IFERROR(ROUND($H88*I88,2),"") -> 15634.5 | K88: =ROUND(I88*(1+$M$5),2) -> 767.03 | L88: =IFERROR(ROUND($H88*K88,2),"") -> 19175.75 | M88: =$M$5 -> 0.2265 | N88: =L88/$L$377 -> 0.00040793904 | P88: 19414.25
A89: 8 | B89: =D89 -> 100980 | C89: =$C$81&"."&A89 -> 2.8 | D89: 100980 | E89: =IF(LEFT(D89,3)="CPU",VLOOKUP(B89,BASE!A:E,2,0),VLOOKUP(D89,BASE!A:E,2,0)) -> SINAPI | F89: =IF(LEFT(D89,3)="CPU",VLOOKUP(B89,BASE!A:E,3,0),VLOOKUP(D89,BASE!A:E,3,0)) -> CARGA, MANOBRA E DESCARGA DE SOLOS E MATERIAIS GRANULARES EM CAMINHÃO BASCULANTE 18 M³ - CARGA COM ESCAVADEIRA HIDRÁULICA (CAÇAMBA DE 1,20 M³ / 155 HP) E DESCARGA LIVRE (UNIDADE: M3). AF_07/2020 | G89: =IF(LEFT(D89,3)="CPU",VLOOKUP(B89,BASE!A:E,4,0),VLOOKUP(D89,BASE!A:E,4,0)) -> M3 | H89: =VLOOKUP($C89,'MEMÓRIA DE CÁLCULO'!$B:$M,12,0) -> 245.15 | I89: =IF(LEFT(D89,3)="CPU",VLOOKUP(B89,BASE!A:E,5,0),VLOOKUP(D89,BASE!A:E,5,0)) -> 6.48 | J89: =IFERROR(ROUND($H89*I89,2),"") -> 1588.57 | K89: =ROUND(I89*(1+$M$5),2) -> 7.95 | L89: =IFERROR(ROUND($H89*K89,2),"") -> 1948.94 | M89: =$M$5 -> 0.2265 | N89: =L89/$L$377 -> 4.1461153e-05 | P89: 1941.59
A90: 9 | B90: =D90 -> 95877 | C90: =$C$81&"."&A90 -> 2.9 | D90: 95877 | E90: =IF(LEFT(D90,3)="CPU",VLOOKUP(B90,BASE!A:E,2,0),VLOOKUP(D90,BASE!A:E,2,0)) -> SINAPI | F90: =IF(LEFT(D90,3)="CPU",VLOOKUP(B90,BASE!A:E,3,0),VLOOKUP(D90,BASE!A:E,3,0)) -> TRANSPORTE COM CAMINHÃO BASCULANTE DE 18 M³, EM VIA URBANA PAVIMENTADA, DMT ATÉ 30 KM (UNIDADE: M3XKM). AF_07/2020 | G90: =IF(LEFT(D90,3)="CPU",VLOOKUP(B90,BASE!A:E,4,0),VLOOKUP(D90,BASE!A:E,4,0)) -> M3XKM | H90: =VLOOKUP($C90,'MEMÓRIA DE CÁLCULO'!$B:$M,12,0) -> 7354.5 | I90: =IF(LEFT(D90,3)="CPU",VLOOKUP(B90,BASE!A:E,5,0),VLOOKUP(D90,BASE!A:E,5,0)) -> 1.88 | J90: =IFERROR(ROUND($H90*I90,2),"") -> 13826.46 | K90: =ROUND(I90*(1+$M$5),2) -> 2.31 | L90: =IFERROR(ROUND($H90*K90,2),"") -> 16988.9 | M90: =$M$5 -> 0.2265 | N90: =L90/$L$377 -> 0.00036141666 | P90: 16768.26
A91: 10 | B91: =D91 -> CPU-002 | C91: =$C$81&"."&A91 -> 2.10 | D91: CPU-002 | E91: =IF(LEFT(D91,3)="CPU",VLOOKUP(B91,BASE!A:E,2,0),VLOOKUP(D91,BASE!A:E,2,0)) -> EXTRA | F91: =IF(LEFT(D91,3)="CPU",VLOOKUP(B91,BASE!A:E,3,0),VLOOKUP(D91,BASE!A:E,3,0)) -> TICKET DE DESTINAÇÃO DE MATERIAL EM BOTA-FORA | G91: =IF(LEFT(D91,3)="CPU",VLOOKUP(B91,BASE!A:E,4,0),VLOOKUP(D91,BASE!A:E,4,0)) -> M³ | H91: =VLOOKUP($C91,'MEMÓRIA DE CÁLCULO'!$B:$M,12,0) -> 245.15 | I91: =IF(LEFT(D91,3)="CPU",VLOOKUP(B91,BASE!A:E,5,0),VLOOKUP(D91,BASE!A:E,5,0)) -> 10.56 | J91: =IFERROR(ROUND($H91*I91,2),"") -> 2588.78 | K91: =ROUND(I91*(1+$M$5),2) -> 12.95 | L91: =IFERROR(ROUND($H91*K91,2),"") -> 3174.69 | M91: =$M$5 -> 0.2265 | N91: =L91/$L$377 -> 6.7537384e-05 | P91: 3174.69
A92: 2 | B92: =D92 | C92: 3 | F92: =VLOOKUP($C92,'MEMÓRIA DE CÁLCULO'!$B:$M,4,0) -> TERRAPLENAGEM | J92: =SUBTOTAL(9,J93:J100) -> 858994.8 | L92: =SUBTOTAL(9,L93:L100) -> 1054710.5 | N92: =L92/$L$377 -> 0.022437589 | P92: 1049120.7
A93: 1 | B93: =D93 -> RO-00001 | C93: =$C$92&"."&A93 -> 3.1 | D93: RO-00001 | E93: =IF(LEFT(D93,3)="CPU",VLOOKUP(B93,BASE!A:E,2,0),VLOOKUP(D93,BASE!A:E,2,0)) -> SEINFRA-MG | F93: =IF(LEFT(D93,3)="CPU",VLOOKUP(B93,BASE!A:E,3,0),VLOOKUP(D93,BASE!A:E,3,0)) -> DESMATAMENTO, DESTOCAMENTO, LIMPEZA DE ÁREA E ESTOCAGEM DO MATERIAL DE LIMPEZA COM ÁRVORES DE DIÂMETRO ATÉ 0,15 M (EXCLUI CARGA E TRANSPORTE PARA BOTA-FORA) | G93: =IF(LEFT(D93,3)="CPU",VLOOKUP(B93,BASE!A:E,4,0),VLOOKUP(D93,BASE!A:E,4,0)) -> M2 | H93: =VLOOKUP($C93,'MEMÓRIA DE CÁLCULO'!$B:$M,12,0) -> 23742.49 | I93: =IF(LEFT(D93,3)="CPU",VLOOKUP(B93,BASE!A:E,5,0),VLOOKUP(D93,BASE!A:E,5,0)) -> 0.52 | J93: =ROUND($H93*I93,2) -> 12346.09 | K93: =ROUND(I93*(1+$M$5),2) -> 0.64 | L93: =IFERROR(ROUND($H93*K93,2),"") -> 15195.19 | M93: =$M$5 -> 0.2265 | N93: =L93/$L$377 -> 0.00032325782 | P93: 15432.62
A94: 2 | B94: =D94 -> RO-00064 | C94: =$C$92&"."&A94 -> 3.2 | D94: RO-00064 | E94: =IF(LEFT(D94,3)="CPU",VLOOKUP(B94,BASE!A:E,2,0),VLOOKUP(D94,BASE!A:E,2,0)) -> SEINFRA-MG | F94: =IF(LEFT(D94,3)="CPU",VLOOKUP(B94,BASE!A:E,3,0),VLOOKUP(D94,BASE!A:E,3,0)) -> ESCAVAÇÃO, CARGA E TRANSPORTE DE MATERIAL DE 1ª CATEGORIA - EXECUTADO COM ESCAVADEIRA DE 1,40 M3 E CAMINHÃO BASCULANTE DE 12 M3 E COM CAMINHO DE SERVIÇO EM REVESTIMENTO PRIMÁRIO - DMT DE 1.000 A 1.200 M | G94: =IF(LEFT(D94,3)="CPU",VLOOKUP(B94,BASE!A:E,4,0),VLOOKUP(D94,BASE!A:E,4,0)) -> M3 | H94: =VLOOKUP($C94,'MEMÓRIA DE CÁLCULO'!$B:$M,12,0) -> 12453.09 | I94: =IF(LEFT(D94,3)="CPU",VLOOKUP(B94,BASE!A:E,5,0),VLOOKUP(D94,BASE!A:E,5,0)) -> 7.35 | J94: =ROUND($H94*I94,2) -> 91530.21 | K94: =ROUND(I94*(1+$M$5),2) -> 9.01 | L94: =IFERROR(ROUND($H94*K94,2),"") -> 112202.34 | M94: =$M$5 -> 0.2265 | N94: =L94/$L$377 -> 0.0023869583 | P94: 112451.4
A95: 3 | B95: =D95 -> 03.15.01 | C95: =$C$92&"."&A95 -> 3.3 | D95: 03.15.01 | E95: =IF(LEFT(D95,3)="CPU",VLOOKUP(B95,BASE!A:E,2,0),VLOOKUP(D95,BASE!A:E,2,0)) -> SUDECAP | F95: =IF(LEFT(D95,3)="CPU",VLOOKUP(B95,BASE!A:E,3,0),VLOOKUP(D95,BASE!A:E,3,0)) -> ATERRO COMPACTADO COM ROLO VIBRATÓRIO | G95: =IF(LEFT(D95,3)="CPU",VLOOKUP(B95,BASE!A:E,4,0),VLOOKUP(D95,BASE!A:E,4,0)) -> M3 | H95: =VLOOKUP($C95,'MEMÓRIA DE CÁLCULO'!$B:$M,12,0) -> 1430.12 | I95: =IF(LEFT(D95,3)="CPU",VLOOKUP(B95,BASE!A:E,5,0),VLOOKUP(D95,BASE!A:E,5,0)) -> 5.63 | J95: =ROUND($H95*I95,2) -> 8051.58 | K95: =ROUND(I95*(1+$M$5),2) -> 6.91 | L95: =IFERROR(ROUND($H95*K95,2),"") -> 9882.13 | M95: =$M$5 -> 0.2265 | N95: =L95/$L$377 -> 0.00021022941 | P95: 10139.55
A96: 4 | B96: =D96 -> RO-00216 | C96: =$C$92&"."&A96 -> 3.4 | D96: RO-00216 | E96: =IF(LEFT(D96,3)="CPU",VLOOKUP(B96,BASE!A:E,2,0),VLOOKUP(D96,BASE!A:E,2,0)) -> SEINFRA-MG | F96: =IF(LEFT(D96,3)="CPU",VLOOKUP(B96,BASE!A:E,3,0),VLOOKUP(D96,BASE!A:E,3,0)) -> COMPACTAÇÃO DE ATERROS A 100% DO PROCTOR INTERNORMAL (INCLUI ESPALHAMENTO) | G96: =IF(LEFT(D96,3)="CPU",VLOOKUP(B96,BASE!A:E,4,0),VLOOKUP(D96,BASE!A:E,4,0)) -> M3 | H96: =VLOOKUP($C96,'MEMÓRIA DE CÁLCULO'!$B:$M,12,0) -> 620 | I96: =IF(LEFT(D96,3)="CPU",VLOOKUP(B96,BASE!A:E,5,0),VLOOKUP(D96,BASE!A:E,5,0)) -> 6.55 | J96: =ROUND($H96*I96,2) -> 4061 | K96: =ROUND(I96*(1+$M$5),2) -> 8.03 | L96: =IFERROR(ROUND($H96*K96,2),"") -> 4978.6 | M96: =$M$5 -> 0.2265 | N96: =L96/$L$377 -> 0.00010591321 | P96: 5059.2
A97: 5 | B97: =D97 -> RO-00214 | C97: =$C$92&"."&A97 -> 3.5 | D97: RO-00214 | E97: =IF(LEFT(D97,3)="CPU",VLOOKUP(B97,BASE!A:E,2,0),VLOOKUP(D97,BASE!A:E,2,0)) -> SEINFRA-MG | F97: =IF(LEFT(D97,3)="CPU",VLOOKUP(B97,BASE!A:E,3,0),VLOOKUP(D97,BASE!A:E,3,0)) -> COMPACTAÇÃO DE ATERROS A 95% DO PROCTOR NORMAL (INCLUI ESPALHAMENTO) | G97: =IF(LEFT(D97,3)="CPU",VLOOKUP(B97,BASE!A:E,4,0),VLOOKUP(D97,BASE!A:E,4,0)) -> M3 | H97: =VLOOKUP($C97,'MEMÓRIA DE CÁLCULO'!$B:$M,12,0) -> 18684 | I97: =IF(LEFT(D97,3)="CPU",VLOOKUP(B97,BASE!A:E,5,0),VLOOKUP(D97,BASE!A:E,5,0)) -> 4.76 | J97: =ROUND($H97*I97,2) -> 88935.84 | K97: =ROUND(I97*(1+$M$5),2) -> 5.84 | L97: =IFERROR(ROUND($H97*K97,2),"") -> 109114.56 | M97: =$M$5 -> 0.2265 | N97: =L97/$L$377 -> 0.0023212698 | P97: 110982.96
A98: 6 | B98: =D98 -> 100980 | C98: =$C$92&"."&A98 -> 3.6 | D98: 100980 | E98: =IF(LEFT(D98,3)="CPU",VLOOKUP(B98,BASE!A:E,2,0),VLOOKUP(D98,BASE!A:E,2,0)) -> SINAPI | F98: =IF(LEFT(D98,3)="CPU",VLOOKUP(B98,BASE!A:E,3,0),VLOOKUP(D98,BASE!A:E,3,0)) -> CARGA, MANOBRA E DESCARGA DE SOLOS E MATERIAIS GRANULARES EM CAMINHÃO BASCULANTE 18 M³ - CARGA COM ESCAVADEIRA HIDRÁULICA (CAÇAMBA DE 1,20 M³ / 155 HP) E DESCARGA LIVRE (UNIDADE: M3). AF_07/2020 | G98: =IF(LEFT(D98,3)="CPU",VLOOKUP(B98,BASE!A:E,4,0),VLOOKUP(D98,BASE!A:E,4,0)) -> M3 | H98: =VLOOKUP($C98,'MEMÓRIA DE CÁLCULO'!$B:$M,12,0) -> 8906.183 | I98: =IF(LEFT(D98,3)="CPU",VLOOKUP(B98,BASE!A:E,5,0),VLOOKUP(D98,BASE!A:E,5,0)) -> 6.48 | J98: =ROUND($H98*I98,2) -> 57712.07 | K98: =ROUND(I98*(1+$M$5),2) -> 7.95 | L98: =IFERROR(ROUND($H98*K98,2),"") -> 70804.15 | M98: =$M$5 -> 0.2265 | N98: =L98/$L$377 -> 0.0015062658 | P98: 70536.97
A99: 7 | B99: =D99 -> 95877 | C99: =$C$92&"."&A99 -> 3.7 | D99: 95877 | E99: =IF(LEFT(D99,3)="CPU",VLOOKUP(B99,BASE!A:E,2,0),VLOOKUP(D99,BASE!A:E,2,0)) -> SINAPI | F99: =IF(LEFT(D99,3)="CPU",VLOOKUP(B99,BASE!A:E,3,0),VLOOKUP(D99,BASE!A:E,3,0)) -> TRANSPORTE COM CAMINHÃO BASCULANTE DE 18 M³, EM VIA URBANA PAVIMENTADA, DMT ATÉ 30 KM (UNIDADE: M3XKM). AF_07/2020 | G99: =IF(LEFT(D99,3)="CPU",VLOOKUP(B99,BASE!A:E,4,0),VLOOKUP(D99,BASE!A:E,4,0)) -> M3XKM | H99: =VLOOKUP($C99,'MEMÓRIA DE CÁLCULO'!$B:$M,12,0) -> 267185.49 | I99: =IF(LEFT(D99,3)="CPU",VLOOKUP(B99,BASE!A:E,5,0),VLOOKUP(D99,BASE!A:E,5,0)) -> 1.88 | J99: =ROUND($H99*I99,2) -> 502308.72 | K99: =ROUND(I99*(1+$M$5),2) -> 2.31 | L99: =IFERROR(ROUND($H99*K99,2),"") -> 617198.48 | M99: =$M$5 -> 0.2265 | N99: =L99/$L$377 -> 0.013130092 | P99: 609182.92
A100: 8 | B100: =D100 -> CPU-002 | C100: =$C$92&"."&A100 -> 3.8 | D100: CPU-002 | E100: =IF(LEFT(D100,3)="CPU",VLOOKUP(B100,BASE!A:E,2,0),VLOOKUP(D100,BASE!A:E,2,0)) -> EXTRA | F100: =IF(LEFT(D100,3)="CPU",VLOOKUP(B100,BASE!A:E,3,0),VLOOKUP(D100,BASE!A:E,3,0)) -> TICKET DE DESTINAÇÃO DE MATERIAL EM BOTA-FORA | G100: =IF(LEFT(D100,3)="CPU",VLOOKUP(B100,BASE!A:E,4,0),VLOOKUP(D100,BASE!A:E,4,0)) -> M³ | H100: =VLOOKUP($C100,'MEMÓRIA DE CÁLCULO'!$B:$M,12,0) -> 8906.183 | I100: =IF(LEFT(D100,3)="CPU",VLOOKUP(B100,BASE!A:E,5,0),VLOOKUP(D100,BASE!A:E,5,0)) -> 10.56 | J100: =ROUND($H100*I100,2) -> 94049.29 | K100: =ROUND(I100*(1+$M$5),2) -> 12.95 | L100: =IFERROR(ROUND($H100*K100,2),"") -> 115335.07 | M100: =$M$5 -> 0.2265 | N100: =L100/$L$377 -> 0.002453603 | P100: 115335.07
B101: =D101 | C101: 4 | F101: =VLOOKUP($C101,'MEMÓRIA DE CÁLCULO'!$B:$M,4,0) -> CONTENÇÕES | J101: =SUBTOTAL(9,J102:J131) -> 2455317.6 | L101: =SUBTOTAL(9,L102:L131) -> 3011973 | N101: =L101/$L$377 -> 0.064075791 | P101: 3296625.5
A102: 1 | B102: =D102 | C102: =$C$101&"."&A102 -> 4.1 | F102: =VLOOKUP($C102,'MEMÓRIA DE CÁLCULO'!$B:$M,4,0) -> CONTENÇÕES 02, 02A E 03 - (NL-RIO - EST.18+13.05 / EST.23+3.711) | J102: =SUBTOTAL(9,J103:J122) -> 1215366.4 | L102: =SUBTOTAL(9,L103:L122) -> 1491167 | N102: =L102/$L$377 -> 0.03172263 | P102: 1491128.2
...

Sheet MEMÓRIA DE CÁLCULO
B3: MEMÓRIA DE CÁLCULO
B5: ='PLANILHA ORÇAMENTÁRIA'!C5 -> Município: PREFEITURA MUNICIPAL DE NOVA LIMA - MG | K5: DATA: | L5: BDI: | M5: ='COMP. BDI'!N3 -> 0.2265
B6: ='PLANILHA ORÇAMENTÁRIA'!C6 -> Projeto: ENTRONCAMENTO DA MG-030 x BR-356 – VIADUTO FERRADURA | K6: =TODAY() -> 46092 | L6: LS:
B7: ITEM | C7: CÓDIGO | D7: ÓRGÃO | E7: DESCRIÇÃO | F7: UNIDADE | G7: QUANTIDADE | H7: COMPRIMENTO | I7: LARGURA | J7: ALTURA | K7: ÁREA | L7: VOLUME | M7: QUANT. TOTAL DO SERVIÇO | T7: TX. APLICAÇÃO - 0,4 l/m²
B8: 1 | E8: CANTEIRO DE OBRA | P8: RECUPERAÇÃO | W8: DUPLICAÇÃO
A9: 1 | B9: =$B$8&"."&A9 -> 1.1 | E9: INSTALAÇÃO DA OBRA | P9: FRESAGEM: | Q9: 5 Cm | R9: 2Cm | T9: Pintura de Ligação | U9: CBUQ Fx B | V9: CBUQ Fx C | W9: DUPLICAÇÃO | X9: 5 Cm | Z9: Pintura de Ligação | AA9: CBUQ Fx B | AB9: CBUQ Fx C | AC9: Bota Fora/Aterro | AD9: Usina | AE9: Pedreira
A10: 1 | B10: =$B$9&"."&A10 -> 1.1.1 | C10: =VLOOKUP($B10,'PLANILHA ORÇAMENTÁRIA'!$C:$M,2,0) -> 01.01.21 | D10: =VLOOKUP($B10,'PLANILHA ORÇAMENTÁRIA'!$C:$M,3,0) -> SUDECAP | E10: =VLOOKUP($B10,'PLANILHA ORÇAMENTÁRIA'!$C:$M,4,0) -> ESCRITÓRIO DA CONTRATADA - ATÉ 22M2 | F10: =VLOOKUP($B10,'PLANILHA ORÇAMENTÁRIA'!$C:$M,5,0) -> M2 | G10: Qnt | H10: C (m) | I10: L (m) | J10: H (m) | K10: A (m2) | L10: V (m3) | M10: =M11 -> 30 | P10: Lote 1 - Evento 1 | Q10: 1039.14 | R10: 8433.76 | T10: 8433.76 | U10: 757.83 | V10: 457.65 | W10: Lote 1 - Evento 1 | X10: 1039.14 | Z10: 8433.76 | AB10: 457.65 | AC10: 15 | AD10: 40 | AE10: 26
E11: Escritório da FiscalizaçãoTipo I: Considerando 2 unidades de frente, sentido a BH-RJ (BR-356) e outra em NL-BH (MG-030) | G11: 2 | K11: 15 | M11: =G11*K11 -> 30 | P11: Lote 1 - Evento 2 | Q11: 1288.39 | R11: 7040.48 | T11: 7040.48 | U11: 666.31 | V11: 395.44 | W11: Lote 1 - Evento 2 | X11: 1288.39 | Z11: 7040.48 | AB11: 395.44
P12: Lote 1 - Evento 3 | Q12: 733.33 | R12: 4192.77 | T12: 4192.77 | U12: 373.87 | V12: 226.4
A13: 2 | B13: =$B$8&"."&A13 -> 1.2 | E13: BARRACAO DE OBRA | P13: Lote 1 - Evento 4 | Q13: 606.54 | R13: 4808.71 | T13: 4808.71 | U13: 409.22 | V13: 263.47
A14: 1 | B14: =$B$13&"."&A14 -> 1.2.1 | C14: =VLOOKUP($B14,'PLANILHA ORÇAMENTÁRIA'!$C:$M,2,0) -> 01.02.10 | D14: =VLOOKUP($B14,'PLANILHA ORÇAMENTÁRIA'!$C:$M,3,0) -> SUDECAP | E14: =VLOOKUP($B14,'PLANILHA ORÇAMENTÁRIA'!$C:$M,4,0) -> ÁREA COBERTA EM TELHA DE FIBROCIMENTO | F14: =VLOOKUP($B14,'PLANILHA ORÇAMENTÁRIA'!$C:$M,5,0) -> M2 | G14: Qnt | H14: C (m) | I14: L (m) | J14: H (m) | K14: A (m2) | L14: V (m3) | M14: =K15 -> 240
E15: Considerando áreas diversas que serão executadas ao longo de cada frente de atividade | K15: =40*6 -> 240
A17: 2 | B17: =$B$13&"."&A17 -> 1.2.2 | C17: =VLOOKUP($B17,'PLANILHA ORÇAMENTÁRIA'!$C:$M,2,0) -> ED-50129 | D17: =VLOOKUP($B17,'PLANILHA ORÇAMENTÁRIA'!$C:$M,3,0) -> SEINFRA-MG | E17: =VLOOKUP($B17,'PLANILHA ORÇAMENTÁRIA'!$C:$M,4,0) -> BARRACÃO DE OBRA PARA DEPÓSITO E FERRAMENTARIA TIPO-II, ÁREA INTERNA 25,41M2, EM CHAPA DE COMPENSADO RESINADO, INCLUSIVE MOBILIÁRIO (OBRA DE MÉDIO PORTE, EFETIVO DE 30 A 60 HOMENS), PADRÃO DER-MG | F17: =VLOOKUP($B17,'PLANILHA ORÇAMENTÁRIA'!$C:$M,5,0) -> UN | G17: Qnt | H17: C (m) | I17: L (m) | J17: H (m) | K17: A (m2) | L17: V (m3) | M17: =G18 -> 2
E18: Considerando 2 unidades, sendo uma para cada frente de atividade - (Sentido-BH-RJ (BR-356) e outra NL-BH (MG-030)) | G18: 2
A20: 3 | B20: =$B$8&"."&A20 -> 1.3 | E20: PLACA DE OBRA
A21: 1 | B21: =$B$20&"."&A21 -> 1.3.1 | C21: =VLOOKUP($B21,'PLANILHA ORÇAMENTÁRIA'!$C:$M,2,0) -> ED-16660 | D21: =VLOOKUP($B21,'PLANILHA ORÇAMENTÁRIA'!$C:$M,3,0) -> SEINFRA-MG | E21: =VLOOKUP($B21,'PLANILHA ORÇAMENTÁRIA'!$C:$M,4,0) -> FORNECIMENTO E COLOCAÇÃO DE PLACA DE OBRA EM CHAPA GALVANIZADA #26, ESP. 0,45 MM, PLOTADA COM ADESIVO VINÍLICO, AFIXADA COM REBITES 4,8X40 MM, EM ESTRUTURA METÁLICA DE METALON 20X20 MM, ESP. 1,25 MM, INCLUSIVE SUPORTE EM EUCALIPTO AUTOCLAVADO PINTADO COM TINTA PVA DUAS (2) DEMÃOS | F21: =VLOOKUP($B21,'PLANILHA ORÇAMENTÁRIA'!$C:$M,5,0) -> M2 | G21: Qnt | H21: C (m) | I21: L (m) | J21: H (m) | K21: A (m2) | L21: V (m3) | M21: =M22 -> 40
E22: Considerando 2 unidades de frente: em direção a BH-RJ (BR-356), RJ-BH (BR-356), outras em direção a BH-NL (MG-030), NL-BH (MG-030) e em alça do RJ-NL. Placas com dimensões de 2,00x4,00m | G22: 5 | H22: 2 | J22: 4 | K22: =H22*J22 -> 8 | M22: =K22*G22 -> 40
A24: 4 | B24: =$B$8&"."&A24 -> 1.4 | E24: TAPUME
A25: 1 | B25: =$B$24&"."&A25 -> 1.4.1 | C25: =VLOOKUP($B25,'PLANILHA ORÇAMENTÁRIA'!$C:$M,2,0) -> 01.04.01 | D25: =VLOOKUP($B25,'PLANILHA ORÇAMENTÁRIA'!$C:$M,3,0) -> SUDECAP | E25: =VLOOKUP($B25,'PLANILHA ORÇAMENTÁRIA'!$C:$M,4,0) -> TAPUME PADRÃO SUDECAP, DE COMPENSADO 10MM, COM FIXAÇÃO ENTERRADA | F25: =VLOOKUP($B25,'PLANILHA ORÇAMENTÁRIA'!$C:$M,5,0) -> M | G25: Qnt | H25: C (m) | I25: L (m) | J25: H (m) | K25: A (m2) | L25: V (m3) | M25: =H26 -> 500
E26: Itens para Fechamento e Proteção | H26: 500
A28: 2 | B28: =$B$24&"."&A28 -> 1.4.2 | C28: =VLOOKUP($B28,'PLANILHA ORÇAMENTÁRIA'!$C:$M,2,0) -> 01.04.09 | D28: =VLOOKUP($B28,'PLANILHA ORÇAMENTÁRIA'!$C:$M,3,0) -> SUDECAP | E28: =VLOOKUP($B28,'PLANILHA ORÇAMENTÁRIA'!$C:$M,4,0) -> TELA - TAPUME DE POLIPROPILENO H=1,20 M, INCLUSIVE BASE | F28: =VLOOKUP($B28,'PLANILHA ORÇAMENTÁRIA'!$C:$M,5,0) -> M | G28: Qnt | H28: C (m) | I28: L (m) | J28: H (m) | K28: A (m2) | L28: V (m3) | M28: =H29 -> 950
E29: Itens para Fechamento e Proteção | H29: 950
A31: 3 | B31: =$B$24&"."&A31 -> 1.4.3 | C31: =VLOOKUP($B31,'PLANILHA ORÇAMENTÁRIA'!$C:$M,2,0) -> 01.04.10 | D31: =VLOOKUP($B31,'PLANILHA ORÇAMENTÁRIA'!$C:$M,3,0) -> SUDECAP | E31: =VLOOKUP($B31,'PLANILHA ORÇAMENTÁRIA'!$C:$M,4,0) -> PROTEÇAO COM FITA ZEBRADA AMARELA L=7CM E PEÇA 7X7 | F31: =VLOOKUP($B31,'PLANILHA ORÇAMENTÁRIA'!$C:$M,5,0) -> M | G31: Qnt | H31: C (m) | I31: L (m) | J31: H (m) | K31: A (m2) | L31: V (m3) | M31: =H32 -> 1000
E32: Itens para Fechamento e Proteção | H32: 1000
A34: 4 | B34: =$B$24&"."&A34 -> 1.4.4 | C34: =VLOOKUP($B34,'PLANILHA ORÇAMENTÁRIA'!$C:$M,2,0) -> 01.04.19 | D34: =VLOOKUP($B34,'PLANILHA ORÇAMENTÁRIA'!$C:$M,3,0) -> SUDECAP | E34: =VLOOKUP($B34,'PLANILHA ORÇAMENTÁRIA'!$C:$M,4,0) -> TAPUME METÁLICO COM TELA E BASE ENTERRADA (M) | F34: =VLOOKUP($B34,'PLANILHA ORÇAMENTÁRIA'!$C:$M,5,0) -> M | G34: Qnt | H34: C (m) | I34: L (m) | J34: H (m) | K34: A (m2) | L34: V (m3) | M34: =H37 -> 550
E35: Itens para Fechamento e Proteção - Canteiros fixos: Sentindo - BH-RJ (BR-356) | H35: 200
E36: Sentindo - NL-BH (MG-030) | H36: 350
E37: Comprimento total do tapume: | H37: =SUM(H35:H36) -> 550
A39: 5 | B39: =$B$24&"."&A39 -> 1.4.5 | C39: =VLOOKUP($B39,'PLANILHA ORÇAMENTÁRIA'!$C:$M,2,0) -> 01.04.20 | D39: =VLOOKUP($B39,'PLANILHA ORÇAMENTÁRIA'!$C:$M,3,0) -> SUDECAP | E39: =VLOOKUP($B39,'PLANILHA ORÇAMENTÁRIA'!$C:$M,4,0) -> REMANEJAMENTO DE TAPUME | F39: =VLOOKUP($B39,'PLANILHA ORÇAMENTÁRIA'!$C:$M,5,0) -> M | G39: Qnt | H39: C (m) | I39: L (m) | J39: H (m) | K39: A (m2) | L39: V (m3) | M39: =H40 -> 350
E40: Itens para Fechamento e Proteção | H40: =H36 -> 350
A42: 5 | B42: =$B$8&"."&A42 -> 1.5 | E42: INSTALAÇÃO PROVISÓRIA- CONCESSIONÁRIA
A43: 1 | B43: =$B$42&"."&A43 -> 1.5.1 | C43: =VLOOKUP($B43,'PLANILHA ORÇAMENTÁRIA'!$C:$M,2,0) -> 01.06.01 | D43: =VLOOKUP($B43,'PLANILHA ORÇAMENTÁRIA'!$C:$M,3,0) -> SUDECAP | E43: =VLOOKUP($B43,'PLANILHA ORÇAMENTÁRIA'!$C:$M,4,0) -> PADRÃO CEMIG PROVISÓRIO TIPO C3, DEMANDA PROVÁVEL DE 23,1 ATÉ 27,0KW (3F+N) | F43: =VLOOKUP($B43,'PLANILHA ORÇAMENTÁRIA'!$C:$M,5,0) -> UN | G43: Qnt | H43: C (m) | I43: L (m) | J43: H (m) | K43: A (m2) | L43: V (m3) | M43: =G44 -> 2
E44: Ligação no Canteiro | G44: 2
A46: 2 | B46: =$B$42&"."&A46 -> 1.5.2 | C46: =VLOOKUP($B46,'PLANILHA ORÇAMENTÁRIA'!$C:$M,2,0) -> 01.06.05 | D46: =VLOOKUP($B46,'PLANILHA ORÇAMENTÁRIA'!$C:$M,3,0) -> SUDECAP | E46: =VLOOKUP($B46,'PLANILHA ORÇAMENTÁRIA'!$C:$M,4,0) -> PADRÃO COPASA - KIT CAVALETE METAL E REGISTRO 3/4" | F46: =VLOOKUP($B46,'PLANILHA ORÇAMENTÁRIA'!$C:$M,5,0) -> UN | G46: Qnt | H46: C (m) | I46: L (m) | J46: H (m) | K46: A (m2) | L46: V (m3) | M46: =G47 -> 2
E47: Ligação no Canteiro | G47: 2
A49: 6 | B49: =$B$8&"."&A49 -> 1.6 | E49: REDE INTERNA E PROVISÓRIA DE ÁGUA E ESGOTO
A50: 1 | B50: =$B$49&"."&A50 -> 1.6.1 | C50: =VLOOKUP($B50,'PLANILHA ORÇAMENTÁRIA'!$C:$M,2,0) -> 01.08.01 | D50: =VLOOKUP($B50,'PLANILHA ORÇAMENTÁRIA'!$C:$M,3,0) -> SUDECAP | E50: =VLOOKUP($B50,'PLANILHA ORÇAMENTÁRIA'!$C:$M,4,0) -> REDE INTERNA E PROVISÓRIA DE ÁGUA E ESGOTO TUBO PVC D= 100MM | F50: =VLOOKUP($B50,'PLANILHA ORÇAMENTÁRIA'!$C:$M,5,0) -> M | G50: Qnt | H50: C (m) | I50: L (m) | J50: H (m) | K50: A (m2) | L50: V (m3) | M50: =H51 -> 150
E51: Ligação no Canteiro | H51: 150
A53: 2 | B53: =$B$49&"."&A53 -> 1.6.2 | C53: =VLOOKUP($B53,'PLANILHA ORÇAMENTÁRIA'!$C:$M,2,0) -> 01.08.02 | D53: =VLOOKUP($B53,'PLANILHA ORÇAMENTÁRIA'!$C:$M,3,0) -> SUDECAP | E53: =VLOOKUP($B53,'PLANILHA ORÇAMENTÁRIA'!$C:$M,4,0) -> REDE INTERNA E PROVISÓRIA DE ÁGUA E ESGOTO TUBO PVC D= 150MM | F53: =VLOOKUP($B53,'PLANILHA ORÇAMENTÁRIA'!$C:$M,5,0) -> M | G53: Qnt | H53: C (m) | I53: L (m) | J53: H (m) | K53: A (m2) | L53: V (m3) | M53: =H54 -> 150
E54: Ligação no Canteiro | H54: 150
A56: 3 | B56: =$B$49&"."&A56 -> 1.6.3 | C56: =VLOOKUP($B56,'PLANILHA ORÇAMENTÁRIA'!$C:$M,2,0) -> 01.07.02 | D56: =VLOOKUP($B56,'PLANILHA ORÇAMENTÁRIA'!$C:$M,3,0) -> SUDECAP | E56: =VLOOKUP($B56,'PLANILHA ORÇAMENTÁRIA'!$C:$M,4,0) -> FOSSA SÉPTICA E SUMIDOURO DN= 1,20M H= 4,00M | F56: =VLOOKUP($B56,'PLANILHA ORÇAMENTÁRIA'!$C:$M,5,0) -> UN | G56: Qnt | H56: C (m) | I56: L (m) | J56: H (m) | K56: A (m2) | L56: V (m3) | M56: =G57 -> 2
E57: Ligação no Canteiro | G57: 2
A59: 7 | B59: =$B$8&"."&A59 -> 1.7 | E59: CONTAINER
A60: 1 | B60: =$B$59&"."&A60 -> 1.7.1 | C60: =VLOOKUP($B60,'PLANILHA ORÇAMENTÁRIA'!$C:$M,2,0) -> 01.09.01 | D60: =VLOOKUP($B60,'PLANILHA ORÇAMENTÁRIA'!$C:$M,3,0) -> SUDECAP | E60: =VLOOKUP($B60,'PLANILHA ORÇAMENTÁRIA'!$C:$M,4,0) -> MOBILIZAÇÃO DE CONTAINER | F60: =VLOOKUP($B60,'PLANILHA ORÇAMENTÁRIA'!$C:$M,5,0) -> UN | G60: Qnt | H60: C (m) | I60: L (m) | J60: H (m) | K60: A (m2) | L60: V (m3) | M60: =G61 -> 8
E61: Container a ser mobilizado | G61: =SUM(G64+G67+G70) -> 8
A63: 2 | B63: =$B$59&"."&A63 -> 1.7.2 | C63: =VLOOKUP($B63,'PLANILHA ORÇAMENTÁRIA'!$C:$M,2,0) -> 01.09.03 | D63: =VLOOKUP($B63,'PLANILHA ORÇAMENTÁRIA'!$C:$M,3,0) -> SUDECAP | E63: =VLOOKUP($B63,'PLANILHA ORÇAMENTÁRIA'!$C:$M,4,0) -> CONTAINER COM SANITÁRIO E AR CONDICIONADO PARA ESCRITÓRIO | F63: =VLOOKUP($B63,'PLANILHA ORÇAMENTÁRIA'!$C:$M,5,0) -> MES | G63: Qnt | H63: Mês (Qnt) | I63: L (m) | J63: H (m) | K63: A (m2) | L63: V (m3) | M63: =M64 -> 48
E64: Cronograma de obra (24 meses) | G64: 2 | H64: 24 | M64: =G64*H64 -> 48
A66: 3 | B66: =$B$59&"."&A66 -> 1.7.3 | C66: =VLOOKUP($B66,'PLANILHA ORÇAMENTÁRIA'!$C:$M,2,0) -> 01.09.19 | D66: =VLOOKUP($B66,'PLANILHA ORÇAMENTÁRIA'!$C:$M,3,0) -> SUDECAP | E66: =VLOOKUP($B66,'PLANILHA ORÇAMENTÁRIA'!$C:$M,4,0) -> CONTAINER VESTIÁRIO TIPO II | F66: =VLOOKUP($B66,'PLANILHA ORÇAMENTÁRIA'!$C:$M,5,0) -> MES | G66: Qnt | H66: Mês (Qnt) | I66: L (m) | J66: H (m) | K66: A (m2) | L66: V (m3) | M66: =M67 -> 72
E67: Cronograma de obra (24 meses) | G67: 3 | H67: 24 | M67: =G67*H67 -> 72
A69: 4 | B69: =$B$59&"."&A69 -> 1.7.4 | C69: =VLOOKUP($B69,'PLANILHA ORÇAMENTÁRIA'!$C:$M,2,0) -> 01.09.21 | D69: =VLOOKUP($B69,'PLANILHA ORÇAMENTÁRIA'!$C:$M,3,0) -> SUDECAP | E69: =VLOOKUP($B69,'PLANILHA ORÇAMENTÁRIA'!$C:$M,4,0) -> CONTAINER SIMPLES | F69: =VLOOKUP($B69,'PLANILHA ORÇAMENTÁRIA'!$C:$M,5,0) -> MES | G69: Qnt | H69: Mês (Qnt) | I69: L (m) | J69: H (m) | K69: A (m2) | L69: V (m3) | M69: =M70 -> 72
E70: Cronograma de obra (24 meses) | G70: 3 | H70: 24 | M70: =G70*H70 -> 72
A72: 5 | B72: =$B$59&"."&A72 -> 1.7.5 | C72: =VLOOKUP($B72,'PLANILHA ORÇAMENTÁRIA'!$C:$M,2,0) -> 01.02.40 | D72: =VLOOKUP($B72,'PLANILHA ORÇAMENTÁRIA'!$C:$M,3,0) -> SUDECAP | E72: =VLOOKUP($B72,'PLANILHA ORÇAMENTÁRIA'!$C:$M,4,0) -> REFEITÓRIO - ATÉ 19M2 | F72: =VLOOKUP($B72,'PLANILHA ORÇAMENTÁRIA'!$C:$M,5,0) -> M2 | G72: Qnt | H72: C (m) | I72: L (m) | J72: H (m) | K72: A (m2) | L72: V (m3) | M72: =M73 -> 38
E73: Cronograma de obra (24 meses) | G73: 2 | K73: 19 | M73: =G73*K73 -> 38
A75: 6 | B75: =$B$59&"."&A75 -> 1.7.6 | C75: =VLOOKUP($B75,'PLANILHA ORÇAMENTÁRIA'!$C:$M,2,0) -> 01.09.11 | D75: =VLOOKUP($B75,'PLANILHA ORÇAMENTÁRIA'!$C:$M,3,0) -> SUDECAP | E75: =VLOOKUP($B75,'PLANILHA ORÇAMENTÁRIA'!$C:$M,4,0) -> DESMOBILIZAÇÃO DE CONTAINER | F75: =VLOOKUP($B75,'PLANILHA ORÇAMENTÁRIA'!$C:$M,5,0) -> UN | G75: Qnt | H75: C (m) | I75: L (m) | J75: H (m) | K75: A (m2) | L75: V (m3) | M75: =G76 -> 8
E76: Container a ser desmobilizado | G76: =G61 -> 8
A78: 7 | B78: =$B$59&"."&A78 -> 1.7.7 | C78: =VLOOKUP($B78,'PLANILHA ORÇAMENTÁRIA'!$C:$M,2,0) -> 01.09.12 | D78: =VLOOKUP($B78,'PLANILHA ORÇAMENTÁRIA'!$C:$M,3,0) -> SUDECAP | E78: =VLOOKUP($B78,'PLANILHA ORÇAMENTÁRIA'!$C:$M,4,0) -> INSTALAÇÕES DE MOBILIÁRIOS PARA CONTAINER TIPO ESCRITÓRIO COM SANITÁRIO | F78: =VLOOKUP($B78,'PLANILHA ORÇAMENTÁRIA'!$C:$M,5,0) -> UN | G78: Qnt | H78: C (m) | I78: L (m) | J78: H (m) | K78: A (m2) | L78: V (m3) | M78: =G79 -> 2
E79: Considerando 1 ligação provisória | G79: =G64 -> 2
A81: 8 | B81: =$B$59&"."&A81 -> 1.7.8 | C81: =VLOOKUP($B81,'PLANILHA ORÇAMENTÁRIA'!$C:$M,2,0) -> 01.09.25 | D81: =VLOOKUP($B81,'PLANILHA ORÇAMENTÁRIA'!$C:$M,3,0) -> SUDECAP | E81: =VLOOKUP($B81,'PLANILHA ORÇAMENTÁRIA'!$C:$M,4,0) -> INSTALAÇÕES DE MOBILIÁRIOS PARA CONTAINER VESTIÁRIO TIPO II | F81: =VLOOKUP($B81,'PLANILHA ORÇAMENTÁRIA'!$C:$M,5,0) -> UN | G81: Qnt | H81: C (m) | I81: L (m) | J81: H (m) | K81: A (m2) | L81: V (m3) | M81: =G82 -> 3
E82: Cronograma de obra (24 meses) | G82: =G67 -> 3
A84: 9 | B84: =$B$59&"."&A84 -> 1.7.9 | C84: =VLOOKUP($B84,'PLANILHA ORÇAMENTÁRIA'!$C:$M,2,0) -> 01.14.48 | D84: =VLOOKUP($B84,'PLANILHA ORÇAMENTÁRIA'!$C:$M,3,0) -> SUDECAP | E84: =VLOOKUP($B84,'PLANILHA ORÇAMENTÁRIA'!$C:$M,4,0) -> INSTALAÇÃO ELÉTRICA - REFEITÓRIO ATÉ 19M2 | F84: =VLOOKUP($B84,'PLANILHA ORÇAMENTÁRIA'!$C:$M,5,0) -> UN | G84: Qnt | H84: C (m) | I84: L (m) | J84: H (m) | K84: A (m2) | L84: V (m3) | M84: =G85 -> 2
E85: Considerando 1 ligação provisória | G85: =G73 -> 2
A87: 10 | B87: =$B$59&"."&A87 -> 1.7.10 | C87: =VLOOKUP($B87,'PLANILHA ORÇAMENTÁRIA'!$C:$M,2,0) -> 01.14.57 | D87: =VLOOKUP($B87,'PLANILHA ORÇAMENTÁRIA'!$C:$M,3,0) -> SUDECAP | E87: =VLOOKUP($B87,'PLANILHA ORÇAMENTÁRIA'!$C:$M,4,0) -> INSTALAÇÃO HIDROSSANITÁRIA - SANITÁRIO ATÉ 22M2 | F87: =VLOOKUP($B87,'PLANILHA ORÇAMENTÁRIA'!$C:$M,5,0) -> UN | G87: Qnt | H87: C (m) | I87: L (m) | J87: H (m) | K87: A (m2) | L87: V (m3) | M87: =G88 -> 3
E88: Considerando 1 ligação provisória | G88: =G67 -> 3
A90: 11 | B90: =$B$59&"."&A90 -> 1.7.11 | C90: =VLOOKUP($B90,'PLANILHA ORÇAMENTÁRIA'!$C:$M,2,0) -> 01.09.15 | D90: =VLOOKUP($B90,'PLANILHA ORÇAMENTÁRIA'!$C:$M,3,0) -> SUDECAP | E90: =VLOOKUP($B90,'PLANILHA ORÇAMENTÁRIA'!$C:$M,4,0) -> INSTALAÇÕES DE MOBILIÁRIOS PARA CONTAINER TIPO DEPÓSITO E FERRAMENTARIA COM LAVATÓRIO | F90: =VLOOKUP($B90,'PLANILHA ORÇAMENTÁRIA'!$C:$M,5,0) -> UN | G90: Qnt | H90: C (m) | I90: L (m) | J90: H (m) | K90: A (m2) | L90: V (m3) | M90: =G91 -> 3
E91: Considerando 1 ligação provisória | G91: =G70 -> 3
A93: 12 | B93: =$B$59&"."&A93 -> 1.7.12 | C93: =VLOOKUP($B93,'PLANILHA ORÇAMENTÁRIA'!$C:$M,2,0) -> 01.14.34 | D93: =VLOOKUP($B93,'PLANILHA ORÇAMENTÁRIA'!$C:$M,3,0) -> SUDECAP | E93: =VLOOKUP($B93,'PLANILHA ORÇAMENTÁRIA'!$C:$M,4,0) -> TORRE PROVISÓRIA PARA CAIXA D'ÁGUA DE 1000L, H=4,00M | F93: =VLOOKUP($B93,'PLANILHA ORÇAMENTÁRIA'!$C:$M,5,0) -> UN | G93: Qnt | H93: C (m) | I93: L (m) | J93: H (m) | K93: A (m2) | L93: V (m3) | M93: =G94 -> 2
E94: Considerando para itens container com distribuição de água | G94: 2
A96: 8 | B96: =$B$8&"."&A96 -> 1.8 | E96: BANHEIRO QUÍMICO
A97: 1 | B97: =$B$96&"."&A97 -> 1.8.1 | C97: =VLOOKUP($B97,'PLANILHA ORÇAMENTÁRIA'!$C:$M,2,0) -> 01.10.01 | D97: =VLOOKUP($B97,'PLANILHA ORÇAMENTÁRIA'!$C:$M,3,0) -> SUDECAP | E97: =VLOOKUP($B97,'PLANILHA ORÇAMENTÁRIA'!$C:$M,4,0) -> BANHEIRO QUÍMICO 110 X 120 X 230CM COM MANUTENÇÃO | F97: =VLOOKUP($B97,'PLANILHA ORÇAMENTÁRIA'!$C:$M,5,0) -> MES | G97: Qnt | H97: Mês (Qnt) | I97: L (m) | J97: H (m) | K97: A (m2) | L97: V (m3) | M97: =M98 -> 72
E98: Cronograma de obra (24 Meses), sendo 3 frentes princicpais para as atividades | G98: 3 | H98: 24 | M98: =G98*H98 -> 72
A100: 9 | B100: =$B$8&"."&A100 -> 1.9 | E100: SINALIZAÇÃO DE OBRA
A101: 1 | B101: =$B$100&"."&A101 -> 1.9.1 | C101: =VLOOKUP($B101,'PLANILHA ORÇAMENTÁRIA'!$C:$M,2,0) -> 01.11.04 | D101: =VLOOKUP($B101,'PLANILHA ORÇAMENTÁRIA'!$C:$M,3,0) -> SUDECAP | E101: =VLOOKUP($B101,'PLANILHA ORÇAMENTÁRIA'!$C:$M,4,0) -> PLACA 0,50 X 0,50M CHAPA GALVANIZADA 22 CAVALETE METALON 20 X 20 | F101: =VLOOKUP($B101,'PLANILHA ORÇAMENTÁRIA'!$C:$M,5,0) -> UNMES | G101: Qnt | H101: C (m) | I101: L (m) | J101: H (m) | K101: A (m2) | L101: V (m3) | M101: =G102 -> 20
E102: Apoio a Sinalização Viária | G102: 20
A104: 2 | B104: =$B$100&"."&A104 -> 1.9.2 | C104: =VLOOKUP($B104,'PLANILHA ORÇAMENTÁRIA'!$C:$M,2,0) -> 01.11.08 | D104: =VLOOKUP($B104,'PLANILHA ORÇAMENTÁRIA'!$C:$M,3,0) -> SUDECAP | E104: =VLOOKUP($B104,'PLANILHA ORÇAMENTÁRIA'!$C:$M,4,0) -> SINALIZADOR MONOLIGHT LED 60 A 70 FLASHES/MINUTO | F104: =VLOOKUP($B104,'PLANILHA ORÇAMENTÁRIA'!$C:$M,5,0) -> UN | G104: Qnt | H104: C (m) | I104: L (m) | J104: H (m) | K104: A (m2) | L104: V (m3) | M104: =G105 -> 100
E105: Apoio a Sinalização Viária | G105: 100
A107: 3 | B107: =$B$100&"."&A107 -> 1.9.3 | C107: =VLOOKUP($B107,'PLANILHA ORÇAMENTÁRIA'!$C:$M,2,0) -> 65000008 | D107: =VLOOKUP($B107,'PLANILHA ORÇAMENTÁRIA'!$C:$M,3,0) -> COPASA | E107: =VLOOKUP($B107,'PLANILHA ORÇAMENTÁRIA'!$C:$M,4,0) -> SINALIZACAO - PLACA DE DISTANCIA DE OBRAS CONFORME PADRAO COPASA P.066 - FORNECIMENTO E MOVIMENTACAO | F107: =VLOOKUP($B107,'PLANILHA ORÇAMENTÁRIA'!$C:$M,5,0) -> UN | G107: Qnt | H107: C (m) | I107: L (m) | J107: H (m) | K107: A (m2) | L107: V (m3) | M107: =G108 -> 80
E108: Apoio a Sinalização Viária | G108: 80
A110: 4 | B110: =$B$100&"."&A110 -> 1.9.4 | C110: =VLOOKUP($B110,'PLANILHA ORÇAMENTÁRIA'!$C:$M,2,0) -> 65000010 | D110: =VLOOKUP($B110,'PLANILHA ORÇAMENTÁRIA'!$C:$M,3,0) -> COPASA | E110: =VLOOKUP($B110,'PLANILHA ORÇAMENTÁRIA'!$C:$M,4,0) -> SINALIZACAO - CONE CONFORME PADRAO COPASA P.065 FORNECIMENTO E MOVIMENTACAO | F110: =VLOOKUP($B110,'PLANILHA ORÇAMENTÁRIA'!$C:$M,5,0) -> UN | G110: Qnt | H110: C (m) | I110: L (m) | J110: H (m) | K110: A (m2) | L110: V (m3) | M110: =G111 -> 80
E111: Apoio a Sinalização Viária | G111: 80
A113: 5 | B113: =$B$100&"."&A113 -> 1.9.5 | C113: =VLOOKUP($B113,'PLANILHA ORÇAMENTÁRIA'!$C:$M,2,0) -> 65000012 | D113: =VLOOKUP($B113,'PLANILHA ORÇAMENTÁRIA'!$C:$M,3,0) -> COPASA | E113: =VLOOKUP($B113,'PLANILHA ORÇAMENTÁRIA'!$C:$M,4,0) -> SINALIZACAO NOTURNA - FORNECIMENTO E INSTALACAO | F113: =VLOOKUP($B113,'PLANILHA ORÇAMENTÁRIA'!$C:$M,5,0) -> UN | G113: Qnt | H113: C (m) | I113: L (m) | J113: H (m) | K113: A (m2) | L113: V (m3) | M113: =G114 -> 200
E114: Apoio a Sinalização Viária | G114: 200
A116: 6 | B116: =$B$100&"."&A116 -> 1.9.6 | C116: =VLOOKUP($B116,'PLANILHA ORÇAMENTÁRIA'!$C:$M,2,0) -> 65000014 | D116: =VLOOKUP($B116,'PLANILHA ORÇAMENTÁRIA'!$C:$M,3,0) -> COPASA | E116: =VLOOKUP($B116,'PLANILHA ORÇAMENTÁRIA'!$C:$M,4,0) -> TRAVESSIA PARA VEICULOS EM CHAPA DE ACO FORNECIMENTO E POSICIONAMENTO | F116: =VLOOKUP($B116,'PLANILHA ORÇAMENTÁRIA'!$C:$M,5,0) -> M2 | G116: Qnt | H116: C (m) | I116: L (m) | J116: H (m) | K116: A (m2) | L116: V (m3) | M116: =M117 -> 30
E117: Apoio a Sinalização Viária | G117: 2 | H117: 5 | I117: 3 | K117: =I117*H117 -> 15 | M117: =K117*G117 -> 30
A119: 7 | B119: =$B$100&"."&A119 -> 1.9.7 | C119: =VLOOKUP($B119,'PLANILHA ORÇAMENTÁRIA'!$C:$M,2,0) -> 65000015 | D119: =VLOOKUP($B119,'PLANILHA ORÇAMENTÁRIA'!$C:$M,3,0) -> COPASA | E119: =VLOOKUP($B119,'PLANILHA ORÇAMENTÁRIA'!$C:$M,4,0) -> TRAVESSIA PARA PEDESTRES EM MADEIRA INCLUSIVE GUARDA-CORPO FORNECIMENTO E POSICIONAMENTO | F119: =VLOOKUP($B119,'PLANILHA ORÇAMENTÁRIA'!$C:$M,5,0) -> M2 | G119: Qnt | H119: C (m) | I119: L (m) | J119: H (m) | K119: A (m2) | L119: V (m3) | M119: =M120 -> 7.5
E120: Apoio a Sinalização Viária | G120: 2 | H120: 2.5 | I120: 1.5 | K120: =I120*H120 -> 3.75 | M120: =K120*G120 -> 7.5
A122: 8 | B122: =$B$100&"."&A122 -> 1.9.8 | C122: =VLOOKUP($B122,'PLANILHA ORÇAMENTÁRIA'!$C:$M,2,0) -> 5212560 | D122: =VLOOKUP($B122,'PLANILHA ORÇAMENTÁRIA'!$C:$M,3,0) -> SICRO 3 | E122: =VLOOKUP($B122,'PLANILHA ORÇAMENTÁRIA'!$C:$M,4,0) -> PLACA DE ADVERTÊNCIA PARA SINALIZAÇÃO DE OBRAS MONTADA EM SUPORTE METÁLICO MÓVEL, LADO 1,00 M - UTILIZAÇÃO DE 600 CICLOS - FORNECIMENTO, 01 IMPLANTAÇÃO E 01 RETIRADA DIÁRIA | F122: =VLOOKUP($B122,'PLANILHA ORÇAMENTÁRIA'!$C:$M,5,0) -> UN.DIA | G122: Qnt | H122: C (m) | I122: L (m) | J122: H (m) | K122: A (m2) | L122: V (m3) | M122: =M123 -> 900
E123: Apoio a Sinalização Viária - (6 meses) | G123: 5 | H123: 180 | M123: =G123*H123 -> 900
A125: 9 | B125: =$B$100&"."&A125 -> 1.9.9 | C125: =VLOOKUP($B125,'PLANILHA ORÇAMENTÁRIA'!$C:$M,2,0) -> 5213835 | D125: =VLOOKUP($B125,'PLANILHA ORÇAMENTÁRIA'!$C:$M,3,0) -> SICRO 3 | E125: =VLOOKUP($B125,'PLANILHA ORÇAMENTÁRIA'!$C:$M,4,0) -> CONE PLÁSTICO PARA CANALIZAÇÃO DE TRÂNSITO - UTILIZAÇÃO DE 150 CICLOS - FORNECIMENTO, 01 IMPLANTAÇÃO E 01 RETIRADA DIÁRIA | F125: =VLOOKUP($B125,'PLANILHA ORÇAMENTÁRIA'!$C:$M,5,0) -> UN.DIA | G125: Qnt | H125: C (m) | I125: L (m) | J125: H (m) | K125: A (m2) | L125: V (m3) | M125: =M126 -> 18000
E126: Apoio a Sinalização Viária - (6 meses) | G126: 100 | H126: 180 | M126: =G126*H126 -> 18000
A128: 10 | B128: =$B$100&"."&A128 -> 1.9.10 | C128: =VLOOKUP($B128,'PLANILHA ORÇAMENTÁRIA'!$C:$M,2,0) -> 01.04.09 | D128: =VLOOKUP($B128,'PLANILHA ORÇAMENTÁRIA'!$C:$M,3,0) -> SUDECAP | E128: =VLOOKUP($B128,'PLANILHA ORÇAMENTÁRIA'!$C:$M,4,0) -> TELA - TAPUME DE POLIPROPILENO H=1,20 M, INCLUSIVE BASE | F128: =VLOOKUP($B128,'PLANILHA ORÇAMENTÁRIA'!$C:$M,5,0) -> M | G128: Qnt | H128: C (m) | I128: L (m) | J128: H (m) | K128: A (m2) | L128: V (m3) | M128: =G129 -> 350
E129: Apoio a Sinalização Viária | G129: 350
A131: 11 | B131: =$B$100&"."&A131 -> 1.9.11 | C131: =VLOOKUP($B131,'PLANILHA ORÇAMENTÁRIA'!$C:$M,2,0) -> 3719529 | D131: =VLOOKUP($B131,'PLANILHA ORÇAMENTÁRIA'!$C:$M,3,0) -> SICRO 3 | E131: =VLOOKUP($B131,'PLANILHA ORÇAMENTÁRIA'!$C:$M,4,0) -> BARREIRA SIMPLES DE CONCRETO, ARMADA, PRÉ-MOLDADA (PERFIL NEW JERSEY) - L > 3,00 M E H = 810 MM | F131: =VLOOKUP($B131,'PLANILHA ORÇAMENTÁRIA'!$C:$M,5,0) -> M | G131: Qnt | H131: C (m) | I131: L (m) | J131: H (m) | K131: A (m2) | L131: V (m3) | M131: =G132 -> 180
E132: Apoio a Sinalização Viária | G132: 180
A134: 10 | B134: =$B$8&"."&A134 -> 1.10 | E134: ANDAIME E PLATAFORMAS DE TRABALHO
A135: 1 | B135: =$B$134&"."&A135 -> 1.10.1 | C135: =VLOOKUP($B135,'PLANILHA ORÇAMENTÁRIA'!$C:$M,2,0) -> 01.29.06 | D135: =VLOOKUP($B135,'PLANILHA ORÇAMENTÁRIA'!$C:$M,3,0) -> SUDECAP | E135: =VLOOKUP($B135,'PLANILHA ORÇAMENTÁRIA'!$C:$M,4,0) -> ANDAIME METÁLICO TIPO FACHADEIRO, INCLUINDO SAPATAS AJUSTÁVEIS, PISO METÁLICO E ESCADA | F135: =VLOOKUP($B135,'PLANILHA ORÇAMENTÁRIA'!$C:$M,5,0) -> M2MES | G135: Qnt | H135: C (m) | I135: L (m) | J135: H (m) | K135: A (m2) | L135: V (m3) | M135: =M136 -> 2800
E136: Apoio para Contenções e Viaduto | G136: =2+3 -> 5 | H136: 20 | J136: 28 | K136: =J136*H136 -> 560 | M136: =K136*G136 -> 2800
A138: 2 | B138: =$B$134&"."&A138 -> 1.10.2 | C138: =VLOOKUP($B138,'PLANILHA ORÇAMENTÁRIA'!$C:$M,2,0) -> 01.29.03 | D138: =VLOOKUP($B138,'PLANILHA ORÇAMENTÁRIA'!$C:$M,3,0) -> SUDECAP | E138: =VLOOKUP($B138,'PLANILHA ORÇAMENTÁRIA'!$C:$M,4,0) -> MONTAGEM DE ANDAIME FACHADEIRO ADP REF 97063 | F138: =VLOOKUP($B138,'PLANILHA ORÇAMENTÁRIA'!$C:$M,5,0) -> M2 | G138: Qnt | H138: C (m) | I138: L (m) | J138: H (m) | K138: A (m2) | L138: V (m3) | M138: =M139 -> 300
E139: Apoio para Contenções e Viaduto | G139: =2+3 -> 5 | H139: 20 | J139: 3 | K139: =J139*H139 -> 60 | M139: =K139*G139 -> 300
A141: 3 | B141: =$B$134&"."&A141 -> 1.10.3 | C141: =VLOOKUP($B141,'PLANILHA ORÇAMENTÁRIA'!$C:$M,2,0) -> 01.29.04 | D141: =VLOOKUP($B141,'PLANILHA ORÇAMENTÁRIA'!$C:$M,3,0) -> SUDECAP | E141: =VLOOKUP($B141,'PLANILHA ORÇAMENTÁRIA'!$C:$M,4,0) -> DESMONTAGEM DE ANDAIME FACHADEIRO ADP REF 97063 | F141: =VLOOKUP($B141,'PLANILHA ORÇAMENTÁRIA'!$C:$M,5,0) -> M2 | G141: Qnt | H141: C (m) | I141: L (m) | J141: H (m) | K141: A (m2) | L141: V (m3) | M141: =M142 -> 300
E142: Apoio para Contenções e Viaduto | G142: =2+3 -> 5 | H142: 20 | J142: 3 | K142: =J142*H142 -> 60 | M142: =K142*G142 -> 300
...

Sheet CRONOGRAMA
B3: CRONOGRAMA FÍSICO E FINANCEIRO
B4: ='PLANILHA ORÇAMENTÁRIA'!C5 -> Município: PREFEITURA MUNICIPAL DE NOVA LIMA - MG
B5: ='PLANILHA ORÇAMENTÁRIA'!C6 -> Projeto: ENTRONCAMENTO DA MG-030 x BR-356 – VIADUTO FERRADURA
B6: ='PLANILHA ORÇAMENTÁRIA'!C7 -> Responsável Técnico: SINVAL LADEIRA
B7: ='PLANILHA ORÇAMENTÁRIA'!C8 -> Nº CREA: 28498/D
B8: ='PLANILHA ORÇAMENTÁRIA'!C9 -> DATA: | C8: =RESUMO!D9 -> 46092
D9: CRONOGRAMA
B10: Item | C10: Descrição | D10: Valor dos Serviços | F10: 1 | H10: 2 | J10: 3 | L10: 4 | N10: 5 | P10: 6 | R10: 7 | T10: 8 | V10: 9 | X10: 10 | Z10: 11 | AB10: 12 | AD10: 13 | AF10: 14 | AH10: 15 | AJ10: 16 | AL10: 17 | AN10: 18 | AP10: 19 | AR10: 20 | AT10: 21 | AV10: 22 | AX10: 23 | AZ10: 24
C11: Grandes Itens (Etapas da obra) | D11: R$ | E11: Peso % | F11: R$ | G11: Peso % | H11: R$ | I11: Peso % | J11: R$ | K11: Peso % | L11: R$ | M11: Peso % | N11: R$ | O11: Peso % | P11: R$ | Q11: Peso % | R11: R$ | S11: Peso % | T11: R$ | U11: Peso % | V11: R$ | W11: Peso % | X11: R$ | Y11: Peso % | Z11: R$ | AA11: Peso % | AB11: R$ | AC11: Peso % | AD11: R$ | AE11: Peso % | AF11: R$ | AG11: Peso % | AH11: R$ | AI11: Peso % | AJ11: R$ | AK11: Peso % | AL11: R$ | AM11: Peso % | AN11: R$ | AO11: Peso % | AP11: R$ | AQ11: Peso % | AR11: R$ | AS11: Peso % | AT11: R$ | AU11: Peso % | AV11: R$ | AW11: Peso % | AX11: R$ | AY11: Peso % | AZ11: R$ | BA11: Peso %
B12: 1 | C12: =VLOOKUP(B12,'PLANILHA ORÇAMENTÁRIA'!C:M,4,0) -> CANTEIRO DE OBRA | D12: =VLOOKUP(B12,'PLANILHA ORÇAMENTÁRIA'!C:M,10,0) -> 2742382.5 | E12: =IFERROR(D12/$D$31,"") -> 0.058340606 | F12: =G12*D12 -> 11243.768 | G12: 0.0041 | H12: =I12*D12 -> 25504.157 | I12: 0.0093 | J12: =K12*D12 -> 39216.07 | K12: 0.0143 | L12: =M12*D12 -> 57590.033 | M12: 0.021 | N12: =O12*D12 -> 77883.663 | O12: 0.0284 | P12: =Q12*D12 -> 97903.055 | Q12: 0.0357 | R12: =S12*D12 -> 118196.69 | S12: 0.0431 | T12: =U12*D12 -> 132457.07 | U12: 0.0483 | V12: =W12*D12 -> 149459.85 | W12: 0.0545 | X12: =Y12*D12 -> 162897.52 | Y12: 0.0594 | Z12: =AA12*D12 -> 173044.34 | AA12: 0.0631 | AB12: =AC12*D12 -> 183191.15 | AC12: 0.0668 | AD12: =AE12*D12 -> 192789.49 | AE12: 0.0703 | AF12: =AG12*D12 -> 195257.63 | AG12: 0.0712 | AH12: =AI12*D12 -> 194983.4 | AI12: 0.0711 | AJ12: =AK12*D12 -> 188950.15 | AK12: 0.0689 | AL12: =AM12*D12 -> 178529.1 | AM12: 0.0651 | AN12: =AO12*D12 -> 163720.24 | AO12: 0.0597 | AP12: =AQ12*D12 -> 139313.03 | AQ12: 0.0508 | AR12: =AS12*D12 -> 110518.01 | AS12: 0.0403 | AT12: =AU12*D12 -> 77335.187 | AU12: 0.0282 | AV12: =AW12*D12 -> 44700.835 | AW12: 0.0163 | AX12: =AY12*D12 -> 21939.06 | AY12: 0.008 | AZ12: =BA12*D12 -> 5759.0033 | BA12: 0.0021 | BB12: =IF(SUM(AC12,AA12,Y12,W12,U12,S12,Q12,O12,M12,K12,I12,G12,BA12,AY12,AW12,AU12,AS12,AQ12,AO12,AM12,AK12,AI12,AG12,AE12)=100%,"","Rever")
B13: 2 | C13: =VLOOKUP(B13,'PLANILHA ORÇAMENTÁRIA'!C:M,4,0) -> DEMOLIÇÕES E REMOÇÕES | D13: =VLOOKUP(B13,'PLANILHA ORÇAMENTÁRIA'!C:M,10,0) -> 81844.89 | E13: =IFERROR(D13/$D$31,"") -> 0.0017411432 | F13: =G13*D13 -> 3985.8461 | G13: 0.0487 | H13: =I13*D13 -> 12792.356 | I13: 0.1563 | J13: =K13*D13 -> 19937.415 | K13: 0.2436 | L13: =M13*D13 -> 0 | N13: =O13*D13 -> 0 | P13: =Q13*D13 -> 0 | R13: =S13*D13 -> 0 | T13: =U13*D13 -> 0 | V13: =W13*D13 -> 0 | X13: =Y13*D13 -> 0 | Z13: =AA13*D13 -> 0 | AB13: =AC13*D13 -> 0 | AD13: =AE13*D13 -> 23039.337 | AE13: 0.2815 | AF13: =AG13*D13 -> 17621.205 | AG13: 0.2153 | AH13: =AI13*D13 -> 4468.731 | AI13: 0.0546 | AJ13: =AK13*D13 -> 0 | AL13: =AM13*D13 -> 0 | AN13: =AO13*D13 -> 0 | AP13: =AQ13*D13 -> 0 | AR13: =AS13*D13 -> 0 | AT13: =AU13*D13 -> 0 | AV13: =AW13*D13 -> 0 | AX13: =AY13*D13 -> 0 | AZ13: =BA13*D13 -> 0 | BB13: =IF(SUM(AC13,AA13,Y13,W13,U13,S13,Q13,O13,M13,K13,I13,G13,BA13,AY13,AW13,AU13,AS13,AQ13,AO13,AM13,AK13,AI13,AG13,AE13)=100%,"","Rever")
B14: 3 | C14: =VLOOKUP(B14,'PLANILHA ORÇAMENTÁRIA'!C:M,4,0) -> TERRAPLENAGEM | D14: =VLOOKUP(B14,'PLANILHA ORÇAMENTÁRIA'!C:M,10,0) -> 1054710.5 | E14: =IFERROR(D14/$D$31,"") -> 0.022437589 | F14: =G14*D14 -> 0 | H14: =I14*D14 -> 14133.121 | I14: 0.0134 | J14: =K14*D14 -> 37231.281 | K14: 0.0353 | L14: =M14*D14 -> 67817.886 | M14: 0.0643 | N14: =O14*D14 -> 96822.426 | O14: 0.0918 | P14: =Q14*D14 -> 120131.53 | Q14: 0.1139 | R14: =S14*D14 -> 137006.9 | S14: 0.1299 | T14: =U14*D14 -> 0 | V14: =W14*D14 -> 0 | X14: =Y14*D14 -> 0 | Z14: =AA14*D14 -> 0 | AB14: =AC14*D14 -> 0 | AD14: =AE14*D14 -> 149241.54 | AE14: 0.1415 | AF14: =AG14*D14 -> 147659.47 | AG14: 0.14 | AH14: =AI14*D14 -> 130995.05 | AI14: 0.1242 | AJ14: =AK14*D14 -> 96084.128 | AK14: 0.0911 | AL14: =AM14*D14 -> 46934.618 | AM14: 0.0445 | AN14: =AO14*D14 -> 10652.576 | AO14: 0.0101 | AP14: =AQ14*D14 -> 0 | AR14: =AS14*D14 -> 0 | AT14: =AU14*D14 -> 0 | AV14: =AW14*D14 -> 0 | AX14: =AY14*D14 -> 0 | AZ14: =BA14*D14 -> 0 | BB14: =IF(SUM(AC14,AA14,Y14,W14,U14,S14,Q14,O14,M14,K14,I14,G14,BA14,AY14,AW14,AU14,AS14,AQ14,AO14,AM14,AK14,AI14,AG14,AE14)=100%,"","Rever")
B15: 4 | C15: =VLOOKUP(B15,'PLANILHA ORÇAMENTÁRIA'!C:M,4,0) -> CONTENÇÕES | D15: =VLOOKUP(B15,'PLANILHA ORÇAMENTÁRIA'!C:M,10,0) -> 3011973 | E15: =IFERROR(D15/$D$31,"") -> 0.064075791 | F15: =G15*D15 -> 0 | H15: =I15*D15 -> 0 | J15: =K15*D15 -> 40360.438 | K15: 0.0134 | L15: =M15*D15 -> 106322.65 | M15: 0.0353 | N15: =O15*D15 -> 193669.86 | O15: 0.0643 | P15: =Q15*D15 -> 276499.12 | Q15: 0.0918 | R15: =S15*D15 -> 343063.72 | S15: 0.1139 | T15: =U15*D15 -> 391255.29 | U15: 0.1299 | V15: =W15*D15 -> 426194.17 | W15: 0.1415 | X15: =Y15*D15 -> 421676.21 | Y15: 0.14 | Z15: =AA15*D15 -> 374087.04 | AA15: 0.1242 | AB15: =AC15*D15 -> 274390.74 | AC15: 0.0911 | AD15: =AE15*D15 -> 134032.8 | AE15: 0.0445 | AF15: =AG15*D15 -> 30420.927 | AG15: 0.0101 | AH15: =AI15*D15 -> 0 | AJ15: =AK15*D15 -> 0 | AL15: =AM15*D15 -> 0 | AN15: =AO15*D15 -> 0 | AP15: =AQ15*D15 -> 0 | AR15: =AS15*D15 -> 0 | AT15: =AU15*D15 -> 0 | AV15: =AW15*D15 -> 0 | AX15: =AY15*D15 -> 0 | AZ15: =BA15*D15 -> 0 | BB15: =IF(SUM(AC15,AA15,Y15,W15,U15,S15,Q15,O15,M15,K15,I15,G15,BA15,AY15,AW15,AU15,AS15,AQ15,AO15,AM15,AK15,AI15,AG15,AE15)=100%,"","Rever")
B16: 5 | C16: =VLOOKUP(B16,'PLANILHA ORÇAMENTÁRIA'!C:M,4,0) -> ESTRUTURAL DO VIADUTO | D16: =VLOOKUP(B16,'PLANILHA ORÇAMENTÁRIA'!C:M,10,0) -> 22329475 | E16: =IFERROR(D16/$D$31,"") -> 0.47503042 | F16: =G16*D16 -> 0 | H16: =I16*D16 -> 0 | J16: =K16*D16 -> 0 | L16: =M16*D16 -> 180868.75 | M16: 0.0081 | N16: =O16*D16 -> 437657.71 | O16: 0.0196 | P16: =Q16*D16 -> 765900.99 | Q16: 0.0343 | R16: =S16*D16 -> 1134337.3 | S16: 0.0508 | T16: =U16*D16 -> 1493841.9 | U16: 0.0669 | V16: =W16*D16 -> 1777426.2 | W16: 0.0796 | X16: =Y16*D16 -> 2020817.5 | Y16: 0.0905 | Z16: =AA16*D16 -> 2206152.1 | AA16: 0.0988 | AB16: =AC16*D16 -> 2364691.4 | AC16: 0.1059 | AD16: =AE16*D16 -> 2382555 | AE16: 0.1067 | AF16: =AG16*D16 -> 2279839.4 | AG16: 0.1021 | AH16: =AI16*D16 -> 2031982.2 | AI16: 0.091 | AJ16: =AK16*D16 -> 1618886.9 | AK16: 0.0725 | AL16: =AM16*D16 -> 1045019.4 | AM16: 0.0468 | AN16: =AO16*D16 -> 471151.92 | AO16: 0.0211 | AP16: =AQ16*D16 -> 118346.22 | AQ16: 0.0053 | AR16: =AS16*D16 -> 0 | AT16: =AU16*D16 -> 0 | AV16: =AW16*D16 -> 0 | AX16: =AY16*D16 -> 0 | AZ16: =BA16*D16 -> 0 | BB16: =IF(SUM(AC16,AA16,Y16,W16,U16,S16,Q16,O16,M16,K16,I16,G16,BA16,AY16,AW16,AU16,AS16,AQ16,AO16,AM16,AK16,AI16,AG16,AE16)=100%,"","Rever")
B17: 6 | C17: =VLOOKUP(B17,'PLANILHA ORÇAMENTÁRIA'!C:M,4,0) -> PAVIMENTAÇÃO | D17: =VLOOKUP(B17,'PLANILHA ORÇAMENTÁRIA'!C:M,10,0) -> 1569815.7 | E17: =IFERROR(D17/$D$31,"") -> 0.033395778 | F17: =G17*D17 -> 0 | H17: =I17*D17 -> 0 | J17: =K17*D17 -> 0 | L17: =M17*D17 -> 0 | N17: =O17*D17 -> 0 | P17: =Q17*D17 -> 0 | R17: =S17*D17 -> 0 | T17: =U17*D17 -> 0 | V17: =W17*D17 -> 0 | X17: =Y17*D17 -> 0 | Z17: =AA17*D17 -> 0 | AB17: =AC17*D17 -> 28256.682 | AC17: 0.018 | AD17: =AE17*D17 -> 83200.23 | AE17: 0.053 | AF17: =AG17*D17 -> 147562.67 | AG17: 0.094 | AH17: =AI17*D17 -> 202506.22 | AI17: 0.129 | AJ17: =AK17*D17 -> 243321.43 | AK17: 0.155 | AL17: =AM17*D17 -> 266868.66 | AM17: 0.17 | AN17: =AO17*D17 -> 257449.77 | AO17: 0.164 | AP17: =AQ17*D17 -> 205645.85 | AQ17: 0.131 | AR17: =AS17*D17 -> 111456.91 | AS17: 0.071 | AT17: =AU17*D17 -> 23547.235 | AU17: 0.015 | AV17: =AW17*D17 -> 0 | AX17: =AY17*D17 -> 0 | AZ17: =BA17*D17 -> 0 | BB17: =IF(SUM(AC17,AA17,Y17,W17,U17,S17,Q17,O17,M17,K17,I17,G17,BA17,AY17,AW17,AU17,AS17,AQ17,AO17,AM17,AK17,AI17,AG17,AE17)=100%,"","Rever")
B18: 7 | C18: =VLOOKUP(B18,'PLANILHA ORÇAMENTÁRIA'!C:M,4,0) -> DRENAGEM PROFUNDA E SUPERFICIAL | D18: =VLOOKUP(B18,'PLANILHA ORÇAMENTÁRIA'!C:M,10,0) -> 1179990.8 | E18: =IFERROR(D18/$D$31,"") -> 0.025102762 | F18: =G18*D18 -> 0 | H18: =I18*D18 -> 0 | J18: =K18*D18 -> 3775.9704 | K18: 0.0032 | L18: =M18*D18 -> 14277.888 | M18: 0.0121 | N18: =O18*D18 -> 31269.755 | O18: 0.0265 | P18: =Q18*D18 -> 51919.593 | Q18: 0.044 | R18: =S18*D18 -> 70681.447 | S18: 0.0599 | T18: =U18*D18 -> 84605.337 | U18: 0.0717 | V18: =W18*D18 -> 94045.264 | W18: 0.0797 | X18: =Y18*D18 -> 99237.223 | Y18: 0.0841 | Z18: =AA18*D18 -> 101125.21 | AA18: 0.0857 | AB18: =AC18*D18 -> 99709.219 | AC18: 0.0845 | AD18: =AE18*D18 -> 94045.264 | AE18: 0.0797 | AF18: =AG18*D18 -> 87909.312 | AG18: 0.0745 | AH18: =AI18*D18 -> 80829.367 | AI18: 0.0685 | AJ18: =AK18*D18 -> 71625.439 | AK18: 0.0607 | AL18: =AM18*D18 -> 61831.516 | AM18: 0.0524 | AN18: =AO18*D18 -> 49559.612 | AO18: 0.042 | AP18: =AQ18*D18 -> 37051.71 | AQ18: 0.0314 | AR18: =AS18*D18 -> 24779.806 | AS18: 0.021 | AT18: =AU18*D18 -> 15221.881 | AU18: 0.0129 | AV18: =AW18*D18 -> 6489.9492 | AW18: 0.0055 | AX18: =AY18*D18 -> 0 | AZ18: =BA18*D18 -> 0 | BB18: =IF(SUM(AC18,AA18,Y18,W18,U18,S18,Q18,O18,M18,K18,I18,G18,BA18,AY18,AW18,AU18,AS18,AQ18,AO18,AM18,AK18,AI18,AG18,AE18)=100%,"","Rever")
B19: 8 | C19: =VLOOKUP(B19,'PLANILHA ORÇAMENTÁRIA'!C:M,4,0) -> SINALIZAÇÃO VIÁRIA | D19: =VLOOKUP(B19,'PLANILHA ORÇAMENTÁRIA'!C:M,10,0) -> 1021319.9 | E19: =IFERROR(D19/$D$31,"") -> 0.021727247 | F19: =G19*D19 -> 0 | H19: =I19*D19 -> 0 | J19: =K19*D19 -> 0 | L19: =M19*D19 -> 0 | N19: =O19*D19 -> 0 | P19: =Q19*D19 -> 0 | R19: =S19*D19 -> 0 | T19: =U19*D19 -> 0 | V19: =W19*D19 -> 0 | X19: =Y19*D19 -> 0 | Z19: =AA19*D19 -> 0 | AB19: =AC19*D19 -> 0 | AD19: =AE19*D19 -> 13685.686 | AE19: 0.0134 | AF19: =AG19*D19 -> 36052.591 | AG19: 0.0353 | AH19: =AI19*D19 -> 65670.868 | AI19: 0.0643 | AJ19: =AK19*D19 -> 93757.164 | AK19: 0.0918 | AL19: =AM19*D19 -> 116328.33 | AM19: 0.1139 | AN19: =AO19*D19 -> 132669.45 | AO19: 0.1299 | AP19: =AQ19*D19 -> 144516.76 | AQ19: 0.1415 | AR19: =AS19*D19 -> 142984.78 | AS19: 0.14 | AT19: =AU19*D19 -> 126847.93 | AU19: 0.1242 | AV19: =AW19*D19 -> 93042.24 | AW19: 0.0911 | AX19: =AY19*D19 -> 45448.734 | AY19: 0.0445 | AZ19: =BA19*D19 -> 10315.331 | BA19: 0.0101 | BB19: =IF(SUM(AC19,AA19,Y19,W19,U19,S19,Q19,O19,M19,K19,I19,G19,BA19,AY19,AW19,AU19,AS19,AQ19,AO19,AM19,AK19,AI19,AG19,AE19)=100%,"","Rever")
B20: 9 | C20: =VLOOKUP(B20,'PLANILHA ORÇAMENTÁRIA'!C:M,4,0) -> SERVIÇOS TÉCNICOS E DE APOIO | D20: =VLOOKUP(B20,'PLANILHA ORÇAMENTÁRIA'!C:M,10,0) -> 558711.96 | E20: =IFERROR(D20/$D$31,"") -> 0.011885867 | F20: =G20*D20 -> 0 | H20: =I20*D20 -> 2625.9462 | I20: 0.0047 | J20: =K20*D20 -> 6089.9604 | K20: 0.0109 | L20: =M20*D20 -> 9553.9745 | M20: 0.0171 | N20: =O20*D20 -> 14247.155 | O20: 0.0255 | P20: =Q20*D20 -> 19107.949 | Q20: 0.0342 | R20: =S20*D20 -> 24024.614 | S20: 0.043 | T20: =U20*D20 -> 28494.31 | U20: 0.051 | V20: =W20*D20 -> 32070.067 | W20: 0.0574 | X20: =Y20*D20 -> 35645.823 | Y20: 0.0638 | Z20: =AA20*D20 -> 38160.027 | AA20: 0.0683 | AB20: =AC20*D20 -> 40618.359 | AC20: 0.0727 | AD20: =AE20*D20 -> 42909.079 | AE20: 0.0768 | AF20: =AG20*D20 -> 43411.919 | AG20: 0.0777 | AH20: =AI20*D20 -> 43132.563 | AI20: 0.0772 | AJ20: =AK20*D20 -> 41344.685 | AK20: 0.074 | AL20: =AM20*D20 -> 38327.64 | AM20: 0.0686 | AN20: =AO20*D20 -> 33578.589 | AO20: 0.0601 | AP20: =AQ20*D20 -> 27488.628 | AQ20: 0.0492 | AR20: =AS20*D20 -> 19499.047 | AS20: 0.0349 | AT20: =AU20*D20 -> 11509.466 | AU20: 0.0206 | AV20: =AW20*D20 -> 5419.506 | AW20: 0.0097 | AX20: =AY20*D20 -> 1452.6511 | AY20: 0.0026 | AZ20: =BA20*D20 -> 0 | BB20: =IF(SUM(AC20,AA20,Y20,W20,U20,S20,Q20,O20,M20,K20,I20,G20,BA20,AY20,AW20,AU20,AS20,AQ20,AO20,AM20,AK20,AI20,AG20,AE20)=100%,"","Rever")
B21: 10 | C21: =VLOOKUP(B21,'PLANILHA ORÇAMENTÁRIA'!C:M,4,0) -> PLATAFORMA TELESCÓPICA | D21: =VLOOKUP(B21,'PLANILHA ORÇAMENTÁRIA'!C:M,10,0) -> 915829.2 | E21: =IFERROR(D21/$D$31,"") -> 0.01948307 | F21: =G21*D21 -> 0 | H21: =I21*D21 -> 0 | J21: =K21*D21 -> 5037.0606 | K21: 0.0055 | L21: =M21*D21 -> 11814.197 | M21: 0.0129 | N21: =O21*D21 -> 19232.413 | O21: 0.021 | P21: =Q21*D21 -> 28757.037 | Q21: 0.0314 | R21: =S21*D21 -> 38464.826 | S21: 0.042 | T21: =U21*D21 -> 47989.45 | U21: 0.0524 | V21: =W21*D21 -> 55590.832 | W21: 0.0607 | X21: =Y21*D21 -> 62734.3 | Y21: 0.0685 | Z21: =AA21*D21 -> 68229.275 | AA21: 0.0745 | AB21: =AC21*D21 -> 72991.587 | AC21: 0.0797 | AD21: =AE21*D21 -> 77387.567 | AE21: 0.0845 | AF21: =AG21*D21 -> 78486.562 | AG21: 0.0857 | AH21: =AI21*D21 -> 77021.236 | AI21: 0.0841 | AJ21: =AK21*D21 -> 72991.587 | AK21: 0.0797 | AL21: =AM21*D21 -> 65664.954 | AM21: 0.0717 | AN21: =AO21*D21 -> 54858.169 | AO21: 0.0599 | AP21: =AQ21*D21 -> 40296.485 | AQ21: 0.044 | AR21: =AS21*D21 -> 24269.474 | AS21: 0.0265 | AT21: =AU21*D21 -> 11081.533 | AU21: 0.0121 | AV21: =AW21*D21 -> 2930.6534 | AW21: 0.0032 | AX21: =AY21*D21 -> 0 | AZ21: =BA21*D21 -> 0 | BB21: =IF(SUM(AC21,AA21,Y21,W21,U21,S21,Q21,O21,M21,K21,I21,G21,BA21,AY21,AW21,AU21,AS21,AQ21,AO21,AM21,AK21,AI21,AG21,AE21)=100%,"","Rever")
B22: 11 | C22: =VLOOKUP(B22,'PLANILHA ORÇAMENTÁRIA'!C:M,4,0) -> SINALIZAÇÃO DE TRÂNSITO | D22: =VLOOKUP(B22,'PLANILHA ORÇAMENTÁRIA'!C:M,10,0) -> 1613422.6 | E22: =IFERROR(D22/$D$31,"") -> 0.034323458 | F22: =G22*D22 -> 6615.0325 | G22: 0.0041 | H22: =I22*D22 -> 15004.83 | I22: 0.0093 | J22: =K22*D22 -> 23071.943 | K22: 0.0143 | L22: =M22*D22 -> 33881.874 | M22: 0.021 | N22: =O22*D22 -> 45821.201 | O22: 0.0284 | P22: =Q22*D22 -> 57599.185 | Q22: 0.0357 | R22: =S22*D22 -> 69538.512 | S22: 0.0431 | T22: =U22*D22 -> 77928.31 | U22: 0.0483 | V22: =W22*D22 -> 87931.53 | W22: 0.0545 | X22: =Y22*D22 -> 95837.3 | Y22: 0.0594 | Z22: =AA22*D22 -> 101806.96 | AA22: 0.0631 | AB22: =AC22*D22 -> 107776.63 | AC22: 0.0668 | AD22: =AE22*D22 -> 113423.61 | AE22: 0.0703 | AF22: =AG22*D22 -> 114875.69 | AG22: 0.0712 | AH22: =AI22*D22 -> 114714.34 | AI22: 0.0711 | AJ22: =AK22*D22 -> 111164.81 | AK22: 0.0689 | AL22: =AM22*D22 -> 105033.81 | AM22: 0.0651 | AN22: =AO22*D22 -> 96321.327 | AO22: 0.0597 | AP22: =AQ22*D22 -> 81961.866 | AQ22: 0.0508 | AR22: =AS22*D22 -> 65020.929 | AS22: 0.0403 | AT22: =AU22*D22 -> 45498.516 | AU22: 0.0282 | AV22: =AW22*D22 -> 26298.788 | AW22: 0.0163 | AX22: =AY22*D22 -> 12907.38 | AY22: 0.008 | AZ22: =BA22*D22 -> 3388.1874 | BA22: 0.0021 | BB22: =IF(SUM(AC22,AA22,Y22,W22,U22,S22,Q22,O22,M22,K22,I22,G22,BA22,AY22,AW22,AU22,AS22,AQ22,AO22,AM22,AK22,AI22,AG22,AE22)=100%,"","Rever")
B23: 12 | C23: =VLOOKUP(B23,'PLANILHA ORÇAMENTÁRIA'!C:M,4,0) -> GERADOR DE ENERGIA | D23: =VLOOKUP(B23,'PLANILHA ORÇAMENTÁRIA'!C:M,10,0) -> 340421.28 | E23: =IFERROR(D23/$D$31,"") -> 0.0072420182 | F23: =G23*D23 -> 1395.7272 | G23: 0.0041 | H23: =I23*D23 -> 3165.9179 | I23: 0.0093 | J23: =K23*D23 -> 4868.0243 | K23: 0.0143 | L23: =M23*D23 -> 7148.8469 | M23: 0.021 | N23: =O23*D23 -> 9667.9644 | O23: 0.0284 | P23: =Q23*D23 -> 12153.04 | Q23: 0.0357 | R23: =S23*D23 -> 14672.157 | S23: 0.0431 | T23: =U23*D23 -> 16442.348 | U23: 0.0483 | V23: =W23*D23 -> 18552.96 | W23: 0.0545 | X23: =Y23*D23 -> 20221.024 | Y23: 0.0594 | Z23: =AA23*D23 -> 21480.583 | AA23: 0.0631 | AB23: =AC23*D23 -> 22740.142 | AC23: 0.0668 | AD23: =AE23*D23 -> 23931.616 | AE23: 0.0703 | AF23: =AG23*D23 -> 24237.995 | AG23: 0.0712 | AH23: =AI23*D23 -> 24203.953 | AI23: 0.0711 | AJ23: =AK23*D23 -> 23455.026 | AK23: 0.0689 | AL23: =AM23*D23 -> 22161.425 | AM23: 0.0651 | AN23: =AO23*D23 -> 20323.15 | AO23: 0.0597 | AP23: =AQ23*D23 -> 17293.401 | AQ23: 0.0508 | AR23: =AS23*D23 -> 13718.978 | AS23: 0.0403 | AT23: =AU23*D23 -> 9599.8801 | AU23: 0.0282 | AV23: =AW23*D23 -> 5548.8669 | AW23: 0.0163 | AX23: =AY23*D23 -> 2723.3702 | AY23: 0.008 | AZ23: =BA23*D23 -> 714.88469 | BA23: 0.0021 | BB23: =IF(SUM(AC23,AA23,Y23,W23,U23,S23,Q23,O23,M23,K23,I23,G23,BA23,AY23,AW23,AU23,AS23,AQ23,AO23,AM23,AK23,AI23,AG23,AE23)=100%,"","Rever")
B24: 13 | C24: =VLOOKUP(B24,'PLANILHA ORÇAMENTÁRIA'!C:M,4,0) -> CONTROLE TECNOLÓGICO | D24: =VLOOKUP(B24,'PLANILHA ORÇAMENTÁRIA'!C:M,10,0) -> 1758071 | E24: =IFERROR(D24/$D$31,"") -> 0.037400665 | F24: =G24*D24 -> 7208.0911 | G24: 0.0041 | H24: =I24*D24 -> 16350.06 | I24: 0.0093 | J24: =K24*D24 -> 25140.415 | K24: 0.0143 | L24: =M24*D24 -> 36919.491 | M24: 0.021 | N24: =O24*D24 -> 49929.216 | O24: 0.0284 | P24: =Q24*D24 -> 62763.135 | Q24: 0.0357 | R24: =S24*D24 -> 75772.86 | S24: 0.0431 | T24: =U24*D24 -> 84914.829 | U24: 0.0483 | V24: =W24*D24 -> 95814.87 | W24: 0.0545 | X24: =Y24*D24 -> 104429.42 | Y24: 0.0594 | Z24: =AA24*D24 -> 110934.28 | AA24: 0.0631 | AB24: =AC24*D24 -> 117439.14 | AC24: 0.0668 | AD24: =AE24*D24 -> 123592.39 | AE24: 0.0703 | AF24: =AG24*D24 -> 125174.66 | AG24: 0.0712 | AH24: =AI24*D24 -> 124998.85 | AI24: 0.0711 | AJ24: =AK24*D24 -> 121131.09 | AK24: 0.0689 | AL24: =AM24*D24 -> 114450.42 | AM24: 0.0651 | AN24: =AO24*D24 -> 104956.84 | AO24: 0.0597 | AP24: =AQ24*D24 -> 89310.007 | AQ24: 0.0508 | AR24: =AS24*D24 -> 70850.261 | AS24: 0.0403 | AT24: =AU24*D24 -> 49577.602 | AU24: 0.0282 | AV24: =AW24*D24 -> 28656.557 | AW24: 0.0163 | AX24: =AY24*D24 -> 14064.568 | AY24: 0.008 | AZ24: =BA24*D24 -> 3691.9491 | BA24: 0.0021 | BB24: =IF(SUM(AC24,AA24,Y24,W24,U24,S24,Q24,O24,M24,K24,I24,G24,BA24,AY24,AW24,AU24,AS24,AQ24,AO24,AM24,AK24,AI24,AG24,AE24)=100%,"","Rever")
B25: 14 | C25: =VLOOKUP(B25,'PLANILHA ORÇAMENTÁRIA'!C:M,4,0) -> APOIO E EQUIPAMENTOS DIVERSOS | D25: =VLOOKUP(B25,'PLANILHA ORÇAMENTÁRIA'!C:M,10,0) -> 1308789.9 | E25: =IFERROR(D25/$D$31,"") -> 0.027842796 | F25: =G25*D25 -> 0 | H25: =I25*D25 -> 0 | J25: =K25*D25 -> 0 | L25: =M25*D25 -> 0 | N25: =O25*D25 -> 7198.3445 | O25: 0.0055 | P25: =Q25*D25 -> 16883.39 | Q25: 0.0129 | R25: =S25*D25 -> 27484.588 | S25: 0.021 | T25: =U25*D25 -> 41096.003 | U25: 0.0314 | V25: =W25*D25 -> 54969.176 | W25: 0.042 | X25: =Y25*D25 -> 68580.591 | Y25: 0.0524 | Z25: =AA25*D25 -> 79443.547 | AA25: 0.0607 | AB25: =AC25*D25 -> 89652.108 | AC25: 0.0685 | AD25: =AE25*D25 -> 97504.848 | AE25: 0.0745 | AF25: =AG25*D25 -> 104310.56 | AG25: 0.0797 | AH25: =AI25*D25 -> 110592.75 | AI25: 0.0845 | AJ25: =AK25*D25 -> 112163.29 | AK25: 0.0857 | AL25: =AM25*D25 -> 110069.23 | AM25: 0.0841 | AN25: =AO25*D25 -> 104310.56 | AO25: 0.0797 | AP25: =AQ25*D25 -> 93840.236 | AQ25: 0.0717 | AR25: =AS25*D25 -> 78396.515 | AS25: 0.0599 | AT25: =AU25*D25 -> 57586.756 | AU25: 0.044 | AV25: =AW25*D25 -> 34682.932 | AW25: 0.0265 | AX25: =AY25*D25 -> 15836.358 | AY25: 0.0121 | AZ25: =BA25*D25 -> 4188.1277 | BA25: 0.0032 | BB25: =IF(SUM(AC25,AA25,Y25,W25,U25,S25,Q25,O25,M25,K25,I25,G25,BA25,AY25,AW25,AU25,AS25,AQ25,AO25,AM25,AK25,AI25,AG25,AE25)=100%,"","Rever")
B26: 15 | C26: =VLOOKUP(B26,'PLANILHA ORÇAMENTÁRIA'!C:M,4,0) -> SERVIÇOS FINAIS | D26: =VLOOKUP(B26,'PLANILHA ORÇAMENTÁRIA'!C:M,10,0) -> 18436.5 | E26: =IFERROR(D26/$D$31,"") -> 0.00039221246 | F26: =G26*D26 -> 510.69105 | G26: 0.0277 | H26: =I26*D26 -> 1568.9461 | I26: 0.0851 | J26: =K26*D26 -> 2700.9472 | K26: 0.1465 | L26: =M26*D26 -> 3490.0294 | M26: 0.1893 | N26: =O26*D26 -> 0 | P26: =Q26*D26 -> 0 | R26: =S26*D26 -> 0 | T26: =U26*D26 -> 0 | V26: =W26*D26 -> 0 | X26: =Y26*D26 -> 0 | Z26: =AA26*D26 -> 0 | AB26: =AC26*D26 -> 0 | AD26: =AE26*D26 -> 0 | AF26: =AG26*D26 -> 0 | AH26: =AI26*D26 -> 0 | AJ26: =AK26*D26 -> 0 | AL26: =AM26*D26 -> 0 | AN26: =AO26*D26 -> 0 | AP26: =AQ26*D26 -> 0 | AR26: =AS26*D26 -> 0 | AT26: =AU26*D26 -> 3919.5999 | AU26: 0.2126 | AV26: =AW26*D26 -> 3560.0882 | AW26: 0.1931 | AX26: =AY26*D26 -> 2199.4745 | AY26: 0.1193 | AZ26: =BA26*D26 -> 486.7236 | BA26: 0.0264 | BB26: =IF(SUM(AC26,AA26,Y26,W26,U26,S26,Q26,O26,M26,K26,I26,G26,BA26,AY26,AW26,AU26,AS26,AQ26,AO26,AM26,AK26,AI26,AG26,AE26)=100%,"","Rever")
B27: 16 | C27: =VLOOKUP(B27,'PLANILHA ORÇAMENTÁRIA'!C:M,4,0) -> ENCARGOS SOCIAIS DE SERVIÇOS REALIZADOS COM ADICIONAL NOTURNO (22HS ATÉ 05HS) | D27: =VLOOKUP(B27,'PLANILHA ORÇAMENTÁRIA'!C:M,10,0) -> 1975194.8 | E27: =IFERROR(D27/$D$31,"") -> 0.04201969 | F27: =G27*D27 -> 54712.896 | G27: 0.0277 | H27: =I27*D27 -> 168089.08 | I27: 0.0851 | J27: =K27*D27 -> 289366.04 | K27: 0.1465 | L27: =M27*D27 -> 373904.38 | M27: 0.1893 | N27: =O27*D27 -> 0 | P27: =Q27*D27 -> 0 | R27: =S27*D27 -> 0 | T27: =U27*D27 -> 0 | V27: =W27*D27 -> 0 | X27: =Y27*D27 -> 0 | Z27: =AA27*D27 -> 0 | AB27: =AC27*D27 -> 0 | AD27: =AE27*D27 -> 0 | AF27: =AG27*D27 -> 0 | AH27: =AI27*D27 -> 0 | AJ27: =AK27*D27 -> 0 | AL27: =AM27*D27 -> 0 | AN27: =AO27*D27 -> 0 | AP27: =AQ27*D27 -> 0 | AR27: =AS27*D27 -> 0 | AT27: =AU27*D27 -> 419926.42 | AU27: 0.2126 | AV27: =AW27*D27 -> 381410.12 | AW27: 0.1931 | AX27: =AY27*D27 -> 235640.74 | AY27: 0.1193 | AZ27: =BA27*D27 -> 52145.143 | BA27: 0.0264 | BB27: =IF(SUM(AC27,AA27,Y27,W27,U27,S27,Q27,O27,M27,K27,I27,G27,BA27,AY27,AW27,AU27,AS27,AQ27,AO27,AM27,AK27,AI27,AG27,AE27)=100%,"","Rever")
B28: 17 | C28: =VLOOKUP(B28,'PLANILHA ORÇAMENTÁRIA'!C:M,4,0) -> MOBILIZAÇÃO E DESMOBILIZAÇÃO DA OBRA | D28: =VLOOKUP(B28,'PLANILHA ORÇAMENTÁRIA'!C:M,10,0) -> 82958.182 | E28: =IFERROR(D28/$D$31,"") -> 0.001764827 | F28: =G28*D28 -> 2297.9416 | G28: 0.0277 | H28: =I28*D28 -> 7059.7413 | I28: 0.0851 | J28: =K28*D28 -> 12153.374 | K28: 0.1465 | L28: =M28*D28 -> 15703.984 | M28: 0.1893 | N28: =O28*D28 -> 0 | P28: =Q28*D28 -> 0 | R28: =S28*D28 -> 0 | T28: =U28*D28 -> 0 | V28: =W28*D28 -> 0 | X28: =Y28*D28 -> 0 | Z28: =AA28*D28 -> 0 | AB28: =AC28*D28 -> 0 | AD28: =AE28*D28 -> 0 | AF28: =AG28*D28 -> 0 | AH28: =AI28*D28 -> 0 | AJ28: =AK28*D28 -> 0 | AL28: =AM28*D28 -> 0 | AN28: =AO28*D28 -> 0 | AP28: =AQ28*D28 -> 0 | AR28: =AS28*D28 -> 0 | AT28: =AU28*D28 -> 17636.909 | AU28: 0.2126 | AV28: =AW28*D28 -> 16019.225 | AW28: 0.1931 | AX28: =AY28*D28 -> 9896.9111 | AY28: 0.1193 | AZ28: =BA28*D28 -> 2190.096 | BA28: 0.0264 | BB28: =IF(SUM(AC28,AA28,Y28,W28,U28,S28,Q28,O28,M28,K28,I28,G28,BA28,AY28,AW28,AU28,AS28,AQ28,AO28,AM28,AK28,AI28,AG28,AE28)=100%,"","Rever")
B29: 18 | C29: =VLOOKUP(B29,'PLANILHA ORÇAMENTÁRIA'!C:M,4,0) -> ADMINISTRAÇÃO LOCAL | D29: =VLOOKUP(B29,'PLANILHA ORÇAMENTÁRIA'!C:M,10,0) -> 5443063 | E29: =IFERROR(D29/$D$31,"") -> 0.11579406 | F29: =G29*D29 -> 22316.558 | G29: 0.0041 | H29: =I29*D29 -> 50620.486 | I29: 0.0093 | J29: =K29*D29 -> 77835.801 | K29: 0.0143 | L29: =M29*D29 -> 114304.32 | M29: 0.021 | N29: =O29*D29 -> 154582.99 | O29: 0.0284 | P29: =Q29*D29 -> 194317.35 | Q29: 0.0357 | R29: =S29*D29 -> 234596.02 | S29: 0.0431 | T29: =U29*D29 -> 262899.94 | U29: 0.0483 | V29: =W29*D29 -> 296646.93 | W29: 0.0545 | X29: =Y29*D29 -> 323317.94 | Y29: 0.0594 | Z29: =AA29*D29 -> 343457.28 | AA29: 0.0631 | AB29: =AC29*D29 -> 363596.61 | AC29: 0.0668 | AD29: =AE29*D29 -> 382647.33 | AE29: 0.0703 | AF29: =AG29*D29 -> 387546.09 | AG29: 0.0712 | AH29: =AI29*D29 -> 387001.78 | AI29: 0.0711 | AJ29: =AK29*D29 -> 375027.04 | AK29: 0.0689 | AL29: =AM29*D29 -> 354343.4 | AM29: 0.0651 | AN29: =AO29*D29 -> 324950.86 | AO29: 0.0597 | AP29: =AQ29*D29 -> 276507.6 | AQ29: 0.0508 | AR29: =AS29*D29 -> 219355.44 | AS29: 0.0403 | AT29: =AU29*D29 -> 153494.38 | AU29: 0.0282 | AV29: =AW29*D29 -> 88721.927 | AW29: 0.0163 | AX29: =AY29*D29 -> 43544.504 | AY29: 0.008 | AZ29: =BA29*D29 -> 11430.432 | BA29: 0.0021 | BB29: =IF(SUM(AC29,AA29,Y29,W29,U29,S29,Q29,O29,M29,K29,I29,G29,BA29,AY29,AW29,AU29,AS29,AQ29,AO29,AM29,AK29,AI29,AG29,AE29)=100%,"","Rever")
B31: TOTAIS | D31: =SUBTOTAL(9,D12:D29) -> 47006411 | E31: =SUM(E12:E29) -> 1 | F31: =SUBTOTAL(9,F12:F29) -> 110286.55 | G31: =IFERROR(F31/$D$31,0) -> 0.0023462024 | H31: =SUBTOTAL(9,H12:H29) -> 316914.64 | I31: =IFERROR(H31/$D$31,0) -> 0.0067419451 | J31: =SUBTOTAL(9,J12:J29) -> 586784.74 | K31: =IFERROR(J31/$D$31,0) -> 0.012483079 | L31: =SUBTOTAL(9,L12:L29) -> 1033598.3 | M31: =IFERROR(L31/$D$31,0) -> 0.021988454 | N31: =SUBTOTAL(9,N12:N29) -> 1137982.7 | O31: =IFERROR(N31/$D$31,0) -> 0.024209096 | P31: =SUBTOTAL(9,P12:P29) -> 1703935.4 | Q31: =IFERROR(P31/$D$31,0) -> 0.036249 | R31: =SUBTOTAL(9,R12:R29) -> 2287839.7 | S31: =IFERROR(R31/$D$31,0) -> 0.048670801 | T31: =SUBTOTAL(9,T12:T29) -> 2661924.8 | U31: =IFERROR(T31/$D$31,0) -> 0.056628973 | V31: =SUBTOTAL(9,V12:V29) -> 3088701.9 | W31: =IFERROR(V31/$D$31,0) -> 0.065708099 | X31: =SUBTOTAL(9,X12:X29) -> 3415394.8 | Y31: =IFERROR(X31/$D$31,0) -> 0.072658065 | Z31: =SUBTOTAL(9,Z12:Z29) -> 3617920.7 | AA31: =IFERROR(Z31/$D$31,0) -> 0.076966538 | AB31: =SUBTOTAL(9,AB12:AB29) -> 3765053.8 | AC31: =IFERROR(AB31/$D$31,0) -> 0.080096602 | AD31: =SUBTOTAL(9,AD12:AD29) -> 3933985.8 | AE31: =IFERROR(AD31/$D$31,0) -> 0.08369041 | AF31: =SUBTOTAL(9,AF12:AF29) -> 3820366.7 | AG31: =IFERROR(AF31/$D$31,0) -> 0.081273312 | AH31: =SUBTOTAL(9,AH12:AH29) -> 3593101.3 | AI31: =IFERROR(AH31/$D$31,0) -> 0.076438539 | AJ31: =SUBTOTAL(9,AJ12:AJ29) -> 3169902.8 | AK31: =IFERROR(AJ31/$D$31,0) -> 0.067435542 | AL31: =SUBTOTAL(9,AL12:AL29) -> 2525562.5 | AM31: =IFERROR(AL31/$D$31,0) -> 0.053728045 | AN31: =SUBTOTAL(9,AN12:AN29) -> 1824503.1 | AO31: =IFERROR(AN31/$D$31,0) -> 0.03881392 | AP31: =SUBTOTAL(9,AP12:AP29) -> 1271571.8 | AQ31: =IFERROR(AP31/$D$31,0) -> 0.027051029 | AR31: =SUBTOTAL(9,AR12:AR29) -> 880850.16 | AS31: =IFERROR(AR31/$D$31,0) -> 0.018738937 | AT31: =SUBTOTAL(9,AT12:AT29) -> 1022783.3 | AU31: =IFERROR(AT31/$D$31,0) -> 0.021758379 | AV31: =SUBTOTAL(9,AV12:AV29) -> 737481.69 | AW31: =IFERROR(AV31/$D$31,0) -> 0.01568896 | AX31: =SUBTOTAL(9,AX12:AX29) -> 405653.75 | AY31: =IFERROR(AX31/$D$31,0) -> 0.0086297538 | AZ31: =SUBTOTAL(9,AZ12:AZ29) -> 94309.878 | BA31: =IFERROR(AZ31/$D$31,0) -> 0.0020063195
B32: TOTAIS ACUMULADOS | D32: =SUBTOTAL(9,D12:D29) -> 47006411 | E32: =IFERROR(D32/D31,0) -> 1 | F32: =SUBTOTAL(9,F12:F30) -> 110286.55 | G32: =G31 -> 0.0023462024 | H32: =H31+F32 -> 427201.19 | I32: =I31+G32 -> 0.0090881475 | J32: =J31+H32 -> 1013985.9 | K32: =K31+I32 -> 0.021571227 | L32: =L31+J32 -> 2047584.2 | M32: =M31+K32 -> 0.043559681 | N32: =N31+L32 -> 3185566.9 | O32: =O31+M32 -> 0.067768776 | ... BA32: =BA31+AY32 -> 1
AZ33: =AZ32-RESUMO!I33 -> 0

Sheet CURVA ABC
C2: CURVA ABC DE SERVIÇOS
C3: INFORMAÇÕES GERAIS | I3: Planilha Referência de Preço | K3: Data Base | L3: BDI SERVIÇOS (%)
I4: =RESUMO!G4 -> SINAPI-MG | K4: =RESUMO!H4 -> 45901
C5: ='PLANILHA ORÇAMENTÁRIA'!C5 -> Município: PREFEITURA MUNICIPAL DE NOVA LIMA - MG | I5: =RESUMO!G5 -> SEINFRA-MG | K5: =RESUMO!H5 -> 45839 | L5: ='COMP. BDI'!$N$8 -> 0.2265
C6: =+'PLANILHA ORÇAMENTÁRIA'!C6 -> Projeto: ENTRONCAMENTO DA MG-030 x BR-356 – VIADUTO FERRADURA | I6: =RESUMO!G6 -> SUDECAP | K6: =RESUMO!H6 -> 45839
C7: Responsável Técnico: SINVAL LADEIRA | I7: =RESUMO!G7 -> SICRO 3 | K7: =RESUMO!H7 -> 45839 | L7: BDI MATERIAL E EQUIP. (%)
C8: Nº CREA: 28498/D | I8: =RESUMO!G8 -> COPASA | K8: =RESUMO!H8 -> 45931
C9: Data: | D9: =RESUMO!D9 -> 46092 | I9: ='PLANILHA ORÇAMENTÁRIA'!I9 -> TIPO DE TABELA: | K9: ='PLANILHA ORÇAMENTÁRIA'!K9 -> ONERADO | L9: ='COMP. BDI'!N17 -> 0.156
C10: Curva ABC de Serviços
C11: Código | D11: Fonte | E11: Descrição | F11: Und | G11: Quant. | H11: Valor Unit | I11: Total | J11: Peso (%) | K11: Peso Acumulado (%) | L11: CL
C12: ED-48298 | D12: =VLOOKUP($C12,'PLANILHA ORÇAMENTÁRIA'!$D:$M,2,0) -> SEINFRA-MG | E12: =VLOOKUP($C12,'PLANILHA ORÇAMENTÁRIA'!$D:$M,3,0) -> CORTE, DOBRA E MONTAGEM DE AÇO CA-50/60, INCLUSIVE ESPAÇADOR | F12: =VLOOKUP($C12,'PLANILHA ORÇAMENTÁRIA'!$D:$M,4,0) -> KG | G12: =SUMIF('PLANILHA ORÇAMENTÁRIA'!$D$17:$D$376,'CURVA ABC'!C12,'PLANILHA ORÇAMENTÁRIA'!$H$17:$H$376) -> 474080.11 | H12: =VLOOKUP($C12,'PLANILHA ORÇAMENTÁRIA'!$D:$M,8,0) -> 17.17 | I12: =ROUND(H12*G12,2) -> 8139955.5 | J12: =I12/'PLANILHA ORÇAMENTÁRIA'!$L$377 -> 0.17316692 | K12: =J12 -> 0.17316692 | L12: =IF(K12<80%,"A",IF(K12<95%,"B",IF(K12<110%,"C",0))) -> A | M12: =UPPER(E12) -> CORTE, DOBRA E MONTAGEM DE AÇO CA-50/60, INCLUSIVE ESPAÇADOR | N12: =UPPER(#REF!) -> #REF! | O12: =UPPER(F12) -> KG
C13: CPU-001 | D13: =VLOOKUP($C13,'PLANILHA ORÇAMENTÁRIA'!$D:$M,2,0) -> EXTRA | E13: =VLOOKUP($C13,'PLANILHA ORÇAMENTÁRIA'!$D:$M,3,0) -> ADMINISTRAÇÃO LOCAL | F13: =VLOOKUP($C13,'PLANILHA ORÇAMENTÁRIA'!$D:$M,4,0) -> UN | G13: =SUMIF('PLANILHA ORÇAMENTÁRIA'!$D$17:$D$376,'CURVA ABC'!C13,'PLANILHA ORÇAMENTÁRIA'!$H$17:$H$376) -> 100 | H13: =VLOOKUP($C13,'PLANILHA ORÇAMENTÁRIA'!$D:$M,8,0) -> 54430.63 | I13: =ROUND(H13*G13,2) -> 5443063 | J13: =I13/'PLANILHA ORÇAMENTÁRIA'!$L$377 -> 0.11579406 | K13: =J13+K12 -> 0.28896098 | L13: =IF(K13<80%,"A",IF(K13<95%,"B",IF(K13<110%,"C",0))) -> A | M13: =UPPER(E13) -> ADMINISTRAÇÃO LOCAL | N13: =UPPER(#REF!) -> #REF! | O13: =UPPER(F13) -> UN | P13: =IF(I13>I12,"ERRO","")
C14: CPU-023 | D14: =VLOOKUP($C14,'PLANILHA ORÇAMENTÁRIA'!$D:$M,2,0) -> EXTRA | E14: =VLOOKUP($C14,'PLANILHA ORÇAMENTÁRIA'!$D:$M,3,0) -> LOCAÇÃO, MONTAGEM, DESMONTAGEM DE TORRE DE ESCORAMENTO TRELIÇADO VIGA CAIXÃO E TABULEIRO | F14: =VLOOKUP($C14,'PLANILHA ORÇAMENTÁRIA'!$D:$M,4,0) -> M3 | G14: =SUMIF('PLANILHA ORÇAMENTÁRIA'!$D$17:$D$376,'CURVA ABC'!C14,'PLANILHA ORÇAMENTÁRIA'!$H$17:$H$376) -> 9471.28 | H14: =VLOOKUP($C14,'PLANILHA ORÇAMENTÁRIA'!$D:$M,8,0) -> 316 | I14: =ROUND(H14*G14,2) -> 2992924.5 | J14: =I14/'PLANILHA ORÇAMENTÁRIA'!$L$377 -> 0.06367056 | K14: =J14+K13 -> 0.35263154 | L14: =IF(K14<80%,"A",IF(K14<95%,"B",IF(K14<110%,"C",0))) -> A | M14: =UPPER(E14) -> LOCAÇÃO, MONTAGEM, DESMONTAGEM DE TORRE DE ESCORAMENTO TRELIÇADO VIGA CAIXÃO E TABULEIRO | N14: =UPPER(#REF!) -> #REF! | O14: =UPPER(F14) -> M3 | P14: =IF(I14>I13,"ERRO","")
C15: ED-9054 | D15: =VLOOKUP($C15,'PLANILHA ORÇAMENTÁRIA'!$D:$M,2,0) -> SEINFRA-MG | E15: =VLOOKUP($C15,'PLANILHA ORÇAMENTÁRIA'!$D:$M,3,0) -> FORNECIMENTO DE CONCRETO ESTRUTURAL, USINADO BOMBEADO, AUTO-ADENSÁVEL, COM FCK 30MPA, INCLUSIVE LANÇAMENTO E ACABAMENTO | F15: =VLOOKUP($C15,'PLANILHA ORÇAMENTÁRIA'!$D:$M,4,0) -> M3 | G15: =SUMIF('PLANILHA ORÇAMENTÁRIA'!$D$17:$D$376,'CURVA ABC'!C15,'PLANILHA ORÇAMENTÁRIA'!$H$17:$H$376) -> 2237.4495 | H15: =VLOOKUP($C15,'PLANILHA ORÇAMENTÁRIA'!$D:$M,8,0) -> 933.98 | I15: =ROUND(H15*G15,2) -> 2089733.1 | J15: =I15/'PLANILHA ORÇAMENTÁRIA'!$L$377 -> 0.044456343 | K15: =J15+K14 -> 0.39708788 | L15: =IF(K15<80%,"A",IF(K15<95%,"B",IF(K15<110%,"C",0))) -> A | M15: =UPPER(E15) -> FORNECIMENTO DE CONCRETO ESTRUTURAL, USINADO BOMBEADO, AUTO-ADENSÁVEL, COM FCK 30MPA, INCLUSIVE LANÇAMENTO E ACABAMENTO | N15: =UPPER(#REF!) -> #REF! | O15: =UPPER(F15) -> M3 | P15: =IF(I15>I14,"ERRO","")
C16: EST-NOT.01 | D16: =VLOOKUP($C16,'PLANILHA ORÇAMENTÁRIA'!$D:$M,2,0) -> PRÓPRIO | E16: =VLOOKUP($C16,'PLANILHA ORÇAMENTÁRIA'!$D:$M,3,0) -> ENCARGOS SOCIAIS DE SERVIÇOS REALIZADOS COM ADICIONAL NOTURNO (22HS ATÉ 05HS), PREVISTO ESTIMATIVA NO VALOR DE 5% SOBRE O PREÇO GLOBAL DA OBRA | F16: =VLOOKUP($C16,'PLANILHA ORÇAMENTÁRIA'!$D:$M,4,0) -> % | G16: =SUMIF('PLANILHA ORÇAMENTÁRIA'!$D$17:$D$376,'CURVA ABC'!C16,'PLANILHA ORÇAMENTÁRIA'!$H$17:$H$376) -> 5 | H16: =VLOOKUP($C16,'PLANILHA ORÇAMENTÁRIA'!$D:$M,8,0)/100 -> 395038.96 | I16: =ROUND(H16*G16,2) -> 1975194.8 | J16: =I16/'PLANILHA ORÇAMENTÁRIA'!$L$377 -> 0.04201969 | K16: =J16+K15 -> 0.43910757 | L16: =IF(K16<80%,"A",IF(K16<95%,"B",IF(K16<110%,"C",0))) -> A | M16: =UPPER(E16) -> ENCARGOS SOCIAIS DE SERVIÇOS REALIZADOS COM ADICIONAL NOTURNO (22HS ATÉ 05HS), PREVISTO ESTIMATIVA NO VALOR DE 5% SOBRE O PREÇO GLOBAL DA OBRA | N16: =UPPER(#REF!) -> #REF! | O16: =UPPER(F16) -> % | P16: =IF(I16>I15,"ERRO","")
C17: ED-49665 | D17: =VLOOKUP($C17,'PLANILHA ORÇAMENTÁRIA'!$D:$M,2,0) -> SEINFRA-MG | E17: =VLOOKUP($C17,'PLANILHA ORÇAMENTÁRIA'!$D:$M,3,0) -> FORNECIMENTO DE ESTRUTURA METÁLICA EM PERFIL SOLDADO, INCLUSIVE FABRICAÇÃO, TRANSPORTE, MONTAGEM E APLICAÇÃO DE FUNDO PREPARADOR ANTICORROSIVO EM SUPERFÍCIE METÁLICA, UMA (1) DEMÃO | F17: =VLOOKUP($C17,'PLANILHA ORÇAMENTÁRIA'!$D:$M,4,0) -> KG | G17: =SUMIF('PLANILHA ORÇAMENTÁRIA'!$D$17:$D$376,'CURVA ABC'!C17,'PLANILHA ORÇAMENTÁRIA'!$H$17:$H$376) -> 59114.469 | H17: =VLOOKUP($C17,'PLANILHA ORÇAMENTÁRIA'!$D:$M,8,0) -> 32.53 | I17: =ROUND(H17*G17,2) -> 1922993.7 | J17: =I17/'PLANILHA ORÇAMENTÁRIA'!$L$377 -> 0.040909179 | K17: =J17+K16 -> 0.48001675 | L17: =IF(K17<80%,"A",IF(K17<95%,"B",IF(K17<110%,"C",0))) -> A | M17: =UPPER(E17) -> FORNECIMENTO DE ESTRUTURA METÁLICA EM PERFIL SOLDADO, INCLUSIVE FABRICAÇÃO, TRANSPORTE, MONTAGEM E APLICAÇÃO DE FUNDO PREPARADOR ANTICORROSIVO EM SUPERFÍCIE METÁLICA, UMA (1) DEMÃO | N17: =UPPER(#REF!) -> #REF! | O17: =UPPER(F17) -> KG | P17: =IF(I17>I16,"ERRO","")
C18: CPU-013 | D18: =VLOOKUP($C18,'PLANILHA ORÇAMENTÁRIA'!$D:$M,2,0) -> EXTRA | E18: =VLOOKUP($C18,'PLANILHA ORÇAMENTÁRIA'!$D:$M,3,0) -> SINALIZAÇÃO VIÁRIA MÓVEL PARA 4 FRENTES DE SERVIÇOS (DIURNO E NOTURNO) | F18: =VLOOKUP($C18,'PLANILHA ORÇAMENTÁRIA'!$D:$M,4,0) -> MÊS | G18: =SUMIF('PLANILHA ORÇAMENTÁRIA'!$D$17:$D$376,'CURVA ABC'!C18,'PLANILHA ORÇAMENTÁRIA'!$H$17:$H$376) -> 24 | H18: =VLOOKUP($C18,'PLANILHA ORÇAMENTÁRIA'!$D:$M,8,0) -> 67225.94 | I18: =ROUND(H18*G18,2) -> 1613422.6 | J18: =I18/'PLANILHA ORÇAMENTÁRIA'!$L$377 -> 0.034323458 | K18: =J18+K17 -> 0.51434021 | L18: =IF(K18<80%,"A",IF(K18<95%,"B",IF(K18<110%,"C",0))) -> A | M18: =UPPER(E18) -> SINALIZAÇÃO VIÁRIA MÓVEL PARA 4 FRENTES DE SERVIÇOS (DIURNO E NOTURNO) | N18: =UPPER(#REF!) -> #REF! | O18: =UPPER(F18) -> MÊS | P18: =IF(I18>I17,"ERRO","")
C19: 93957 | D19: =VLOOKUP($C19,'PLANILHA ORÇAMENTÁRIA'!$D:$M,2,0) -> SINAPI | E19: =VLOOKUP($C19,'PLANILHA ORÇAMENTÁRIA'!$D:$M,3,0) -> EXECUÇÃO DE GRAMPO PARA SOLO GRAMPEADO COM COMPRIMENTO MENOR OU IGUAL A 6 M, DIÂMETRO DE 10 CM, PERFURAÇÃO COM EQUIPAMENTO MANUAL E ARMADURA COM DIÂMETRO DE 20 MM. AF_07/2024 | F19: =VLOOKUP($C19,'PLANILHA ORÇAMENTÁRIA'!$D:$M,4,0) -> M | G19: =SUMIF('PLANILHA ORÇAMENTÁRIA'!$D$17:$D$376,'CURVA ABC'!C19,'PLANILHA ORÇAMENTÁRIA'!$H$17:$H$376) -> 3177 | H19: =VLOOKUP($C19,'PLANILHA ORÇAMENTÁRIA'!$D:$M,8,0) -> 410.51 | I19: =ROUND(H19*G19,2) -> 1304190.3 | J19: =I19/'PLANILHA ORÇAMENTÁRIA'!$L$377 -> 0.027744945 | K19: =J19+K18 -> 0.54208516 | L19: =IF(K19<80%,"A",IF(K19<95%,"B",IF(K19<110%,"C",0))) -> A | M19: =UPPER(E19) -> EXECUÇÃO DE GRAMPO PARA SOLO GRAMPEADO COM COMPRIMENTO MENOR OU IGUAL A 6 M, DIÂMETRO DE 10 CM, PERFURAÇÃO COM EQUIPAMENTO MANUAL E ARMADURA COM DIÂMETRO DE 20 MM. AF_07/2024 | N19: =UPPER(#REF!) -> #REF! | O19: =UPPER(F19) -> M | P19: =IF(I19>I18,"ERRO","")
C20: 1107912 | D20: =VLOOKUP($C20,'PLANILHA ORÇAMENTÁRIA'!$D:$M,2,0) -> SICRO 3 | E20: =VLOOKUP($C20,'PLANILHA ORÇAMENTÁRIA'!$D:$M,3,0) -> CONCRETO AUTOADENSÁVEL COM SILICATO DE ALUMÍNIO FCK = 50 MPA - CONFECÇÃO EM CENTRAL DOSADORA DE 30 M³/H - AREIA E BRITA COMERCIAIS | F20: =VLOOKUP($C20,'PLANILHA ORÇAMENTÁRIA'!$D:$M,4,0) -> M³ | G20: =SUMIF('PLANILHA ORÇAMENTÁRIA'!$D$17:$D$376,'CURVA ABC'!C20,'PLANILHA ORÇAMENTÁRIA'!$H$17:$H$376) -> 1432.604 | H20: =VLOOKUP($C20,'PLANILHA ORÇAMENTÁRIA'!$D:$M,8,0) -> 924.2 | I20: =ROUND(H20*G20,2) -> 1324012.6 | J20: =I20/'PLANILHA ORÇAMENTÁRIA'!$L$377 -> 0.028166639 | K20: =J20+K19 -> 0.57025179 | L20: =IF(K20<80%,"A",IF(K20<95%,"B",IF(K20<110%,"C",0))) -> A | M20: =UPPER(E20) -> CONCRETO AUTOADENSÁVEL COM SILICATO DE ALUMÍNIO FCK = 50 MPA - CONFECÇÃO EM CENTRAL DOSADORA DE 30 M³/H - AREIA E BRITA COMERCIAIS | N20: =UPPER(#REF!) -> #REF! | O20: =UPPER(F20) -> M³ | P20: =IF(I20>I19,"ERRO","") -> ERRO
C21: CPU-028 | D21: =VLOOKUP($C21,'PLANILHA ORÇAMENTÁRIA'!$D:$M,2,0) -> EXTRA | E21: =VLOOKUP($C21,'PLANILHA ORÇAMENTÁRIA'!$D:$M,3,0) -> LOCAÇÃO, MONTAGEM, IÇAMENTO, DESMONTAGEM DE PASSARELAS C = 36,00 M L = 1,50 M + C = 18,00 M L = 1,50, COM 4 TORRES DE 8,00 M DE ALTURA, COM ESCADAS E RAMPAS PARA ACESSO A PASSARELA | F21: =VLOOKUP($C21,'PLANILHA ORÇAMENTÁRIA'!$D:$M,4,0) -> DIA | G21: =SUMIF('PLANILHA ORÇAMENTÁRIA'!$D$17:$D$376,'CURVA ABC'!C21,'PLANILHA ORÇAMENTÁRIA'!$H$17:$H$376) -> 600 | H21: =VLOOKUP($C21,'PLANILHA ORÇAMENTÁRIA'!$D:$M,8,0) -> 2116.15 | I21: =ROUND(H21*G21,2) -> 1269690 | J21: =I21/'PLANILHA ORÇAMENTÁRIA'!$L$377 -> 0.027010997 | K21: =J21+K20 -> 0.59726279 | L21: =IF(K21<80%,"A",IF(K21<95%,"B",IF(K21<110%,"C",0))) -> A | M21: =UPPER(E21) -> LOCAÇÃO, MONTAGEM, IÇAMENTO, DESMONTAGEM DE PASSARELAS C = 36,00 M L = 1,50 M + C = 18,00 M L = 1,50, COM 4 TORRES DE 8,00 M DE ALTURA, COM ESCADAS E RAMPAS PARA ACESSO A PASSARELA | N21: =UPPER(#REF!) -> #REF! | O21: =UPPER(F21) -> DIA | P21: =IF(I21>I20,"ERRO","")
C22: 95877 | D22: =VLOOKUP($C22,'PLANILHA ORÇAMENTÁRIA'!$D:$M,2,0) -> SINAPI | E22: =VLOOKUP($C22,'PLANILHA ORÇAMENTÁRIA'!$D:$M,3,0) -> TRANSPORTE COM CAMINHÃO BASCULANTE DE 18 M³, EM VIA URBANA PAVIMENTADA, DMT ATÉ 30 KM (UNIDADE: M3XKM). AF_07/2020 | F22: =VLOOKUP($C22,'PLANILHA ORÇAMENTÁRIA'!$D:$M,4,0) -> M3XKM | G22: =SUMIF('PLANILHA ORÇAMENTÁRIA'!$D$17:$D$376,'CURVA ABC'!C22,'PLANILHA ORÇAMENTÁRIA'!$H$17:$H$376) -> 508550.59 | H22: =VLOOKUP($C22,'PLANILHA ORÇAMENTÁRIA'!$D:$M,8,0) -> 2.31 | I22: =ROUND(H22*G22,2) -> 1174751.9 | J22: =I22/'PLANILHA ORÇAMENTÁRIA'!$L$377 -> 0.024991312 | K22: =J22+K21 -> 0.6222541 | L22: =IF(K22<80%,"A",IF(K22<95%,"B",IF(K22<110%,"C",0))) -> A | M22: =UPPER(E22) -> TRANSPORTE COM CAMINHÃO BASCULANTE DE 18 M³, EM VIA URBANA PAVIMENTADA, DMT ATÉ 30 KM (UNIDADE: M3XKM). AF_07/2020 | N22: =UPPER(#REF!) -> #REF! | O22: =UPPER(F22) -> M3XKM | P22: =IF(I22>I21,"ERRO","")
C23: CPU-017 | D23: =VLOOKUP($C23,'PLANILHA ORÇAMENTÁRIA'!$D:$M,2,0) -> EXTRA | E23: =VLOOKUP($C23,'PLANILHA ORÇAMENTÁRIA'!$D:$M,3,0) -> LOCAÇÃO, MONTAGEM, IÇAMENTO, DESFORMA E LIMPEZA DE FORMA PARA VIGA CAIXÃO METÁLICA LOCADA | F23: =VLOOKUP($C23,'PLANILHA ORÇAMENTÁRIA'!$D:$M,4,0) -> M2 | G23: =SUMIF('PLANILHA ORÇAMENTÁRIA'!$D$17:$D$376,'CURVA ABC'!C23,'PLANILHA ORÇAMENTÁRIA'!$H$17:$H$376) -> 2192.6096 | H23: =VLOOKUP($C23,'PLANILHA ORÇAMENTÁRIA'!$D:$M,8,0) -> 431.2 | I23: =ROUND(H23*G23,2) -> 945453.26 | J23: =I23/'PLANILHA ORÇAMENTÁRIA'!$L$377 -> 0.020113283 | K23: =J23+K22 -> 0.64236739 | L23: =IF(K23<80%,"A",IF(K23<95%,"B",IF(K23<110%,"C",0))) -> A | M23: =UPPER(E23) -> LOCAÇÃO, MONTAGEM, IÇAMENTO, DESFORMA E LIMPEZA DE FORMA PARA VIGA CAIXÃO METÁLICA LOCADA | N23: =UPPER(#REF!) -> #REF! | O23: =UPPER(F23) -> M2 | P23: =IF(I23>I22,"ERRO","")
C24: CPU-021 | D24: =VLOOKUP($C24,'PLANILHA ORÇAMENTÁRIA'!$D:$M,2,0) -> EXTRA | E24: =VLOOKUP($C24,'PLANILHA ORÇAMENTÁRIA'!$D:$M,3,0) -> LOCAÇÃO, MONTAGEM, IÇAMENTO, DESFORMA E LIMPEZA DE FORMA PARA PILAR D = 2,00 M LOCADA | F24: =VLOOKUP($C24,'PLANILHA ORÇAMENTÁRIA'!$D:$M,4,0) -> M2 | G24: =SUMIF('PLANILHA ORÇAMENTÁRIA'!$D$17:$D$376,'CURVA ABC'!C24,'PLANILHA ORÇAMENTÁRIA'!$H$17:$H$376) -> 282.11502 | H24: =VLOOKUP($C24,'PLANILHA ORÇAMENTÁRIA'!$D:$M,8,0) -> 3303.65 | I24: =ROUND(H24*G24,2) -> 932009.29 | J24: =I24/'PLANILHA ORÇAMENTÁRIA'!$L$377 -> 0.019827281 | K24: =J24+K23 -> 0.66219467 | L24: =IF(K24<80%,"A",IF(K24<95%,"B",IF(K24<110%,"C",0))) -> A | M24: =UPPER(E24) -> LOCAÇÃO, MONTAGEM, IÇAMENTO, DESFORMA E LIMPEZA DE FORMA PARA PILAR D = 2,00 M LOCADA | N24: =UPPER(#REF!) -> #REF! | O24: =UPPER(F24) -> M2 | P24: =IF(I24>I23,"ERRO","")
C25: CPU-012 | D25: =VLOOKUP($C25,'PLANILHA ORÇAMENTÁRIA'!$D:$M,2,0) -> EXTRA | E25: =VLOOKUP($C25,'PLANILHA ORÇAMENTÁRIA'!$D:$M,3,0) -> PLATAFORMA TELESCÓPICA COM ALTURA DE TRABALHO DE 30M - ALCANCE HORIZONTAL 15,80M CAPACIDADE DA PLATAFORMA 227 KG | F25: =VLOOKUP($C25,'PLANILHA ORÇAMENTÁRIA'!$D:$M,4,0) -> MÊS | G25: =SUMIF('PLANILHA ORÇAMENTÁRIA'!$D$17:$D$376,'CURVA ABC'!C25,'PLANILHA ORÇAMENTÁRIA'!$H$17:$H$376) -> 24 | H25: =VLOOKUP($C25,'PLANILHA ORÇAMENTÁRIA'!$D:$M,8,0) -> 38159.55 | I25: =ROUND(H25*G25,2) -> 915829.2 | J25: =I25/'PLANILHA ORÇAMENTÁRIA'!$L$377 -> 0.01948307 | K25: =J25+K24 -> 0.68167774 | L25: =IF(K25<80%,"A",IF(K25<95%,"B",IF(K25<110%,"C",0))) -> A | M25: =UPPER(E25) -> PLATAFORMA TELESCÓPICA COM ALTURA DE TRABALHO DE 30M - ALCANCE HORIZONTAL 15,80M CAPACIDADE DA PLATAFORMA 227 KG | N25: =UPPER(#REF!) -> #REF! | O25: =UPPER(F25) -> MÊS | P25: =IF(I25>I24,"ERRO","")
C26: CPU-032 | D26: =VLOOKUP($C26,'PLANILHA ORÇAMENTÁRIA'!$D:$M,2,0) -> EXTRA | E26: =VLOOKUP($C26,'PLANILHA ORÇAMENTÁRIA'!$D:$M,3,0) -> EXECUÇÃO DE PROVA DE CARGA ESTÁTICA - PCE | F26: =VLOOKUP($C26,'PLANILHA ORÇAMENTÁRIA'!$D:$M,4,0) -> UN | G26: =SUMIF('PLANILHA ORÇAMENTÁRIA'!$D$17:$D$376,'CURVA ABC'!C26,'PLANILHA ORÇAMENTÁRIA'!$H$17:$H$376) -> 53 | H26: =VLOOKUP($C26,'PLANILHA ORÇAMENTÁRIA'!$D:$M,8,0) -> 14718 | I26: =ROUND(H26*G26,2) -> 780054 | J26: =I26/'PLANILHA ORÇAMENTÁRIA'!$L$377 -> 0.01659463 | K26: =J26+K25 -> 0.69827237 | L26: =IF(K26<80%,"A",IF(K26<95%,"B",IF(K26<110%,"C",0))) -> A | M26: =UPPER(E26) -> EXECUÇÃO DE PROVA DE CARGA ESTÁTICA - PCE | N26: =UPPER(#REF!) -> #REF! | O26: =UPPER(F26) -> UN | P26: =IF(I26>I25,"ERRO","")
C27: CPU-026 | D27: =VLOOKUP($C27,'PLANILHA ORÇAMENTÁRIA'!$D:$M,2,0) -> EXTRA | E27: =VLOOKUP($C27,'PLANILHA ORÇAMENTÁRIA'!$D:$M,3,0) -> LOCAÇÃO, MONTAGEM, DESMONTAGEM DE ESCORAMENTO VIGA TRAVESSA | F27: =VLOOKUP($C27,'PLANILHA ORÇAMENTÁRIA'!$D:$M,4,0) -> M3 | G27: =SUMIF('PLANILHA ORÇAMENTÁRIA'!$D$17:$D$376,'CURVA ABC'!C27,'PLANILHA ORÇAMENTÁRIA'!$H$17:$H$376) -> 2858.218 | H27: =VLOOKUP($C27,'PLANILHA ORÇAMENTÁRIA'!$D:$M,8,0) -> 235.75 | I27: =ROUND(H27*G27,2) -> 673824.89 | J27: =I27/'PLANILHA ORÇAMENTÁRIA'!$L$377 -> 0.014334745 | K27: =J27+K26 -> 0.71260711 | L27: =IF(K27<80%,"A",IF(K27<95%,"B",IF(K27<110%,"C",0))) -> A | M27: =UPPER(E27) -> LOCAÇÃO, MONTAGEM, DESMONTAGEM DE ESCORAMENTO VIGA TRAVESSA | N27: =UPPER(#REF!) -> #REF! | O27: =UPPER(F27) -> M3 | P27: =IF(I27>I26,"ERRO","")
C28: CPU-030 | D28: =VLOOKUP($C28,'PLANILHA ORÇAMENTÁRIA'!$D:$M,2,0) -> EXTRA | E28: =VLOOKUP($C28,'PLANILHA ORÇAMENTÁRIA'!$D:$M,3,0) -> EXECUÇÃO DE TESTE DE INTEGRIDADE DAS ESTACAS - PIT | F28: =VLOOKUP($C28,'PLANILHA ORÇAMENTÁRIA'!$D:$M,4,0) -> UN | G28: =SUMIF('PLANILHA ORÇAMENTÁRIA'!$D$17:$D$376,'CURVA ABC'!C28,'PLANILHA ORÇAMENTÁRIA'!$H$17:$H$376) -> 53 | H28: =VLOOKUP($C28,'PLANILHA ORÇAMENTÁRIA'!$D:$M,8,0) -> 9014.78 | I28: =ROUND(H28*G28,2) -> 477783.34 | J28: =I28/'PLANILHA ORÇAMENTÁRIA'!$L$377 -> 0.010164217 | K28: =J28+K27 -> 0.72277133 | L28: =IF(K28<80%,"A",IF(K28<95%,"B",IF(K28<110%,"C",0))) -> A | M28: =UPPER(E28) -> EXECUÇÃO DE TESTE DE INTEGRIDADE DAS ESTACAS - PIT | N28: =UPPER(#REF!) -> #REF! | O28: =UPPER(F28) -> UN | P28: =IF(I28>I27,"ERRO","")
C29: 96397 | D29: =VLOOKUP($C29,'PLANILHA ORÇAMENTÁRIA'!$D:$M,2,0) -> SINAPI | E29: =VLOOKUP($C29,'PLANILHA ORÇAMENTÁRIA'!$D:$M,3,0) -> CONSTRUÇÃO DE BASE E SUB-BASE PARA PAVIMENTAÇÃO DE BRITA GRADUADA SIMPLES TRATADA COM CIMENTO, COM ESPESSURA DE 15 CM - EXCLUSIVE CARGA E TRANSPORTE. AF_09/2024 | F29: =VLOOKUP($C29,'PLANILHA ORÇAMENTÁRIA'!$D:$M,4,0) -> M3 | G29: =SUMIF('PLANILHA ORÇAMENTÁRIA'!$D$17:$D$376,'CURVA ABC'!C29,'PLANILHA ORÇAMENTÁRIA'!$H$17:$H$376) -> 1336.4895 | H29: =VLOOKUP($C29,'PLANILHA ORÇAMENTÁRIA'!$D:$M,8,0) -> 345.42 | I29: =ROUND(H29*G29,2) -> 461650.2 | J29: =I29/'PLANILHA ORÇAMENTÁRIA'!$L$377 -> 0.0098210051 | K29: =J29+K28 -> 0.73259233 | L29: =IF(K29<80%,"A",IF(K29<95%,"B",IF(K29<110%,"C",0))) -> A | M29: =UPPER(E29) -> CONSTRUÇÃO DE BASE E SUB-BASE PARA PAVIMENTAÇÃO DE BRITA GRADUADA SIMPLES TRATADA COM CIMENTO, COM ESPESSURA DE 15 CM - EXCLUSIVE CARGA E TRANSPORTE. AF_09/2024 | N29: =UPPER(#REF!) -> #REF! | O29: =UPPER(F29) -> M3 | P29: =IF(I29>I28,"ERRO","")
C30: CPU-022 | D30: =VLOOKUP($C30,'PLANILHA ORÇAMENTÁRIA'!$D:$M,2,0) -> EXTRA | E30: =VLOOKUP($C30,'PLANILHA ORÇAMENTÁRIA'!$D:$M,3,0) -> LOCAÇÃO, MONTAGEM, IÇAMENTO, DESFORMA E LIMPEZA DE FORMA PARA PILAR D = 3,00 M LOCADA | F30: =VLOOKUP($C30,'PLANILHA ORÇAMENTÁRIA'!$D:$M,4,0) -> M2 | G30: =SUMIF('PLANILHA ORÇAMENTÁRIA'!$D$17:$D$376,'CURVA ABC'!C30,'PLANILHA ORÇAMENTÁRIA'!$H$17:$H$376) -> 120.63716 | H30: =VLOOKUP($C30,'PLANILHA ORÇAMENTÁRIA'!$D:$M,8,0) -> 3864.41 | I30: =ROUND(H30*G30,2) -> 466191.44 | J30: =I30/'PLANILHA ORÇAMENTÁRIA'!$L$377 -> 0.0099176141 | K30: =J30+K29 -> 0.74250995 | L30: =IF(K30<80%,"A",IF(K30<95%,"B",IF(K30<110%,"C",0))) -> A | M30: =UPPER(E30) -> LOCAÇÃO, MONTAGEM, IÇAMENTO, DESFORMA E LIMPEZA DE FORMA PARA PILAR D = 3,00 M LOCADA | N30: =UPPER(#REF!) -> #REF! | O30: =UPPER(F30) -> M2 | P30: =IF(I30>I29,"ERRO","") -> ERRO
C31: CPU-018 | D31: =VLOOKUP($C31,'PLANILHA ORÇAMENTÁRIA'!$D:$M,2,0) -> EXTRA | E31: =VLOOKUP($C31,'PLANILHA ORÇAMENTÁRIA'!$D:$M,3,0) -> LOCAÇÃO, MONTAGEM, IÇAMENTO, DESFORMA E LIMPEZA DE FORMA PARA VIGA PRÉ MOLDADA METÁLICA LOCADA | F31: =VLOOKUP($C31,'PLANILHA ORÇAMENTÁRIA'!$D:$M,4,0) -> M2 | G31: =SUMIF('PLANILHA ORÇAMENTÁRIA'!$D$17:$D$376,'CURVA ABC'!C31,'PLANILHA ORÇAMENTÁRIA'!$H$17:$H$376) -> 2565.6846 | H31: =VLOOKUP($C31,'PLANILHA ORÇAMENTÁRIA'!$D:$M,8,0) -> 170.14 | I31: =ROUND(H31*G31,2) -> 436525.58 | J31: =I31/'PLANILHA ORÇAMENTÁRIA'!$L$377 -> 0.0092865117 | K31: =J31+K30 -> 0.75179646 | L31: =IF(K31<80%,"A",IF(K31<95%,"B",IF(K31<110%,"C",0))) -> A | M31: =UPPER(E31) -> LOCAÇÃO, MONTAGEM, IÇAMENTO, DESFORMA E LIMPEZA DE FORMA PARA VIGA PRÉ MOLDADA METÁLICA LOCADA | N31: =UPPER(#REF!) -> #REF! | O31: =UPPER(F31) -> M2 | P31: =IF(I31>I30,"ERRO","")
C32: 4507957 | D32: =VLOOKUP($C32,'PLANILHA ORÇAMENTÁRIA'!$D:$M,2,0) -> SICRO 3 | E32: =VLOOKUP($C32,'PLANILHA ORÇAMENTÁRIA'!$D:$M,3,0) -> CORDOALHA CP 190 RB D = 15,2 MM - FORNECIMENTO E INSTALAÇÃO | F32: =VLOOKUP($C32,'PLANILHA ORÇAMENTÁRIA'!$D:$M,4,0) -> KG | G32: =SUMIF('PLANILHA ORÇAMENTÁRIA'!$D$17:$D$376,'CURVA ABC'!C32,'PLANILHA ORÇAMENTÁRIA'!$H$17:$H$376) -> 31728 | H32: =VLOOKUP($C32,'PLANILHA ORÇAMENTÁRIA'!$D:$M,8,0) -> 13.18 | I32: =ROUND(H32*G32,2) -> 418175.04 | J32: =I32/'PLANILHA ORÇAMENTÁRIA'!$L$377 -> 0.0088961279 | K32: =J32+K31 -> 0.76069259 | L32: =IF(K32<80%,"A",IF(K32<95%,"B",IF(K32<110%,"C",0))) -> A | M32: =UPPER(E32) -> CORDOALHA CP 190 RB D = 15,2 MM - FORNECIMENTO E INSTALAÇÃO | N32: =UPPER(#REF!) -> #REF! | O32: =UPPER(F32) -> KG | P32: =IF(I32>I31,"ERRO","")
C33: 605504 | D33: =VLOOKUP($C33,'PLANILHA ORÇAMENTÁRIA'!$D:$M,2,0) -> SICRO 3 | E33: =VLOOKUP($C33,'PLANILHA ORÇAMENTÁRIA'!$D:$M,3,0) -> BUEIRO METÁLICO SEM INTERRUPÇÃO DE TRÁFEGO - D = 1,20 M - CHAPA GALVANIZADA - ESCAVADO EM MATERIAL DE 1ª CATEGORIA - ATERRO RODOVIÁRIO MÁXIMO = 9,00 M | F33: =VLOOKUP($C33,'PLANILHA ORÇAMENTÁRIA'!$D:$M,4,0) -> M | G33: =SUMIF('PLANILHA ORÇAMENTÁRIA'!$D$17:$D$376,'CURVA ABC'!C33,'PLANILHA ORÇAMENTÁRIA'!$H$17:$H$376) -> 70 | H33: =VLOOKUP($C33,'PLANILHA ORÇAMENTÁRIA'!$D:$M,8,0) -> 6088.92 | I33: =ROUND(H33*G33,2) -> 426224.4 | J33: =I33/'PLANILHA ORÇAMENTÁRIA'!$L$377 -> 0.0090673675 | K33: =J33+K32 -> 0.76975996 | L33: =IF(K33<80%,"A",IF(K33<95%,"B",IF(K33<110%,"C",0))) -> A | M33: =UPPER(E33) -> BUEIRO METÁLICO SEM INTERRUPÇÃO DE TRÁFEGO - D = 1,20 M - CHAPA GALVANIZADA - ESCAVADO EM MATERIAL DE 1ª CATEGORIA - ATERRO RODOVIÁRIO MÁXIMO = 9,00 M | N33: =UPPER(#REF!) -> #REF! | O33: =UPPER(F33) -> M | P33: =IF(I33>I32,"ERRO","") -> ERRO
C34: 5914622 | D34: =VLOOKUP($C34,'PLANILHA ORÇAMENTÁRIA'!$D:$M,2,0) -> SICRO 3 | E34: =VLOOKUP($C34,'PLANILHA ORÇAMENTÁRIA'!$D:$M,3,0) -> TRANSPORTE DE MATERIAL BETUMINOSO COM CAMINHÃO TANQUE DISTRIBUIDOR - RODOVIA PAVIMENTADA | F34: =VLOOKUP($C34,'PLANILHA ORÇAMENTÁRIA'!$D:$M,4,0) -> TKM | G34: =SUMIF('PLANILHA ORÇAMENTÁRIA'!$D$17:$D$376,'CURVA ABC'!C34,'PLANILHA ORÇAMENTÁRIA'!$H$17:$H$376) -> 163535.87 | H34: =VLOOKUP($C34,'PLANILHA ORÇAMENTÁRIA'!$D:$M,8,0) -> 2.72 | I34: =ROUND(H34*G34,2) -> 444817.58 | J34: =I34/'PLANILHA ORÇAMENTÁRIA'!$L$377 -> 0.0094629131 | K34: =J34+K33 -> 0.77922287 | L34: =IF(K34<80%,"A",IF(K34<95%,"B",IF(K34<110%,"C",0))) -> A | M34: =UPPER(E34) -> TRANSPORTE DE MATERIAL BETUMINOSO COM CAMINHÃO TANQUE DISTRIBUIDOR - RODOVIA PAVIMENTADA | N34: =UPPER(#REF!) -> #REF! | O34: =UPPER(F34) -> TKM | P34: =IF(I34>I33,"ERRO","") -> ERRO
C35: CPU-033 | D35: =VLOOKUP($C35,'PLANILHA ORÇAMENTÁRIA'!$D:$M,2,0) -> EXTRA | E35: =VLOOKUP($C35,'PLANILHA ORÇAMENTÁRIA'!$D:$M,3,0) -> BARREIRA SIMPLES DE CONCRETO, ARMADA, PRÉ-MOLDADA (PERFIL NEW JERSEY) - L > 3,00 M E H = 810 MM, CONSIDERANDO CONFECÇÃO E INSTALAÇÃO, INCLUSIVE CONCRETO, FORMA E ARMAÇÃO | F35: =VLOOKUP($C35,'PLANILHA ORÇAMENTÁRIA'!$D:$M,4,0) -> M | G35: =SUMIF('PLANILHA ORÇAMENTÁRIA'!$D$17:$D$376,'CURVA ABC'!C35,'PLANILHA ORÇAMENTÁRIA'!$H$17:$H$376) -> 1015 | H35: =VLOOKUP($C35,'PLANILHA ORÇAMENTÁRIA'!$D:$M,8,0) -> 346.12 | I35: =ROUND(H35*G35,2) -> 351311.8 | J35: =I35/'PLANILHA ORÇAMENTÁRIA'!$L$377 -> 0.0074736998 | K35: =J35+K34 -> 0.78669657 | L35: =IF(K35<80%,"A",IF(K35<95%,"B",IF(K35<110%,"C",0))) -> A | M35: =UPPER(E35) -> BARREIRA SIMPLES DE CONCRETO, ARMADA, PRÉ-MOLDADA (PERFIL NEW JERSEY) - L > 3,00 M E H = 810 MM, CONSIDERANDO CONFECÇÃO E INSTALAÇÃO, INCLUSIVE CONCRETO, FORMA E ARMAÇÃO | N35: =UPPER(#REF!) -> #REF! | O35: =UPPER(F35) -> M | P35: =IF(I35>I34,"ERRO","")
C36: CPU-014 | D36: =VLOOKUP($C36,'PLANILHA ORÇAMENTÁRIA'!$D:$M,2,0) -> EXTRA | E36: =VLOOKUP($C36,'PLANILHA ORÇAMENTÁRIA'!$D:$M,3,0) -> GERADOR DE ENERGIA ELÉTRICA - MOTOR A DIESEL, POTENCIA MINÍMA 80KVA AUTONOMÍA DE 10h INCLUSIVE DIESEL | F36: =VLOOKUP($C36,'PLANILHA ORÇAMENTÁRIA'!$D:$M,4,0) -> MÊS | G36: =SUMIF('PLANILHA ORÇAMENTÁRIA'!$D$17:$D$376,'CURVA ABC'!C36,'PLANILHA ORÇAMENTÁRIA'!$H$17:$H$376) -> 48 | H36: =VLOOKUP($C36,'PLANILHA ORÇAMENTÁRIA'!$D:$M,8,0) -> 7092.11 | I36: =ROUND(H36*G36,2) -> 340421.28 | J36: =I36/'PLANILHA ORÇAMENTÁRIA'!$L$377 -> 0.0072420182 | K36: =J36+K35 -> 0.79393859 | L36: =IF(K36<80%,"A",IF(K36<95%,"B",IF(K36<110%,"C",0))) -> A | M36: =UPPER(E36) -> GERADOR DE ENERGIA ELÉTRICA - MOTOR A DIESEL, POTENCIA MINÍMA 80KVA AUTONOMÍA DE 10H INCLUSIVE DIESEL | N36: =UPPER(#REF!) -> #REF! | O36: =UPPER(F36) -> MÊS | P36: =IF(I36>I35,"ERRO","")
C37: 43.01.03 | D37: =VLOOKUP($C37,'PLANILHA ORÇAMENTÁRIA'!$D:$M,2,0) -> SUDECAP | E37: =VLOOKUP($C37,'PLANILHA ORÇAMENTÁRIA'!$D:$M,3,0) -> EQUIPE DE TOPOGRAFIA - OBRA | F37: =VLOOKUP($C37,'PLANILHA ORÇAMENTÁRIA'!$D:$M,4,0) -> MES | G37: =SUMIF('PLANILHA ORÇAMENTÁRIA'!$D$17:$D$376,'CURVA ABC'!C37,'PLANILHA ORÇAMENTÁRIA'!$H$17:$H$376) -> 12 | H37: =VLOOKUP($C37,'PLANILHA ORÇAMENTÁRIA'!$D:$M,8,0) -> 24778.01 | I37: =ROUND(H37*G37,2) -> 297336.12 | J37: =I37/'PLANILHA ORÇAMENTÁRIA'!$L$377 -> 0.0063254377 | K37: =J37+K36 -> 0.80026402 | L37: =IF(K37<80%,"A",IF(K37<95%,"B",IF(K37<110%,"C",0))) -> B | M37: =UPPER(E37) -> EQUIPE DE TOPOGRAFIA - OBRA | N37: =UPPER(#REF!) -> #REF! | O37: =UPPER(F37) -> MES | P37: =IF(I37>I36,"ERRO","")
C38: 5213358 | D38: =VLOOKUP($C38,'PLANILHA ORÇAMENTÁRIA'!$D:$M,2,0) -> SICRO 3 | E38: =VLOOKUP($C38,'PLANILHA ORÇAMENTÁRIA'!$D:$M,3,0) -> LAMINADO ELASTOPLÁSTICO PARA SINALIZAÇÃO HORIZONTAL - ESPESSURA DE 1,5 MM - FORNECIMENTO E IMPLANTAÇÃO | F38: =VLOOKUP($C38,'PLANILHA ORÇAMENTÁRIA'!$D:$M,4,0) -> M² | G38: =SUMIF('PLANILHA ORÇAMENTÁRIA'!$D$17:$D$376,'CURVA ABC'!C38,'PLANILHA ORÇAMENTÁRIA'!$H$17:$H$376) -> 1072.18 | H38: =VLOOKUP($C38,'PLANILHA ORÇAMENTÁRIA'!$D:$M,8,0) -> 234.58 | I38: =ROUND(H38*G38,2) -> 251511.98 | J38: =I38/'PLANILHA ORÇAMENTÁRIA'!$L$377 -> 0.0053505889 | K38: =J38+K37 -> 0.80561461 | L38: =IF(K38<80%,"A",IF(K38<95%,"B",IF(K38<110%,"C",0))) -> B | M38: =UPPER(E38) -> LAMINADO ELASTOPLÁSTICO PARA SINALIZAÇÃO HORIZONTAL - ESPESSURA DE 1,5 MM - FORNECIMENTO E IMPLANTAÇÃO | N38: =UPPER(#REF!) -> #REF! | O38: =UPPER(F38) -> M² | P38: =IF(I38>I37,"ERRO","")
C39: 2003571 | D39: =VLOOKUP($C39,'PLANILHA ORÇAMENTÁRIA'!$D:$M,2,0) -> SICRO 3 | E39: =VLOOKUP($C39,'PLANILHA ORÇAMENTÁRIA'!$D:$M,3,0) -> DRENO LONGITUDINAL PROFUNDO PARA CORTE EM SOLO - DPS 08 - TUBO DE CONCRETO PERFURADO E BRITA COMERCIAL | F39: =VLOOKUP($C39,'PLANILHA ORÇAMENTÁRIA'!$D:$M,4,0) -> M | G39: =SUMIF('PLANILHA ORÇAMENTÁRIA'!$D$17:$D$376,'CURVA ABC'!C39,'PLANILHA ORÇAMENTÁRIA'!$H$17:$H$376) -> 1030 | H39: =VLOOKUP($C39,'PLANILHA ORÇAMENTÁRIA'!$D:$M,8,0) -> 262.7 | I39: =ROUND(H39*G39,2) -> 270581 | J39: =I39/'PLANILHA ORÇAMENTÁRIA'!$L$377 -> 0.0057562574 | K39: =J39+K38 -> 0.81137087 | L39: =IF(K39<80%,"A",IF(K39<95%,"B",IF(K39<110%,"C",0))) -> B | M39: =UPPER(E39) -> DRENO LONGITUDINAL PROFUNDO PARA CORTE EM SOLO - DPS 08 - TUBO DE CONCRETO PERFURADO E BRITA COMERCIAL | N39: =UPPER(#REF!) -> #REF! | O39: =UPPER(F39) -> M | P39: =IF(I39>I38,"ERRO","") -> ERRO
C40: CPU-020 | D40: =VLOOKUP($C40,'PLANILHA ORÇAMENTÁRIA'!$D:$M,2,0) -> EXTRA | E40: =VLOOKUP($C40,'PLANILHA ORÇAMENTÁRIA'!$D:$M,3,0) -> LOCAÇÃO, MONTAGEM, IÇAMENTO, DESFORMA E LIMPEZA DE FORMA PARA PILAR D = 1,50 M LOCADA | F40: =VLOOKUP($C40,'PLANILHA ORÇAMENTÁRIA'!$D:$M,4,0) -> M2 | G40: =SUMIF('PLANILHA ORÇAMENTÁRIA'!$D$17:$D$376,'CURVA ABC'!C40,'PLANILHA ORÇAMENTÁRIA'!$H$17:$H$376) -> 149.22565 | H40: =VLOOKUP($C40,'PLANILHA ORÇAMENTÁRIA'!$D:$M,8,0) -> 1812.41 | I40: =ROUND(H40*G40,2) -> 270458.06 | J40: =I40/'PLANILHA ORÇAMENTÁRIA'!$L$377 -> 0.005753642 | K40: =J40+K39 -> 0.81712451 | L40: =IF(K40<80%,"A",IF(K40<95%,"B",IF(K40<110%,"C",0))) -> B | M40: =UPPER(E40) -> LOCAÇÃO, MONTAGEM, IÇAMENTO, DESFORMA E LIMPEZA DE FORMA PARA PILAR D = 1,50 M LOCADA | N40: =UPPER(#REF!) -> #REF! | O40: =UPPER(F40) -> M2 | P40: =IF(I40>I39,"ERRO","")
C41: CPU-037 | D41: =VLOOKUP($C41,'PLANILHA ORÇAMENTÁRIA'!$D:$M,2,0) -> EXTRA | E41: =VLOOKUP($C41,'PLANILHA ORÇAMENTÁRIA'!$D:$M,3,0) -> ENSAIO DE CONCRETO: CURA, FACEAMENTO, RUPTURA, EMISSÃO DE CERTIFICADOS - ATE 6 UNIDADES | F41: =VLOOKUP($C41,'PLANILHA ORÇAMENTÁRIA'!$D:$M,4,0) -> UN | G41: =SUMIF('PLANILHA ORÇAMENTÁRIA'!$D$17:$D$376,'CURVA ABC'!C41,'PLANILHA ORÇAMENTÁRIA'!$H$17:$H$376) -> 1873 | H41: =VLOOKUP($C41,'PLANILHA ORÇAMENTÁRIA'!$D:$M,8,0) -> 144.69 | I41: =ROUND(H41*G41,2) -> 271004.37 | J41: =I41/'PLANILHA ORÇAMENTÁRIA'!$L$377 -> 0.0057652641 | K41: =J41+K40 -> 0.82288978 | L41: =IF(K41<80%,"A",IF(K41<95%,"B",IF(K41<110%,"C",0))) -> B | M41: =UPPER(E41) -> ENSAIO DE CONCRETO: CURA, FACEAMENTO, RUPTURA, EMISSÃO DE CERTIFICADOS - ATE 6 UNIDADES | N41: =UPPER(#REF!) -> #REF! | O41: =UPPER(F41) -> UN | P41: =IF(I41>I40,"ERRO","") -> ERRO
C42: 105984 | D42: =VLOOKUP($C42,'PLANILHA ORÇAMENTÁRIA'!$D:$M,2,0) -> SINAPI | E42: =VLOOKUP($C42,'PLANILHA ORÇAMENTÁRIA'!$D:$M,3,0) -> GUINDAUTO HIDRÁULICO, CAPACIDADE MÁXIMA DE CARGA 8500 KG, MOMENTO MÁXIMO DE CARGA 30,4 TM, ALCANCE MÁXIMO HORIZONTAL 14,30 M, INCLUSIVE CAMINHÃO TRUCADO PBT 23.000 KG, POTÊNCIA DE 256 CV E CARROCERIA FIXA ABERTA DE MADEIRA - CHP DIURNO. AF_05/2025 | F42: =VLOOKUP($C42,'PLANILHA ORÇAMENTÁRIA'!$D:$M,4,0) -> CHP | G42: =SUMIF('PLANILHA ORÇAMENTÁRIA'!$D$17:$D$376,'CURVA ABC'!C42,'PLANILHA ORÇAMENTÁRIA'!$H$17:$H$376) -> 660 | H42: =VLOOKUP($C42,'PLANILHA ORÇAMENTÁRIA'!$D:$M,8,0) -> 398.97 | I42: =ROUND(H42*G42,2) -> 263320.2 | J42: =I42/'PLANILHA ORÇAMENTÁRIA'!$L$377 -> 0.0056017934 | K42: =J42+K41 -> 0.82849157 | L42: =IF(K42<80%,"A",IF(K42<95%,"B",IF(K42<110%,"C",0))) -> B | M42: =UPPER(E42) -> GUINDAUTO HIDRÁULICO, CAPACIDADE MÁXIMA DE CARGA 8500 KG, MOMENTO MÁXIMO DE CARGA 30,4 TM, ALCANCE MÁXIMO HORIZONTAL 14,30 M, INCLUSIVE CAMINHÃO TRUCADO PBT 23.000 KG, POTÊNCIA DE 256 CV E CARROCERIA FIXA ABERTA DE MADEIRA - CHP DIURNO. AF_05/2025 | N42: =UPPER(#REF!) -> #REF! | O42: =UPPER(F42) -> CHP | P42: =IF(I42>I41,"ERRO","")
C43: 45.01.03 | D43: =VLOOKUP($C43,'PLANILHA ORÇAMENTÁRIA'!$D:$M,2,0) -> SUDECAP | E43: =VLOOKUP($C43,'PLANILHA ORÇAMENTÁRIA'!$D:$M,3,0) -> LOCAÇÃO VEICULO TIPO PICAPE LEVE C/ SEGURO SEM COMBUSTÍVEL | F43: =VLOOKUP($C43,'PLANILHA ORÇAMENTÁRIA'!$D:$M,4,0) -> MES | G43: =SUMIF('PLANILHA ORÇAMENTÁRIA'!$D$17:$D$376,'CURVA ABC'!C43,'PLANILHA ORÇAMENTÁRIA'!$H$17:$H$376) -> 48 | H43: =VLOOKUP($C43,'PLANILHA ORÇAMENTÁRIA'!$D:$M,8,0) -> 4458.33 | I43: =ROUND(H43*G43,2) -> 213999.84 | J43: =I43/'PLANILHA ORÇAMENTÁRIA'!$L$377 -> 0.0045525671 | K43: =J43+K42 -> 0.83304414 | L43: =IF(K43<80%,"A",IF(K43<95%,"B",IF(K43<110%,"C",0))) -> B | M43: =UPPER(E43) -> LOCAÇÃO VEICULO TIPO PICAPE LEVE C/ SEGURO SEM COMBUSTÍVEL | N43: =UPPER(#REF!) -> #REF! | O43: =UPPER(F43) -> MES | P43: =IF(I43>I42,"ERRO","")
C44: 3806420 | D44: =VLOOKUP($C44,'PLANILHA ORÇAMENTÁRIA'!$D:$M,2,0) -> SICRO 3 | E44: =VLOOKUP($C44,'PLANILHA ORÇAMENTÁRIA'!$D:$M,3,0) -> LANÇAMENTO DE VIGA PRÉ-MOLDADA DE ATÉ 500 KN COM UTILIZAÇÃO DE GUINDASTE | F44: =VLOOKUP($C44,'PLANILHA ORÇAMENTÁRIA'!$D:$M,4,0) -> UN | G44: =SUMIF('PLANILHA ORÇAMENTÁRIA'!$D$17:$D$376,'CURVA ABC'!C44,'PLANILHA ORÇAMENTÁRIA'!$H$17:$H$376) -> 36 | H44: =VLOOKUP($C44,'PLANILHA ORÇAMENTÁRIA'!$D:$M,8,0) -> 4992.33 | I44: =ROUND(H44*G44,2) -> 179723.88 | J44: =I44/'PLANILHA ORÇAMENTÁRIA'!$L$377 -> 0.0038233908 | K44: =J44+K43 -> 0.83686753 | L44: =IF(K44<80%,"A",IF(K44<95%,"B",IF(K44<110%,"C",0))) -> B | M44: =UPPER(E44) -> LANÇAMENTO DE VIGA PRÉ-MOLDADA DE ATÉ 500 KN COM UTILIZAÇÃO DE GUINDASTE | N44: =UPPER(#REF!) -> #REF! | O44: =UPPER(F44) -> UN | P44: =IF(I44>I43,"ERRO","")
C45: 5928 | D45: =VLOOKUP($C45,'PLANILHA ORÇAMENTÁRIA'!$D:$M,2,0) -> SINAPI | E45: =VLOOKUP($C45,'PLANILHA ORÇAMENTÁRIA'!$D:$M,3,0) -> GUINDAUTO HIDRÁULICO, CAPACIDADE MÁXIMA DE CARGA 6200 KG, MOMENTO MÁXIMO DE CARGA 11,7 TM, ALCANCE MÁXIMO HORIZONTAL 9,70 M, INCLUSIVE CAMINHÃO TOCO PBT 16.000 KG, POTÊNCIA DE 189 CV - CHP DIURNO. AF_06/2014 | F45: =VLOOKUP($C45,'PLANILHA ORÇAMENTÁRIA'!$D:$M,4,0) -> CHP | G45: =SUMIF('PLANILHA ORÇAMENTÁRIA'!$D$17:$D$376,'CURVA ABC'!C45,'PLANILHA ORÇAMENTÁRIA'!$H$17:$H$376) -> 660 | H45: =VLOOKUP($C45,'PLANILHA ORÇAMENTÁRIA'!$D:$M,8,0) -> 341.8 | I45: =ROUND(H45*G45,2) -> 225588 | J45: =I45/'PLANILHA ORÇAMENTÁRIA'!$L$377 -> 0.0047990901 | K45: =J45+K44 -> 0.84166662 | L45: =IF(K45<80%,"A",IF(K45<95%,"B",IF(K45<110%,"C",0))) -> B | M45: =UPPER(E45) -> GUINDAUTO HIDRÁULICO, CAPACIDADE MÁXIMA DE CARGA 6200 KG, MOMENTO MÁXIMO DE CARGA 11,7 TM, ALCANCE MÁXIMO HORIZONTAL 9,70 M, INCLUSIVE CAMINHÃO TOCO PBT 16.000 KG, POTÊNCIA DE 189 CV - CHP DIURNO. AF_06/2014 | N45: =UPPER(#REF!) -> #REF! | O45: =UPPER(F45) -> CHP | P45: =IF(I45>I44,"ERRO","") -> ERRO
C46: 5405978 | D46: =VLOOKUP($C46,'PLANILHA ORÇAMENTÁRIA'!$D:$M,2,0) -> SICRO 3 | E46: =VLOOKUP($C46,'PLANILHA ORÇAMENTÁRIA'!$D:$M,3,0) -> ATERRO COMPACTADO EM SOLO REFORÇADO COM FITA METÁLICA GALVANIZADA - TAXA 3,31 KG/M³ - MATERIAL DE JAZIDA | F46: =VLOOKUP($C46,'PLANILHA ORÇAMENTÁRIA'!$D:$M,4,0) -> M³ | G46: =SUMIF('PLANILHA ORÇAMENTÁRIA'!$D$17:$D$376,'CURVA ABC'!C46,'PLANILHA ORÇAMENTÁRIA'!$H$17:$H$376) -> 2790.255 | H46: =VLOOKUP($C46,'PLANILHA ORÇAMENTÁRIA'!$D:$M,8,0) -> 81.02 | I46: =ROUND(H46*G46,2) -> 226066.46 | J46: =I46/'PLANILHA ORÇAMENTÁRIA'!$L$377 -> 0.0048092687 | K46: =J46+K45 -> 0.84647589 | L46: =IF(K46<80%,"A",IF(K46<95%,"B",IF(K46<110%,"C",0))) -> B | M46: =UPPER(E46) -> ATERRO COMPACTADO EM SOLO REFORÇADO COM FITA METÁLICA GALVANIZADA - TAXA 3,31 KG/M³ - MATERIAL DE JAZIDA | N46: =UPPER(#REF!) -> #REF! | O46: =UPPER(F46) -> M³ | P46: =IF(I46>I45,"ERRO","") -> ERRO
C47: 01.09.19 | D47: =VLOOKUP($C47,'PLANILHA ORÇAMENTÁRIA'!$D:$M,2,0) -> SUDECAP | E47: =VLOOKUP($C47,'PLANILHA ORÇAMENTÁRIA'!$D:$M,3,0) -> CONTAINER VESTIÁRIO TIPO II | F47: =VLOOKUP($C47,'PLANILHA ORÇAMENTÁRIA'!$D:$M,4,0) -> MES | G47: =SUMIF('PLANILHA ORÇAMENTÁRIA'!$D$17:$D$376,'CURVA ABC'!C47,'PLANILHA ORÇAMENTÁRIA'!$H$17:$H$376) -> 72 | H47: =VLOOKUP($C47,'PLANILHA ORÇAMENTÁRIA'!$D:$M,8,0) -> 2943.6 | I47: =ROUND(H47*G47,2) -> 211939.2 | J47: =I47/'PLANILHA ORÇAMENTÁRIA'!$L$377 -> 0.0045087297 | K47: =J47+K46 -> 0.85098462 | L47: =IF(K47<80%,"A",IF(K47<95%,"B",IF(K47<110%,"C",0))) -> B | M47: =UPPER(E47) -> CONTAINER VESTIÁRIO TIPO II | N47: =UPPER(#REF!) -> #REF! | O47: =UPPER(F47) -> MES | P47: =IF(I47>I46,"ERRO","")
C48: 6259 | D48: =VLOOKUP($C48,'PLANILHA ORÇAMENTÁRIA'!$D:$M,2,0) -> SINAPI | E48: =VLOOKUP($C48,'PLANILHA ORÇAMENTÁRIA'!$D:$M,3,0) -> CAMINHÃO PIPA 6.000 L, PESO BRUTO TOTAL 13.000 KG, DISTÂNCIA ENTRE EIXOS 4,80 M, POTÊNCIA 189 CV INCLUSIVE TANQUE DE AÇO PARA TRANSPORTE DE ÁGUA, CAPACIDADE 6 M3 - CHP DIURNO. AF_06/2014 | F48: =VLOOKUP($C48,'PLANILHA ORÇAMENTÁRIA'!$D:$M,4,0) -> CHP | G48: =SUMIF('PLANILHA ORÇAMENTÁRIA'!$D$17:$D$376,'CURVA ABC'!C48,'PLANILHA ORÇAMENTÁRIA'!$H$17:$H$376) -> 660 | H48: =VLOOKUP($C48,'PLANILHA ORÇAMENTÁRIA'!$D:$M,8,0) -> 314.52 | I48: =ROUND(H48*G48,2) -> 207583.2 | J48: =I48/'PLANILHA ORÇAMENTÁRIA'!$L$377 -> 0.0044160615 | K48: =J48+K47 -> 0.85540068 | L48: =IF(K48<80%,"A",IF(K48<95%,"B",IF(K48<110%,"C",0))) -> B | M48: =UPPER(E48) -> CAMINHÃO PIPA 6.000 L, PESO BRUTO TOTAL 13.000 KG, DISTÂNCIA ENTRE EIXOS 4,80 M, POTÊNCIA 189 CV INCLUSIVE TANQUE DE AÇO PARA TRANSPORTE DE ÁGUA, CAPACIDADE 6 M3 - CHP DIURNO. AF_06/2014 | N48: =UPPER(#REF!) -> #REF! | O48: =UPPER(F48) -> CHP | P48: =IF(I48>I47,"ERRO","")
C49: 5824 | D49: =VLOOKUP($C49,'PLANILHA ORÇAMENTÁRIA'!$D:$M,2,0) -> SINAPI | E49: =VLOOKUP($C49,'PLANILHA ORÇAMENTÁRIA'!$D:$M,3,0) -> CAMINHÃO TOCO, PBT 16.000 KG, CARGA ÚTIL MÁX. 10.685 KG, DIST. ENTRE EIXOS 4,8 M, POTÊNCIA 189 CV, INCLUSIVE CARROCERIA FIXA ABERTA DE MADEIRA P/ TRANSPORTE GERAL DE CARGA SECA, DIMEN. APROX. 2,5 X 7,00 X 0,50 M - CHP DIURNO. AF_06/2014 | F49: =VLOOKUP($C49,'PLANILHA ORÇAMENTÁRIA'!$D:$M,4,0) -> CHP | G49: =SUMIF('PLANILHA ORÇAMENTÁRIA'!$D$17:$D$376,'CURVA ABC'!C49,'PLANILHA ORÇAMENTÁRIA'!$H$17:$H$376) -> 660 | H49: =VLOOKUP($C49,'PLANILHA ORÇAMENTÁRIA'!$D:$M,8,0) -> 268.64 | I49: =ROUND(H49*G49,2) -> 177302.4 | J49: =I49/'PLANILHA ORÇAMENTÁRIA'!$L$377 -> 0.003771877 | K49: =J49+K48 -> 0.85917255 | L49: =IF(K49<80%,"A",IF(K49<95%,"B",IF(K49<110%,"C",0))) -> B | M49: =UPPER(E49) -> CAMINHÃO TOCO, PBT 16.000 KG, CARGA ÚTIL MÁX. 10.685 KG, DIST. ENTRE EIXOS 4,8 M, POTÊNCIA 189 CV, INCLUSIVE CARROCERIA FIXA ABERTA DE MADEIRA P/ TRANSPORTE GERAL DE CARGA SECA, DIMEN. APROX. 2,5 X 7,00 X 0,50 M - CHP DIURNO. AF_06/2014 | N49: =UPPER(#REF!) -> #REF! | O49: =UPPER(F49) -> CHP | P49: =IF(I49>I48,"ERRO","")
C50: CPU-031 | D50: =VLOOKUP($C50,'PLANILHA ORÇAMENTÁRIA'!$D:$M,2,0) -> EXTRA | E50: =VLOOKUP($C50,'PLANILHA ORÇAMENTÁRIA'!$D:$M,3,0) -> EXECUÇÃO DE TESTE DE CARREGAMENTO DINÂMICO - PDA | F50: =VLOOKUP($C50,'PLANILHA ORÇAMENTÁRIA'!$D:$M,4,0) -> UN | G50: =SUMIF('PLANILHA ORÇAMENTÁRIA'!$D$17:$D$376,'CURVA ABC'!C50,'PLANILHA ORÇAMENTÁRIA'!$H$17:$H$376) -> 8 | H50: =VLOOKUP($C50,'PLANILHA ORÇAMENTÁRIA'!$D:$M,8,0) -> 21034.48 | I50: =ROUND(H50*G50,2) -> 168275.84 | J50: =I50/'PLANILHA ORÇAMENTÁRIA'!$L$377 -> 0.0035798487 | K50: =J50+K49 -> 0.8627524 | L50: =IF(K50<80%,"A",IF(K50<95%,"B",IF(K50<110%,"C",0))) -> B | M50: =UPPER(E50) -> EXECUÇÃO DE TESTE DE CARREGAMENTO DINÂMICO - PDA | N50: =UPPER(#REF!) -> #REF! | O50: =UPPER(F50) -> UN | P50: =IF(I50>I49,"ERRO","")
C51: 20.12.03 | D51: =VLOOKUP($C51,'PLANILHA ORÇAMENTÁRIA'!$D:$M,2,0) -> SUDECAP | E51: =VLOOKUP($C51,'PLANILHA ORÇAMENTÁRIA'!$D:$M,3,0) -> PINTURA DE LIGAÇÃO EM DUAS ETAPAS COM RR-2C, INCLUSIVE MANTA GEOTÊXTIL, LIMPEZA MANUAL | F51: =VLOOKUP($C51,'PLANILHA ORÇAMENTÁRIA'!$D:$M,4,0) -> M2 | G51: =SUMIF('PLANILHA ORÇAMENTÁRIA'!$D$17:$D$376,'CURVA ABC'!C51,'PLANILHA ORÇAMENTÁRIA'!$H$17:$H$376) -> 8909.93 | H51: =VLOOKUP($C51,'PLANILHA ORÇAMENTÁRIA'!$D:$M,8,0) -> 16.9 | I51: =ROUND(H51*G51,2) -> 150577.82 | J51: =I51/'PLANILHA ORÇAMENTÁRIA'!$L$377 -> 0.0032033465 | K51: =J51+K50 -> 0.86595575 | L51: =IF(K51<80%,"A",IF(K51<95%,"B",IF(K51<110%,"C",0))) -> B | M51: =UPPER(E51) -> PINTURA DE LIGAÇÃO EM DUAS ETAPAS COM RR-2C, INCLUSIVE MANTA GEOTÊXTIL, LIMPEZA MANUAL | N51: =UPPER(#REF!) -> #REF! | O51: =UPPER(F51) -> M2 | P51: =IF(I51>I50,"ERRO","")
C52: 4011471 | D52: =VLOOKUP($C52,'PLANILHA ORÇAMENTÁRIA'!$D:$M,2,0) -> SICRO 3 | E52: =VLOOKUP($C52,'PLANILHA ORÇAMENTÁRIA'!$D:$M,3,0) -> CONCRETO ASFÁLTICO COM BORRACHA - FAIXA C - BRITA COMERCIAL | F52: =VLOOKUP($C52,'PLANILHA ORÇAMENTÁRIA'!$D:$M,4,0) -> T | G52: =SUMIF('PLANILHA ORÇAMENTÁRIA'!$D$17:$D$376,'CURVA ABC'!C52,'PLANILHA ORÇAMENTÁRIA'!$H$17:$H$376) -> 519.432 | H52: =VLOOKUP($C52,'PLANILHA ORÇAMENTÁRIA'!$D:$M,8,0) -> 333.67 | I52: =ROUND(H52*G52,2) -> 173318.88 | J52: =I52/'PLANILHA ORÇAMENTÁRIA'!$L$377 -> 0.0036871328 | K52: =J52+K51 -> 0.86964288 | L52: =IF(K52<80%,"A",IF(K52<95%,"B",IF(K52<110%,"C",0))) -> B | M52: =UPPER(E52) -> CONCRETO ASFÁLTICO COM BORRACHA - FAIXA C - BRITA COMERCIAL | N52: =UPPER(#REF!) -> #REF! | O52: =UPPER(F52) -> T | P52: =IF(I52>I51,"ERRO","") -> ERRO
C53: 4011470 | D53: =VLOOKUP($C53,'PLANILHA ORÇAMENTÁRIA'!$D:$M,2,0) -> SICRO 3 | E53: =VLOOKUP($C53,'PLANILHA ORÇAMENTÁRIA'!$D:$M,3,0) -> CONCRETO ASFÁLTICO COM BORRACHA - FAIXA B - BRITA COMERCIAL | F53: =VLOOKUP($C53,'PLANILHA ORÇAMENTÁRIA'!$D:$M,4,0) -> T | G53: =SUMIF('PLANILHA ORÇAMENTÁRIA'!$D$17:$D$376,'CURVA ABC'!C53,'PLANILHA ORÇAMENTÁRIA'!$H$17:$H$376) -> 488.346 | H53: =VLOOKUP($C53,'PLANILHA ORÇAMENTÁRIA'!$D:$M,8,0) -> 332.47 | I53: =ROUND(H53*G53,2) -> 162360.39 | J53: =I53/'PLANILHA ORÇAMENTÁRIA'!$L$377 -> 0.0034540053 | K53: =J53+K52 -> 0.87309689 | L53: =IF(K53<80%,"A",IF(K53<95%,"B",IF(K53<110%,"C",0))) -> B | M53: =UPPER(E53) -> CONCRETO ASFÁLTICO COM BORRACHA - FAIXA B - BRITA COMERCIAL | N53: =UPPER(#REF!) -> #REF! | O53: =UPPER(F53) -> T | P53: =IF(I53>I52,"ERRO","")
C54: CPU-002 | D54: =VLOOKUP($C54,'PLANILHA ORÇAMENTÁRIA'!$D:$M,2,0) -> EXTRA | E54: =VLOOKUP($C54,'PLANILHA ORÇAMENTÁRIA'!$D:$M,3,0) -> TICKET DE DESTINAÇÃO DE MATERIAL EM BOTA-FORA | F54: =VLOOKUP($C54,'PLANILHA ORÇAMENTÁRIA'!$D:$M,4,0) -> M³ | G54: =SUMIF('PLANILHA ORÇAMENTÁRIA'!$D$17:$D$376,'CURVA ABC'!C54,'PLANILHA ORÇAMENTÁRIA'!$H$17:$H$376) -> 11147.23 | H54: =VLOOKUP($C54,'PLANILHA ORÇAMENTÁRIA'!$D:$M,8,0) -> 12.95 | I54: =ROUND(H54*G54,2) -> 144356.63 | J54: =I54/'PLANILHA ORÇAMENTÁRIA'!$L$377 -> 0.0030709988 | K54: =J54+K53 -> 0.87616789 | L54: =IF(K54<80%,"A",IF(K54<95%,"B",IF(K54<110%,"C",0))) -> B | M54: =UPPER(E54) -> TICKET DE DESTINAÇÃO DE MATERIAL EM BOTA-FORA | N54: =UPPER(#REF!) -> #REF! | O54: =UPPER(F54) -> M³ | P54: =IF(I54>I53,"ERRO","")
C55: CPU-003 | D55: =VLOOKUP($C55,'PLANILHA ORÇAMENTÁRIA'!$D:$M,2,0) -> EXTRA | E55: =VLOOKUP($C55,'PLANILHA ORÇAMENTÁRIA'!$D:$M,3,0) -> TICKET DE EMPRESTIMO DE JAZIDA INCLUINDO TRANSPORTE | F55: =VLOOKUP($C55,'PLANILHA ORÇAMENTÁRIA'!$D:$M,4,0) -> M³ | G55: =SUMIF('PLANILHA ORÇAMENTÁRIA'!$D$17:$D$376,'CURVA ABC'!C55,'PLANILHA ORÇAMENTÁRIA'!$H$17:$H$376) -> 2790.255 | H55: =VLOOKUP($C55,'PLANILHA ORÇAMENTÁRIA'!$D:$M,8,0) -> 51.11 | I55: =ROUND(H55*G55,2) -> 142609.93 | J55: =I55/'PLANILHA ORÇAMENTÁRIA'!$L$377 -> 0.00303384 | K55: =J55+K54 -> 0.87920173 | L55: =IF(K55<80%,"A",IF(K55<95%,"B",IF(K55<110%,"C",0))) -> B | M55: =UPPER(E55) -> TICKET DE EMPRESTIMO DE JAZIDA INCLUINDO TRANSPORTE | N55: =UPPER(#REF!) -> #REF! | O55: =UPPER(F55) -> M³ | P55: =IF(I55>I54,"ERRO","")
C56: 100980 | D56: =VLOOKUP($C56,'PLANILHA ORÇAMENTÁRIA'!$D:$M,2,0) -> SINAPI | E56: =VLOOKUP($C56,'PLANILHA ORÇAMENTÁRIA'!$D:$M,3,0) -> CARGA, MANOBRA E DESCARGA DE SOLOS E MATERIAIS GRANULARES EM CAMINHÃO BASCULANTE 18 M³ - CARGA COM ESCAVADEIRA HIDRÁULICA (CAÇAMBA DE 1,20 M³ / 155 HP) E DESCARGA LIVRE (UNIDADE: M3). AF_07/2020 | F56: =VLOOKUP($C56,'PLANILHA ORÇAMENTÁRIA'!$D:$M,4,0) -> M3 | G56: =SUMIF('PLANILHA ORÇAMENTÁRIA'!$D$17:$D$376,'CURVA ABC'!C56,'PLANILHA ORÇAMENTÁRIA'!$H$17:$H$376) -> 17509.41 | H56: =VLOOKUP($C56,'PLANILHA ORÇAMENTÁRIA'!$D:$M,8,0) -> 7.95 | I56: =ROUND(H56*G56,2) -> 139199.81 | J56: =I56/'PLANILHA ORÇAMENTÁRIA'!$L$377 -> 0.0029612942 | K56: =J56+K55 -> 0.88216302 | L56: =IF(K56<80%,"A",IF(K56<95%,"B",IF(K56<110%,"C",0))) -> B | M56: =UPPER(E56) -> CARGA, MANOBRA E DESCARGA DE SOLOS E MATERIAIS GRANULARES EM CAMINHÃO BASCULANTE 18 M³ - CARGA COM ESCAVADEIRA HIDRÁULICA (CAÇAMBA DE 1,20 M³ / 155 HP) E DESCARGA LIVRE (UNIDADE: M3). AF_07/2020 | N56: =UPPER(#REF!) -> #REF! | O56: =UPPER(F56) -> M3 | P56: =IF(I56>I55,"ERRO","")
C57: 3108016 | D57: =VLOOKUP($C57,'PLANILHA ORÇAMENTÁRIA'!$D:$M,2,0) -> SICRO 3 | E57: =VLOOKUP($C57,'PLANILHA ORÇAMENTÁRIA'!$D:$M,3,0) -> FÔRMAS DE COMPENSADO PLASTIFICADO 14 MM - USO GERAL - UTILIZAÇÃO DE 2 VEZES - CONFECÇÃO, INSTALAÇÃO E RETIRADA | F57: =VLOOKUP($C57,'PLANILHA ORÇAMENTÁRIA'!$D:$M,4,0) -> M² | G57: =SUMIF('PLANILHA ORÇAMENTÁRIA'!$D$17:$D$376,'CURVA ABC'!C57,'PLANILHA ORÇAMENTÁRIA'!$H$17:$H$376) -> 1176.3005 | H57: =VLOOKUP($C57,'PLANILHA ORÇAMENTÁRIA'!$D:$M,8,0) -> 117.68 | I57: =ROUND(H57*G57,2) -> 138427.04 | J57: =I57/'PLANILHA ORÇAMENTÁRIA'!$L$377 -> 0.0029448545 | K57: =J57+K56 -> 0.88510788 | L57: =IF(K57<80%,"A",IF(K57<95%,"B",IF(K57<110%,"C",0))) -> B | M57: =UPPER(E57) -> FÔRMAS DE COMPENSADO PLASTIFICADO 14 MM - USO GERAL - UTILIZAÇÃO DE 2 VEZES - CONFECÇÃO, INSTALAÇÃO E RETIRADA | N57: =UPPER(#REF!) -> #REF! | O57: =UPPER(F57) -> M² | P57: =IF(I57>I56,"ERRO","")
C58: 5213776 | D58: =VLOOKUP($C58,'PLANILHA ORÇAMENTÁRIA'!$D:$M,2,0) -> SICRO 3 | E58: =VLOOKUP($C58,'PLANILHA ORÇAMENTÁRIA'!$D:$M,3,0) -> PÓRTICO METÁLICO COM VÃO DE 15,9 M, VENTO DE 45 M/S E ÁREA DE EXPOSIÇÃO DE ATÉ 23,85 M² - FORNECIMENTO E IMPLANTAÇÃO - AREIA E BRITA COMERCIAIS | F58: =VLOOKUP($C58,'PLANILHA ORÇAMENTÁRIA'!$D:$M,4,0) -> UN | G58: =SUMIF('PLANILHA ORÇAMENTÁRIA'!$D$17:$D$376,'CURVA ABC'!C58,'PLANILHA ORÇAMENTÁRIA'!$H$17:$H$376) -> 1 | H58: =VLOOKUP($C58,'PLANILHA ORÇAMENTÁRIA'!$D:$M,8,0) -> 138046.95 | I58: =ROUND(H58*G58,2) -> 138046.95 | J58: =I58/'PLANILHA ORÇAMENTÁRIA'!$L$377 -> 0.0029367686 | K58: =J58+K57 -> 0.88804464 | L58: =IF(K58<80%,"A",IF(K58<95%,"B",IF(K58<110%,"C",0))) -> B | M58: =UPPER(E58) -> PÓRTICO METÁLICO COM VÃO DE 15,9 M, VENTO DE 45 M/S E ÁREA DE EXPOSIÇÃO DE ATÉ 23,85 M² - FORNECIMENTO E IMPLANTAÇÃO - AREIA E BRITA COMERCIAIS | N58: =UPPER(#REF!) -> #REF! | O58: =UPPER(F58) -> UN | P58: =IF(I58>I57,"ERRO","")
C59: 01.09.03 | D59: =VLOOKUP($C59,'PLANILHA ORÇAMENTÁRIA'!$D:$M,2,0) -> SUDECAP | E59: =VLOOKUP($C59,'PLANILHA ORÇAMENTÁRIA'!$D:$M,3,0) -> CONTAINER COM SANITÁRIO E AR CONDICIONADO PARA ESCRITÓRIO | F59: =VLOOKUP($C59,'PLANILHA ORÇAMENTÁRIA'!$D:$M,4,0) -> MES | G59: =SUMIF('PLANILHA ORÇAMENTÁRIA'!$D$17:$D$376,'CURVA ABC'!C59,'PLANILHA ORÇAMENTÁRIA'!$H$17:$H$376) -> 48 | H59: =VLOOKUP($C59,'PLANILHA ORÇAMENTÁRIA'!$D:$M,8,0) -> 2146.38 | I59: =ROUND(H59*G59,2) -> 103026.24 | J59: =I59/'PLANILHA ORÇAMENTÁRIA'!$L$377 -> 0.0021917487 | K59: =J59+K58 -> 0.89023639 | L59: =IF(K59<80%,"A",IF(K59<95%,"B",IF(K59<110%,"C",0))) -> B | M59: =UPPER(E59) -> CONTAINER COM SANITÁRIO E AR CONDICIONADO PARA ESCRITÓRIO | N59: =UPPER(#REF!) -> #REF! | O59: =UPPER(F59) -> MES | P59: =IF(I59>I58,"ERRO","")
C60: 3806421 | D60: =VLOOKUP($C60,'PLANILHA ORÇAMENTÁRIA'!$D:$M,2,0) -> CPU-027 | E60: =VLOOKUP($C60,'PLANILHA ORÇAMENTÁRIA'!$D:$M,3,0) -> LANÇAMENTO DE VIGA PRÉ-MOLDADA DE 500 A 750 KN COM UTILIZAÇÃO DE GUINDASTE | F60: =VLOOKUP($C60,'PLANILHA ORÇAMENTÁRIA'!$D:$M,4,0) -> UN | G60: =SUMIF('PLANILHA ORÇAMENTÁRIA'!$D$17:$D$376,'CURVA ABC'!C60,'PLANILHA ORÇAMENTÁRIA'!$H$17:$H$376) -> 18 | H60: =VLOOKUP($C60,'PLANILHA ORÇAMENTÁRIA'!$D:$M,8,0) -> 5705.51 | I60: =ROUND(H60*G60,2) -> 102699.18 | J60: =I60/'PLANILHA ORÇAMENTÁRIA'!$L$377 -> 0.0021847909 | K60: =J60+K59 -> 0.89242118 | L60: =IF(K60<80%,"A",IF(K60<95%,"B",IF(K60<110%,"C",0))) -> B | M60: =UPPER(E60) -> LANÇAMENTO DE VIGA PRÉ-MOLDADA DE 500 A 750 KN COM UTILIZAÇÃO DE GUINDASTE | N60: =UPPER(#REF!) -> #REF! | O60: =UPPER(F60) -> UN | P60: =IF(I60>I59,"ERRO","")
C61: RO-00064 | D61: =VLOOKUP($C61,'PLANILHA ORÇAMENTÁRIA'!$D:$M,2,0) -> SEINFRA-MG | E61: =VLOOKUP($C61,'PLANILHA ORÇAMENTÁRIA'!$D:$M,3,0) -> ESCAVAÇÃO, CARGA E TRANSPORTE DE MATERIAL DE 1ª CATEGORIA - EXECUTADO COM ESCAVADEIRA DE 1,40 M3 E CAMINHÃO BASCULANTE DE 12 M3 E COM CAMINHO DE SERVIÇO EM REVESTIMENTO PRIMÁRIO - DMT DE 1.000 A 1.200 M | F61: =VLOOKUP($C61,'PLANILHA ORÇAMENTÁRIA'!$D:$M,4,0) -> M3 | G61: =SUMIF('PLANILHA ORÇAMENTÁRIA'!$D$17:$D$376,'CURVA ABC'!C61,'PLANILHA ORÇAMENTÁRIA'!$H$17:$H$376) -> 14031.597 | H61: =VLOOKUP($C61,'PLANILHA ORÇAMENTÁRIA'!$D:$M,8,0) -> 9.01 | I61: =ROUND(H61*G61,2) -> 126424.69 | J61: =I61/'PLANILHA ORÇAMENTÁRIA'!$L$377 -> 0.0026895202 | K61: =J61+K60 -> 0.8951107 | L61: =IF(K61<80%,"A",IF(K61<95%,"B",IF(K61<110%,"C",0))) -> B | M61: =UPPER(E61) -> ESCAVAÇÃO, CARGA E TRANSPORTE DE MATERIAL DE 1ª CATEGORIA - EXECUTADO COM ESCAVADEIRA DE 1,40 M3 E CAMINHÃO BASCULANTE DE 12 M3 E COM CAMINHO DE SERVIÇO EM REVESTIMENTO PRIMÁRIO - DMT DE 1.000 A 1.200 M | N61: =UPPER(#REF!) -> #REF! | O61: =UPPER(F61) -> M3 | P61: =IF(I61>I60,"ERRO","") -> ERRO
C62: 4507842 | D62: =VLOOKUP($C62,'PLANILHA ORÇAMENTÁRIA'!$D:$M,2,0) -> SICRO 3 | E62: =VLOOKUP($C62,'PLANILHA ORÇAMENTÁRIA'!$D:$M,3,0) -> BAINHA METÁLICA REDONDA D = 80 MM PARA 12 CORDOALHAS D = 15,2 MM - FORNECIMENTO, INSTALAÇÃO E INJEÇÃO DE NATA DE CIMENTO | F62: =VLOOKUP($C62,'PLANILHA ORÇAMENTÁRIA'!$D:$M,4,0) -> M | G62: =SUMIF('PLANILHA ORÇAMENTÁRIA'!$D$17:$D$376,'CURVA ABC'!C62,'PLANILHA ORÇAMENTÁRIA'!$H$17:$H$376) -> 2336 | H62: =VLOOKUP($C62,'PLANILHA ORÇAMENTÁRIA'!$D:$M,8,0) -> 51.98 | I62: =ROUND(H62*G62,2) -> 121425.28 | J62: =I62/'PLANILHA ORÇAMENTÁRIA'!$L$377 -> 0.0025831643 | K62: =J62+K61 -> 0.89769387 | L62: =IF(K62<80%,"A",IF(K62<95%,"B",IF(K62<110%,"C",0))) -> B | M62: =UPPER(E62) -> BAINHA METÁLICA REDONDA D = 80 MM PARA 12 CORDOALHAS D = 15,2 MM - FORNECIMENTO, INSTALAÇÃO E INJEÇÃO DE NATA DE CIMENTO | N62: =UPPER(#REF!) -> #REF! | O62: =UPPER(F62) -> M | P62: =IF(I62>I61,"ERRO","")
C63: RO-00337 | D63: =VLOOKUP($C63,'PLANILHA ORÇAMENTÁRIA'!$D:$M,2,0) -> SEINFRA-MG | E63: =VLOOKUP($C63,'PLANILHA ORÇAMENTÁRIA'!$D:$M,3,0) -> BASE OU SUB-BASE ESTABILIZADA GRANULOMETRICAMENTE COM MISTURA NA PISTA DE SOLO BICA CORRIDA (30% - 70%), COM MATERIAL DE JAZIDA E BICA CORRIDA COMERCIAL - COMPACTADO NA ENERGIA MODIFICADA (EXECUÇÃO, INCLUÍDO ESCAVAÇÃO E CARGA DO MATERIAL DE JAZIDA, FORNECIMENTO E CARGA DA BICA CORRIDA, EXCLUI O TRANSPORTE) | F63: =VLOOKUP($C63,'PLANILHA ORÇAMENTÁRIA'!$D:$M,4,0) -> M3 | G63: =SUMIF('PLANILHA ORÇAMENTÁRIA'!$D$17:$D$376,'CURVA ABC'!C63,'PLANILHA ORÇAMENTÁRIA'!$H$17:$H$376) -> 784.11833 | H63: =VLOOKUP($C63,'PLANILHA ORÇAMENTÁRIA'!$D:$M,8,0) -> 143.19 | I63: =ROUND(H63*G63,2) -> 112277.9 | J63: =I63/'PLANILHA ORÇAMENTÁRIA'!$L$377 -> 0.0023885657 | K63: =J63+K62 -> 0.90008243 | L63: =IF(K63<80%,"A",IF(K63<95%,"B",IF(K63<110%,"C",0))) -> B | M63: =UPPER(E63) -> BASE OU SUB-BASE ESTABILIZADA GRANULOMETRICAMENTE COM MISTURA NA PISTA DE SOLO BICA CORRIDA (30% - 70%), COM MATERIAL DE JAZIDA E BICA CORRIDA COMERCIAL - COMPACTADO NA ENERGIA MODIFICADA (EXECUÇÃO, INCLUÍDO ESCAVAÇÃO E CARGA DO MATERIAL DE JAZIDA, FORNECIMENTO E CARGA DA BICA CORRIDA, EXCLUI O TRANSPORTE) | N63: =UPPER(#REF!) -> #REF! | O63: =UPPER(F63) -> M3 | P63: =IF(I63>I62,"ERRO","")
C64: 92447 | D64: =VLOOKUP($C64,'PLANILHA ORÇAMENTÁRIA'!$D:$M,2,0) -> SINAPI | E64: =VLOOKUP($C64,'PLANILHA ORÇAMENTÁRIA'!$D:$M,3,0) -> MONTAGEM E DESMONTAGEM DE FÔRMA DE VIGA, ESCORAMENTO COM PONTALETE DE MADEIRA, PÉ-DIREITO SIMPLES, EM MADEIRA SERRADA, 2 UTILIZAÇÕES. AF_09/2020 | F64: =VLOOKUP($C64,'PLANILHA ORÇAMENTÁRIA'!$D:$M,4,0) -> M2 | G64: =SUMIF('PLANILHA ORÇAMENTÁRIA'!$D$17:$D$376,'CURVA ABC'!C64,'PLANILHA ORÇAMENTÁRIA'!$H$17:$H$376) -> 362.455 | H64: =VLOOKUP($C64,'PLANILHA ORÇAMENTÁRIA'!$D:$M,8,0) -> 303.56 | I64: =ROUND(H64*G64,2) -> 110026.84 | J64: =I64/'PLANILHA ORÇAMENTÁRIA'!$L$377 -> 0.0023406773 | K64: =J64+K63 -> 0.90242311 | L64: =IF(K64<80%,"A",IF(K64<95%,"B",IF(K64<110%,"C",0))) -> B | M64: =UPPER(E64) -> MONTAGEM E DESMONTAGEM DE FÔRMA DE VIGA, ESCORAMENTO COM PONTALETE DE MADEIRA, PÉ-DIREITO SIMPLES, EM MADEIRA SERRADA, 2 UTILIZAÇÕES. AF_09/2020 | N64: =UPPER(#REF!) -> #REF! | O64: =UPPER(F64) -> M2 | P64: =IF(I64>I63,"ERRO","")
C65: 1207719 | D65: =VLOOKUP($C65,'PLANILHA ORÇAMENTÁRIA'!$D:$M,2,0) -> SICRO 3 | E65: =VLOOKUP($C65,'PLANILHA ORÇAMENTÁRIA'!$D:$M,3,0) -> CONCRETO PROJETADO VIA SECA FCK = 30 MPA APLICADO EM SUPERFÍCIES INCLINADAS E VERTICAIS | F65: =VLOOKUP($C65,'PLANILHA ORÇAMENTÁRIA'!$D:$M,4,0) -> M³ | G65: =SUMIF('PLANILHA ORÇAMENTÁRIA'!$D$17:$D$376,'CURVA ABC'!C65,'PLANILHA ORÇAMENTÁRIA'!$H$17:$H$376) -> 74.517696 | H65: =VLOOKUP($C65,'PLANILHA ORÇAMENTÁRIA'!$D:$M,8,0) -> 1533.31 | I65: =ROUND(H65*G65,2) -> 114258.73 | J65: =I65/'PLANILHA ORÇAMENTÁRIA'!$L$377 -> 0.0024307053 | K65: =J65+K64 -> 0.90485382 | L65: =IF(K65<80%,"A",IF(K65<95%,"B",IF(K65<110%,"C",0))) -> B | M65: =UPPER(E65) -> CONCRETO PROJETADO VIA SECA FCK = 30 MPA APLICADO EM SUPERFÍCIES INCLINADAS E VERTICAIS | N65: =UPPER(#REF!) -> #REF! | O65: =UPPER(F65) -> M³ | P65: =IF(I65>I64,"ERRO","") -> ERRO
C66: RO-00214 | D66: =VLOOKUP($C66,'PLANILHA ORÇAMENTÁRIA'!$D:$M,2,0) -> SEINFRA-MG | E66: =VLOOKUP($C66,'PLANILHA ORÇAMENTÁRIA'!$D:$M,3,0) -> COMPACTAÇÃO DE ATERROS A 95% DO PROCTOR NORMAL (INCLUI ESPALHAMENTO) | F66: =VLOOKUP($C66,'PLANILHA ORÇAMENTÁRIA'!$D:$M,4,0) -> M3 | G66: =SUMIF('PLANILHA ORÇAMENTÁRIA'!$D$17:$D$376,'CURVA ABC'!C66,'PLANILHA ORÇAMENTÁRIA'!$H$17:$H$376) -> 18684 | H66: =VLOOKUP($C66,'PLANILHA ORÇAMENTÁRIA'!$D:$M,8,0) -> 5.84 | I66: =ROUND(H66*G66,2) -> 109114.56 | J66: =I66/'PLANILHA ORÇAMENTÁRIA'!$L$377 -> 0.0023212698 | K66: =J66+K65 -> 0.90717509 | L66: =IF(K66<80%,"A",IF(K66<95%,"B",IF(K66<110%,"C",0))) -> B | M66: =UPPER(E66) -> COMPACTAÇÃO DE ATERROS A 95% DO PROCTOR NORMAL (INCLUI ESPALHAMENTO) | N66: =UPPER(#REF!) -> #REF! | O66: =UPPER(F66) -> M3 | P66: =IF(I66>I65,"ERRO","")
C67: 1106088 | D67: =VLOOKUP($C67,'PLANILHA ORÇAMENTÁRIA'!$D:$M,2,0) -> SICRO 3 | E67: =VLOOKUP($C67,'PLANILHA ORÇAMENTÁRIA'!$D:$M,3,0) -> LANÇAMENTO MECÂNICO DE CONCRETO COM BOMBA REBOCÁVEL COM CAPACIDADE DE 30 M³/H - CONFECÇÃO EM CENTRAL DOSADORA DE 30 M³/H | F67: =VLOOKUP($C67,'PLANILHA ORÇAMENTÁRIA'!$D:$M,4,0) -> M³ | G67: =SUMIF('PLANILHA ORÇAMENTÁRIA'!$D$17:$D$376,'CURVA ABC'!C67,'PLANILHA ORÇAMENTÁRIA'!$H$17:$H$376) -> 1432.604 | H67: =VLOOKUP($C67,'PLANILHA ORÇAMENTÁRIA'!$D:$M,8,0) -> 84.48 | I67: =ROUND(H67*G67,2) -> 121026.38 | J67: =I67/'PLANILHA ORÇAMENTÁRIA'!$L$377 -> 0.0025746782 | K67: =J67+K66 -> 0.90974976 | L67: =IF(K67<80%,"A",IF(K67<95%,"B",IF(K67<110%,"C",0))) -> B | M67: =UPPER(E67) -> LANÇAMENTO MECÂNICO DE CONCRETO COM BOMBA REBOCÁVEL COM CAPACIDADE DE 30 M³/H - CONFECÇÃO EM CENTRAL DOSADORA DE 30 M³/H | N67: =UPPER(#REF!) -> #REF! | O67: =UPPER(F67) -> M³ | P67: =IF(I67>I66,"ERRO","") -> ERRO
C68: CPU-024 | D68: =VLOOKUP($C68,'PLANILHA ORÇAMENTÁRIA'!$D:$M,2,0) -> EXTRA | E68: =VLOOKUP($C68,'PLANILHA ORÇAMENTÁRIA'!$D:$M,3,0) -> LOCAÇÃO, MONTAGEM, DESMONTAGEM DE GABARITO COM VÃO LIVRE DE 8 M - PREVISÃO DE 40 DIAS | F68: =VLOOKUP($C68,'PLANILHA ORÇAMENTÁRIA'!$D:$M,4,0) -> UN | G68: =SUMIF('PLANILHA ORÇAMENTÁRIA'!$D$17:$D$376,'CURVA ABC'!C68,'PLANILHA ORÇAMENTÁRIA'!$H$17:$H$376) -> 1 | H68: =VLOOKUP($C68,'PLANILHA ORÇAMENTÁRIA'!$D:$M,8,0) -> 107978.46 | I68: =ROUND(H68*G68,2) -> 107978.46 | J68: =I68/'PLANILHA ORÇAMENTÁRIA'!$L$377 -> 0.0022971007 | K68: =J68+K67 -> 0.91204687 | L68: =IF(K68<80%,"A",IF(K68<95%,"B",IF(K68<110%,"C",0))) -> B | M68: =UPPER(E68) -> LOCAÇÃO, MONTAGEM, DESMONTAGEM DE GABARITO COM VÃO LIVRE DE 8 M - PREVISÃO DE 40 DIAS | N68: =UPPER(#REF!) -> #REF! | O68: =UPPER(F68) -> UN | P68: =IF(I68>I67,"ERRO","")
C69: 50.20.06 | D69: =VLOOKUP($C69,'PLANILHA ORÇAMENTÁRIA'!$D:$M,2,0) -> SUDECAP | E69: =VLOOKUP($C69,'PLANILHA ORÇAMENTÁRIA'!$D:$M,3,0) -> CHP/RETROESCAVADEIRA TRAÇÃO 4X2, 85HP, CAÇAMBA 610MM / 0,22M3 OU EQUIVALENTE | F69: =VLOOKUP($C69,'PLANILHA ORÇAMENTÁRIA'!$D:$M,4,0) -> H | G69: =SUMIF('PLANILHA ORÇAMENTÁRIA'!$D$17:$D$376,'CURVA ABC'!C69,'PLANILHA ORÇAMENTÁRIA'!$H$17:$H$376) -> 660 | H69: =VLOOKUP($C69,'PLANILHA ORÇAMENTÁRIA'!$D:$M,8,0) -> 150.87 | I69: =ROUND(H69*G69,2) -> 99574.2 | J69: =I69/'PLANILHA ORÇAMENTÁRIA'!$L$377 -> 0.0021183111 | K69: =J69+K68 -> 0.91416518 | L69: =IF(K69<80%,"A",IF(K69<95%,"B",IF(K69<110%,"C",0))) -> B | M69: =UPPER(E69) -> CHP/RETROESCAVADEIRA TRAÇÃO 4X2, 85HP, CAÇAMBA 610MM / 0,22M3 OU EQUIVALENTE | N69: =UPPER(#REF!) -> #REF! | O69: =UPPER(F69) -> H | P69: =IF(I69>I68,"ERRO","")
C70: 101591 | D70: =VLOOKUP($C70,'PLANILHA ORÇAMENTÁRIA'!$D:$M,2,0) -> SINAPI | E70: =VLOOKUP($C70,'PLANILHA ORÇAMENTÁRIA'!$D:$M,3,0) -> ESCORAMENTO DE VALA, TIPO CONTÍNUO COM PERFIL METÁLICO "U", COM PROFUNDIDADE DE 1,5 A 3,0 M, LARGURA MAIOR OU IGUAL 1,5 M E MENOR QUE 2,5 M. AF_08/2020 | F70: =VLOOKUP($C70,'PLANILHA ORÇAMENTÁRIA'!$D:$M,4,0) -> M2 | G70: =SUMIF('PLANILHA ORÇAMENTÁRIA'!$D$17:$D$376,'CURVA ABC'!C70,'PLANILHA ORÇAMENTÁRIA'!$H$17:$H$376) -> 661.56 | H70: =VLOOKUP($C70,'PLANILHA ORÇAMENTÁRIA'!$D:$M,8,0) -> 145.66 | I70: =ROUND(H70*G70,2) -> 96362.83 | J70: =I70/'PLANILHA ORÇAMENTÁRIA'!$L$377 -> 0.0020499934 | K70: =J70+K69 -> 0.91621517 | L70: =IF(K70<80%,"A",IF(K70<95%,"B",IF(K70<110%,"C",0))) -> B | M70: =UPPER(E70) -> ESCORAMENTO DE VALA, TIPO CONTÍNUO COM PERFIL METÁLICO "U", COM PROFUNDIDADE DE 1,5 A 3,0 M, LARGURA MAIOR OU IGUAL 1,5 M E MENOR QUE 2,5 M. AF_08/2020 | N70: =UPPER(#REF!) -> #REF! | O70: =UPPER(F70) -> M2 | P70: =IF(I70>I69,"ERRO","")
C71: 92270 | D71: =VLOOKUP($C71,'PLANILHA ORÇAMENTÁRIA'!$D:$M,2,0) -> SINAPI | E71: =VLOOKUP($C71,'PLANILHA ORÇAMENTÁRIA'!$D:$M,3,0) -> FABRICAÇÃO DE FÔRMA PARA VIGAS, COM MADEIRA SERRADA, E = 25 MM. AF_09/2020 | F71: =VLOOKUP($C71,'PLANILHA ORÇAMENTÁRIA'!$D:$M,4,0) -> M2 | G71: =SUMIF('PLANILHA ORÇAMENTÁRIA'!$D$17:$D$376,'CURVA ABC'!C71,'PLANILHA ORÇAMENTÁRIA'!$H$17:$H$376) -> 362.455 | H71: =VLOOKUP($C71,'PLANILHA ORÇAMENTÁRIA'!$D:$M,8,0) -> 268.05 | I71: =ROUND(H71*G71,2) -> 97156.06 | J71: =I71/'PLANILHA ORÇAMENTÁRIA'!$L$377 -> 0.0020668683 | K71: =J71+K70 -> 0.91828204 | L71: =IF(K71<80%,"A",IF(K71<95%,"B",IF(K71<110%,"C",0))) -> B | M71: =UPPER(E71) -> FABRICAÇÃO DE FÔRMA PARA VIGAS, COM MADEIRA SERRADA, E = 25 MM. AF_09/2020 | N71: =UPPER(#REF!) -> #REF! | O71: =UPPER(F71) -> M2 | P71: =IF(I71>I70,"ERRO","") -> ERRO
C72: 102693 | D72: =VLOOKUP($C72,'PLANILHA ORÇAMENTÁRIA'!$D:$M,2,0) -> SINAPI | E72: =VLOOKUP($C72,'PLANILHA ORÇAMENTÁRIA'!$D:$M,3,0) -> DRENO ESPINHA DE PEIXE (SEÇÃO 0,40 X 0,40 M), COM TUBO DE PVC CORRUGADO RÍGIDO PERFURADO, DN 100 MM, ENCHIMENTO COM BRITA, ENVOLVIDO COM MANTA GEOTÊXTIL, INCLUSIVE CONEXÕES. AF_07/2021 | F72: =VLOOKUP($C72,'PLANILHA ORÇAMENTÁRIA'!$D:$M,4,0) -> M | G72: =SUMIF('PLANILHA ORÇAMENTÁRIA'!$D$17:$D$376,'CURVA ABC'!C72,'PLANILHA ORÇAMENTÁRIA'!$H$17:$H$376) -> 660 | H72: =VLOOKUP($C72,'PLANILHA ORÇAMENTÁRIA'!$D:$M,8,0) -> 155.74 | I72: =ROUND(H72*G72,2) -> 102788.4 | J72: =I72/'PLANILHA ORÇAMENTÁRIA'!$L$377 -> 0.002186689 | K72: =J72+K71 -> 0.92046873 | L72: =IF(K72<80%,"A",IF(K72<95%,"B",IF(K72<110%,"C",0))) -> B | M72: =UPPER(E72) -> DRENO ESPINHA DE PEIXE (SEÇÃO 0,40 X 0,40 M), COM TUBO DE PVC CORRUGADO RÍGIDO PERFURADO, DN 100 MM, ENCHIMENTO COM BRITA, ENVOLVIDO COM MANTA GEOTÊXTIL, INCLUSIVE CONEXÕES. AF_07/2021 | N72: =UPPER(#REF!) -> #REF! | O72: =UPPER(F72) -> M | P72: =IF(I72>I71,"ERRO","") -> ERRO
C73: 89273 | D73: =VLOOKUP($C73,'PLANILHA ORÇAMENTÁRIA'!$D:$M,2,0) -> SINAPI | E73: =VLOOKUP($C73,'PLANILHA ORÇAMENTÁRIA'!$D:$M,3,0) -> GUINDASTE HIDRÁULICO AUTOPROPELIDO, COM LANÇA TELESCÓPICA 28,80 M, CAPACIDADE MÁXIMA 30 T, POTÊNCIA 97 KW, TRAÇÃO 4 X 4 - CHI DIURNO. AF_11/2014 | F73: =VLOOKUP($C73,'PLANILHA ORÇAMENTÁRIA'!$D:$M,4,0) -> CHI | G73: =SUMIF('PLANILHA ORÇAMENTÁRIA'!$D$17:$D$376,'CURVA ABC'!C73,'PLANILHA ORÇAMENTÁRIA'!$H$17:$H$376) -> 660 | H73: =VLOOKUP($C73,'PLANILHA ORÇAMENTÁRIA'!$D:$M,8,0) -> 143.83 | I73: =ROUND(H73*G73,2) -> 94927.8 | J73: =I73/'PLANILHA ORÇAMENTÁRIA'!$L$377 -> 0.002019465 | K73: =J73+K72 -> 0.92248819 | L73: =IF(K73<80%,"A",IF(K73<95%,"B",IF(K73<110%,"C",0))) -> B | M73: =UPPER(E73) -> GUINDASTE HIDRÁULICO AUTOPROPELIDO, COM LANÇA TELESCÓPICA 28,80 M, CAPACIDADE MÁXIMA 30 T, POTÊNCIA 97 KW, TRAÇÃO 4 X 4 - CHI DIURNO. AF_11/2014 | N73: =UPPER(#REF!) -> #REF! | O73: =UPPER(F73) -> CHI | P73: =IF(I73>I72,"ERRO","")
C74: 92268 | D74: =VLOOKUP($C74,'PLANILHA ORÇAMENTÁRIA'!$D:$M,2,0) -> SINAPI | E74: =VLOOKUP($C74,'PLANILHA ORÇAMENTÁRIA'!$D:$M,3,0) -> FABRICAÇÃO DE FÔRMA PARA LAJES, EM CHAPA DE MADEIRA COMPENSADA PLASTIFICADA, E = 18 MM. AF_09/2020 | F74: =VLOOKUP($C74,'PLANILHA ORÇAMENTÁRIA'!$D:$M,4,0) -> M2 | G74: =SUMIF('PLANILHA ORÇAMENTÁRIA'!$D$17:$D$376,'CURVA ABC'!C74,'PLANILHA ORÇAMENTÁRIA'!$H$17:$H$376) -> 807.10722 | H74: =VLOOKUP($C74,'PLANILHA ORÇAMENTÁRIA'!$D:$M,8,0) -> 115.3 | I74: =ROUND(H74*G74,2) -> 93059.46 | J74: =I74/'PLANILHA ORÇAMENTÁRIA'!$L$377 -> 0.0019797185 | K74: =J74+K73 -> 0.92446791 | L74: =IF(K74<80%,"A",IF(K74<95%,"B",IF(K74<110%,"C",0))) -> B | M74: =UPPER(E74) -> FABRICAÇÃO DE FÔRMA PARA LAJES, EM CHAPA DE MADEIRA COMPENSADA PLASTIFICADA, E = 18 MM. AF_09/2020 | N74: =UPPER(#REF!) -> #REF! | O74: =UPPER(F74) -> M2 | P74: =IF(I74>I73,"ERRO","")
C75: 89272 | D75: =VLOOKUP($C75,'PLANILHA ORÇAMENTÁRIA'!$D:$M,2,0) -> SINAPI | E75: =VLOOKUP($C75,'PLANILHA ORÇAMENTÁRIA'!$D:$M,3,0) -> GUINDASTE HIDRÁULICO AUTOPROPELIDO, COM LANÇA TELESCÓPICA 28,80 M, CAPACIDADE MÁXIMA 30 T, POTÊNCIA 97 KW, TRAÇÃO 4 X 4 - CHP DIURNO. AF_11/2014 | F75: =VLOOKUP($C75,'PLANILHA ORÇAMENTÁRIA'!$D:$M,4,0) -> CHP | G75: =SUMIF('PLANILHA ORÇAMENTÁRIA'!$D$17:$D$376,'CURVA ABC'!C75,'PLANILHA ORÇAMENTÁRIA'!$H$17:$H$376) -> 330 | H75: =VLOOKUP($C75,'PLANILHA ORÇAMENTÁRIA'!$D:$M,8,0) -> 280.37 | I75: =ROUND(H75*G75,2) -> 92522.1 | J75: =I75/'PLANILHA ORÇAMENTÁRIA'!$L$377 -> 0.0019682869 | K75: =J75+K74 -> 0.9264362 | L75: =IF(K75<80%,"A",IF(K75<95%,"B",IF(K75<110%,"C",0))) -> B | M75: =UPPER(E75) -> GUINDASTE HIDRÁULICO AUTOPROPELIDO, COM LANÇA TELESCÓPICA 28,80 M, CAPACIDADE MÁXIMA 30 T, POTÊNCIA 97 KW, TRAÇÃO 4 X 4 - CHP DIURNO. AF_11/2014 | N75: =UPPER(#REF!) -> #REF! | O75: =UPPER(F75) -> CHP | P75: =IF(I75>I74,"ERRO","")
C76: 308268 | D76: =VLOOKUP($C76,'PLANILHA ORÇAMENTÁRIA'!$D:$M,2,0) -> SICRO 3 | E76: =VLOOKUP($C76,'PLANILHA ORÇAMENTÁRIA'!$D:$M,3,0) -> APARELHO DE APOIO METÁLICO ESFÉRICO FIXO COM CAPACIDADE DE 10.000 KN - FORNECIMENTO E INSTALAÇÃO | F76: =VLOOKUP($C76,'PLANILHA ORÇAMENTÁRIA'!$D:$M,4,0) -> UN | G76: =SUMIF('PLANILHA ORÇAMENTÁRIA'!$D$17:$D$376,'CURVA ABC'!C76,'PLANILHA ORÇAMENTÁRIA'!$H$17:$H$376) -> 1 | H76: =VLOOKUP($C76,'PLANILHA ORÇAMENTÁRIA'!$D:$M,8,0) -> 95626.75 | I76: =ROUND(H76*G76,2) -> 95626.75 | J76: =I76/'PLANILHA ORÇAMENTÁRIA'!$L$377 -> 0.0020343342 | K76: =J76+K75 -> 0.92847053 | L76: =IF(K76<80%,"A",IF(K76<95%,"B",IF(K76<110%,"C",0))) -> B | M76: =UPPER(E76) -> APARELHO DE APOIO METÁLICO ESFÉRICO FIXO COM CAPACIDADE DE 10.000 KN - FORNECIMENTO E INSTALAÇÃO | N76: =UPPER(#REF!) -> #REF! | O76: =UPPER(F76) -> UN | P76: =IF(I76>I75,"ERRO","") -> ERRO
C77: 01.09.21 | D77: =VLOOKUP($C77,'PLANILHA ORÇAMENTÁRIA'!$D:$M,2,0) -> SUDECAP | E77: =VLOOKUP($C77,'PLANILHA ORÇAMENTÁRIA'!$D:$M,3,0) -> CONTAINER SIMPLES | F77: =VLOOKUP($C77,'PLANILHA ORÇAMENTÁRIA'!$D:$M,4,0) -> MES | G77: =SUMIF('PLANILHA ORÇAMENTÁRIA'!$D$17:$D$376,'CURVA ABC'!C77,'PLANILHA ORÇAMENTÁRIA'!$H$17:$H$376) -> 72 | H77: =VLOOKUP($C77,'PLANILHA ORÇAMENTÁRIA'!$D:$M,8,0) -> 1226.5 | I77: =ROUND(H77*G77,2) -> 88308 | J77: =I77/'PLANILHA ORÇAMENTÁRIA'!$L$377 -> 0.0018786374 | K77: =J77+K76 -> 0.93034917 | L77: =IF(K77<80%,"A",IF(K77<95%,"B",IF(K77<110%,"C",0))) -> B | M77: =UPPER(E77) -> CONTAINER SIMPLES | N77: =UPPER(#REF!) -> #REF! | O77: =UPPER(F77) -> MES | P77: =IF(I77>I76,"ERRO","")
C78: 903804 | D78: =VLOOKUP($C78,'PLANILHA ORÇAMENTÁRIA'!$D:$M,2,0) -> SICRO 3 | E78: =VLOOKUP($C78,'PLANILHA ORÇAMENTÁRIA'!$D:$M,3,0) -> INSTALAÇÃO DA CENTRAL DE CONCRETO COM CAPACIDADE DE 30 M³/H | F78: =VLOOKUP($C78,'PLANILHA ORÇAMENTÁRIA'!$D:$M,4,0) -> UN | G78: =SUMIF('PLANILHA ORÇAMENTÁRIA'!$D$17:$D$376,'CURVA ABC'!C78,'PLANILHA ORÇAMENTÁRIA'!$H$17:$H$376) -> 1 | H78: =VLOOKUP($C78,'PLANILHA ORÇAMENTÁRIA'!$D:$M,8,0) -> 92067.27 | I78: =ROUND(H78*G78,2) -> 92067.27 | J78: =I78/'PLANILHA ORÇAMENTÁRIA'!$L$377 -> 0.0019586109 | K78: =J78+K77 -> 0.93230778 | L78: =IF(K78<80%,"A",IF(K78<95%,"B",IF(K78<110%,"C",0))) -> B | M78: =UPPER(E78) -> INSTALAÇÃO DA CENTRAL DE CONCRETO COM CAPACIDADE DE 30 M³/H | N78: =UPPER(#REF!) -> #REF! | O78: =UPPER(F78) -> UN | P78: =IF(I78>I77,"ERRO","") -> ERRO
C79: 01.10.01 | D79: =VLOOKUP($C79,'PLANILHA ORÇAMENTÁRIA'!$D:$M,2,0) -> SUDECAP | E79: =VLOOKUP($C79,'PLANILHA ORÇAMENTÁRIA'!$D:$M,3,0) -> BANHEIRO QUÍMICO 110 X 120 X 230CM COM MANUTENÇÃO | F79: =VLOOKUP($C79,'PLANILHA ORÇAMENTÁRIA'!$D:$M,4,0) -> MES | G79: =SUMIF('PLANILHA ORÇAMENTÁRIA'!$D$17:$D$376,'CURVA ABC'!C79,'PLANILHA ORÇAMENTÁRIA'!$H$17:$H$376) -> 72 | H79: =VLOOKUP($C79,'PLANILHA ORÇAMENTÁRIA'!$D:$M,8,0) -> 1447.27 | I79: =ROUND(H79*G79,2) -> 104203.44 | J79: =I79/'PLANILHA ORÇAMENTÁRIA'!$L$377 -> 0.0022167921 | K79: =J79+K78 -> 0.93452457 | L79: =IF(K79<80%,"A",IF(K79<95%,"B",IF(K79<110%,"C",0))) -> B | M79: =UPPER(E79) -> BANHEIRO QUÍMICO 110 X 120 X 230CM COM MANUTENÇÃO | N79: =UPPER(#REF!) -> #REF! | O79: =UPPER(F79) -> MES | P79: =IF(I79>I78,"ERRO","") -> ERRO
C80: 20.24.01 | D80: =VLOOKUP($C80,'PLANILHA ORÇAMENTÁRIA'!$D:$M,2,0) -> SUDECAP | E80: =VLOOKUP($C80,'PLANILHA ORÇAMENTÁRIA'!$D:$M,3,0) -> PAVIMENTO DE CONCRETO - CONSUMO DE CIMENTO 390KG/M3 E FCTM, K=4,5 MPA, INCLUSIVE TEXTURIZAÇÃO | F80: =VLOOKUP($C80,'PLANILHA ORÇAMENTÁRIA'!$D:$M,4,0) -> M3 | G80: =SUMIF('PLANILHA ORÇAMENTÁRIA'!$D$17:$D$376,'CURVA ABC'!C80,'PLANILHA ORÇAMENTÁRIA'!$H$17:$H$376) -> 121.765 | H80: =VLOOKUP($C80,'PLANILHA ORÇAMENTÁRIA'!$D:$M,8,0) -> 697.49 | I80: =ROUND(H80*G80,2) -> 84929.87 | J80: =I80/'PLANILHA ORÇAMENTÁRIA'!$L$377 -> 0.0018067721 | K80: =J80+K79 -> 0.93633134 | L80: =IF(K80<80%,"A",IF(K80<95%,"B",IF(K80<110%,"C",0))) -> B | M80: =UPPER(E80) -> PAVIMENTO DE CONCRETO - CONSUMO DE CIMENTO 390KG/M3 E FCTM, K=4,5 MPA, INCLUSIVE TEXTURIZAÇÃO | N80: =UPPER(#REF!) -> #REF! | O80: =UPPER(F80) -> M3 | P80: =IF(I80>I79,"ERRO","")
C81: CPU ANTIG.-ED-50394 | D81: =VLOOKUP($C81,'PLANILHA ORÇAMENTÁRIA'!$D:$M,2,0) -> SEINFRA-MG | E81: =VLOOKUP($C81,'PLANILHA ORÇAMENTÁRIA'!$D:$M,3,0) -> MOBILIZAÇÃO E DESMOBILIZAÇÃO DA OBRA | F81: =VLOOKUP($C81,'PLANILHA ORÇAMENTÁRIA'!$D:$M,4,0) -> 0.002 | G81: =SUMIF('PLANILHA ORÇAMENTÁRIA'!$D$17:$D$376,'CURVA ABC'!C81,'PLANILHA ORÇAMENTÁRIA'!$H$17:$H$376) -> 0.2 | H81: =VLOOKUP($C81,'PLANILHA ORÇAMENTÁRIA'!$D:$M,8,0)/100 -> 414790.91 | I81: =ROUND(H81*G81,2) -> 82958.18 | J81: =I81/'PLANILHA ORÇAMENTÁRIA'!$L$377 -> 0.0017648269 | K81: =J81+K80 -> 0.93809617 | L81: =IF(K81<80%,"A",IF(K81<95%,"B",IF(K81<110%,"C",0))) -> B | M81: =UPPER(E81) -> MOBILIZAÇÃO E DESMOBILIZAÇÃO DA OBRA | N81: =UPPER(#REF!) -> #REF! | O81: =UPPER(F81) -> 0,002 | P81: =IF(I81>I80,"ERRO","")
C82: ED-29802 | D82: =VLOOKUP($C82,'PLANILHA ORÇAMENTÁRIA'!$D:$M,2,0) -> SEINFRA-MG | E82: =VLOOKUP($C82,'PLANILHA ORÇAMENTÁRIA'!$D:$M,3,0) -> PERFURAÇÃO MECÂNICA DE ESTACA TIPO TRADO ROTATIVO, INCLUSIVE AFASTAMENTO LATERAL, EXCLUSIVE ARMAÇÃO, CONCRETO ESTRUTURAL, TRANSPORTE E RETIRADA DO MATERIAL ESCAVADO | F82: =VLOOKUP($C82,'PLANILHA ORÇAMENTÁRIA'!$D:$M,4,0) -> M3 | G82: =SUMIF('PLANILHA ORÇAMENTÁRIA'!$D$17:$D$376,'CURVA ABC'!C82,'PLANILHA ORÇAMENTÁRIA'!$H$17:$H$376) -> 777.74053 | H82: =VLOOKUP($C82,'PLANILHA ORÇAMENTÁRIA'!$D:$M,8,0) -> 103.08 | I82: =ROUND(H82*G82,2) -> 80169.49 | J82: =I82/'PLANILHA ORÇAMENTÁRIA'!$L$377 -> 0.0017055012 | K82: =J82+K81 -> 0.93980167 | L82: =IF(K82<80%,"A",IF(K82<95%,"B",IF(K82<110%,"C",0))) -> B | M82: =UPPER(E82) -> PERFURAÇÃO MECÂNICA DE ESTACA TIPO TRADO ROTATIVO, INCLUSIVE AFASTAMENTO LATERAL, EXCLUSIVE ARMAÇÃO, CONCRETO ESTRUTURAL, TRANSPORTE E RETIRADA DO MATERIAL ESCAVADO | N82: =UPPER(#REF!) -> #REF! | O82: =UPPER(F82) -> M3 | P82: =IF(I82>I81,"ERRO","")
C83: 5405976 | D83: =VLOOKUP($C83,'PLANILHA ORÇAMENTÁRIA'!$D:$M,2,0) -> SICRO 3 | E83: =VLOOKUP($C83,'PLANILHA ORÇAMENTÁRIA'!$D:$M,3,0) -> MONTAGEM DAS ESCAMAS DE CONCRETO ARMADO EM SOLO REFORÇADO COM FITA METÁLICA | F83: =VLOOKUP($C83,'PLANILHA ORÇAMENTÁRIA'!$D:$M,4,0) -> M² | G83: =SUMIF('PLANILHA ORÇAMENTÁRIA'!$D$17:$D$376,'CURVA ABC'!C83,'PLANILHA ORÇAMENTÁRIA'!$H$17:$H$376) -> 529.659 | H83: =VLOOKUP($C83,'PLANILHA ORÇAMENTÁRIA'!$D:$M,8,0) -> 158 | I83: =ROUND(H83*G83,2) -> 83686.12 | J83: =I83/'PLANILHA ORÇAMENTÁRIA'!$L$377 -> 0.0017803129 | K83: =J83+K82 -> 0.94158199 | L83: =IF(K83<80%,"A",IF(K83<95%,"B",IF(K83<110%,"C",0))) -> B | M83: =UPPER(E83) -> MONTAGEM DAS ESCAMAS DE CONCRETO ARMADO EM SOLO REFORÇADO COM FITA METÁLICA | N83: =UPPER(#REF!) -> #REF! | O83: =UPPER(F83) -> M² | P83: =IF(I83>I82,"ERRO","") -> ERRO
C84: 2003373 | D84: =VLOOKUP($C84,'PLANILHA ORÇAMENTÁRIA'!$D:$M,2,0) -> SICRO 3 | E84: =VLOOKUP($C84,'PLANILHA ORÇAMENTÁRIA'!$D:$M,3,0) -> MEIO-FIO DE CONCRETO - MFC 03 - AREIA E BRITA COMERCIAIS - FÔRMA DE MADEIRA | F84: =VLOOKUP($C84,'PLANILHA ORÇAMENTÁRIA'!$D:$M,4,0) -> M | G84: =SUMIF('PLANILHA ORÇAMENTÁRIA'!$D$17:$D$376,'CURVA ABC'!C84,'PLANILHA ORÇAMENTÁRIA'!$H$17:$H$376) -> 995 | H84: =VLOOKUP($C84,'PLANILHA ORÇAMENTÁRIA'!$D:$M,8,0) -> 78.34 | I84: =ROUND(H84*G84,2) -> 77948.3 | J84: =I84/'PLANILHA ORÇAMENTÁRIA'!$L$377 -> 0.0016582483 | K84: =J84+K83 -> 0.94324023 | L84: =IF(K84<80%,"A",IF(K84<95%,"B",IF(K84<110%,"C",0))) -> B | M84: =UPPER(E84) -> MEIO-FIO DE CONCRETO - MFC 03 - AREIA E BRITA COMERCIAIS - FÔRMA DE MADEIRA | N84: =UPPER(#REF!) -> #REF! | O84: =UPPER(F84) -> M | P84: =IF(I84>I83,"ERRO","")
C85: 01.04.19 | D85: =VLOOKUP($C85,'PLANILHA ORÇAMENTÁRIA'!$D:$M,2,0) -> SUDECAP | E85: =VLOOKUP($C85,'PLANILHA ORÇAMENTÁRIA'!$D:$M,3,0) -> TAPUME METÁLICO COM TELA E BASE ENTERRADA (M) | F85: =VLOOKUP($C85,'PLANILHA ORÇAMENTÁRIA'!$D:$M,4,0) -> M | G85: =SUMIF('PLANILHA ORÇAMENTÁRIA'!$D$17:$D$376,'CURVA ABC'!C85,'PLANILHA ORÇAMENTÁRIA'!$H$17:$H$376) -> 550 | H85: =VLOOKUP($C85,'PLANILHA ORÇAMENTÁRIA'!$D:$M,8,0) -> 140.78 | I85: =ROUND(H85*G85,2) -> 77429 | J85: =I85/'PLANILHA ORÇAMENTÁRIA'!$L$377 -> 0.0016472009 | K85: =J85+K84 -> 0.94488743 | L85: =IF(K85<80%,"A",IF(K85<95%,"B",IF(K85<110%,"C",0))) -> B | M85: =UPPER(E85) -> TAPUME METÁLICO COM TELA E BASE ENTERRADA (M) | N85: =UPPER(#REF!) -> #REF! | O85: =UPPER(F85) -> M | P85: =IF(I85>I84,"ERRO","")
C86: 4507756 | D86: =VLOOKUP($C86,'PLANILHA ORÇAMENTÁRIA'!$D:$M,2,0) -> SICRO 3 | E86: =VLOOKUP($C86,'PLANILHA ORÇAMENTÁRIA'!$D:$M,3,0) -> ANCORAGEM ATIVA COM 12 CORDOALHAS ADERENTES D = 15,2 MM - FORNECIMENTO E INSTALAÇÃO | F86: =VLOOKUP($C86,'PLANILHA ORÇAMENTÁRIA'!$D:$M,4,0) -> UN | G86: =SUMIF('PLANILHA ORÇAMENTÁRIA'!$D$17:$D$376,'CURVA ABC'!C86,'PLANILHA ORÇAMENTÁRIA'!$H$17:$H$376) -> 48 | H86: =VLOOKUP($C86,'PLANILHA ORÇAMENTÁRIA'!$D:$M,8,0) -> 1683.2 | I86: =ROUND(H86*G86,2) -> 80793.6 | J86: =I86/'PLANILHA ORÇAMENTÁRIA'!$L$377 -> 0.0017187783 | K86: =J86+K85 -> 0.94660621 | L86: =IF(K86<80%,"A",IF(K86<95%,"B",IF(K86<110%,"C",0))) -> B | M86: =UPPER(E86) -> ANCORAGEM ATIVA COM 12 CORDOALHAS ADERENTES D = 15,2 MM - FORNECIMENTO E INSTALAÇÃO | N86: =UPPER(#REF!) -> #REF! | O86: =UPPER(F86) -> UN | P86: =IF(I86>I85,"ERRO","") -> ERRO
C87: ED-49646 | D87: =VLOOKUP($C87,'PLANILHA ORÇAMENTÁRIA'!$D:$M,2,0) -> SEINFRA-MG | E87: =VLOOKUP($C87,'PLANILHA ORÇAMENTÁRIA'!$D:$M,3,0) -> FÔRMA E DESFORMA DE COMPENSADO RESINADO, ESP. 14MM, REAPROVEITAMENTO (3X), EXCLUSIVE ESCORAMENTO | F87: =VLOOKUP($C87,'PLANILHA ORÇAMENTÁRIA'!$D:$M,4,0) -> M2 | G87: =SUMIF('PLANILHA ORÇAMENTÁRIA'!$D$17:$D$376,'CURVA ABC'!C87,'PLANILHA ORÇAMENTÁRIA'!$H$17:$H$376) -> 748.6805 | H87: =VLOOKUP($C87,'PLANILHA ORÇAMENTÁRIA'!$D:$M,8,0) -> 94.24 | I87: =ROUND(H87*G87,2) -> 70555.65 | J87: =I87/'PLANILHA ORÇAMENTÁRIA'!$L$377 -> 0.0015009793 | K87: =J87+K86 -> 0.94810719 | L87: =IF(K87<80%,"A",IF(K87<95%,"B",IF(K87<110%,"C",0))) -> B | M87: =UPPER(E87) -> FÔRMA E DESFORMA DE COMPENSADO RESINADO, ESP. 14MM, REAPROVEITAMENTO (3X), EXCLUSIVE ESCORAMENTO | N87: =UPPER(#REF!) -> #REF! | O87: =UPPER(F87) -> M2 | P87: =IF(I87>I86,"ERRO","")
C88: 65000081 | D88: =VLOOKUP($C88,'PLANILHA ORÇAMENTÁRIA'!$D:$M,2,0) -> COPASA | E88: =VLOOKUP($C88,'PLANILHA ORÇAMENTÁRIA'!$D:$M,3,0) -> GRAMA EM PLACAS - FORNECIMENTO E PLANTIO | F88: =VLOOKUP($C88,'PLANILHA ORÇAMENTÁRIA'!$D:$M,4,0) -> M2 | G88: =SUMIF('PLANILHA ORÇAMENTÁRIA'!$D$17:$D$376,'CURVA ABC'!C88,'PLANILHA ORÇAMENTÁRIA'!$H$17:$H$376) -> 2638.82 | H88: =VLOOKUP($C88,'PLANILHA ORÇAMENTÁRIA'!$D:$M,8,0) -> 27.77 | I88: =ROUND(H88*G88,2) -> 73280.03 | J88: =I88/'PLANILHA ORÇAMENTÁRIA'!$L$377 -> 0.0015589369 | K88: =J88+K87 -> 0.94966613 | L88: =IF(K88<80%,"A",IF(K88<95%,"B",IF(K88<110%,"C",0))) -> B | M88: =UPPER(E88) -> GRAMA EM PLACAS - FORNECIMENTO E PLANTIO | N88: =UPPER(#REF!) -> #REF! | O88: =UPPER(F88) -> M2 | P88: =IF(I88>I87,"ERRO","") -> ERRO
C89: 01.04.01 | D89: =VLOOKUP($C89,'PLANILHA ORÇAMENTÁRIA'!$D:$M,2,0) -> SUDECAP | E89: =VLOOKUP($C89,'PLANILHA ORÇAMENTÁRIA'!$D:$M,3,0) -> TAPUME PADRÃO SUDECAP, DE COMPENSADO 10MM, COM FIXAÇÃO ENTERRADA | F89: =VLOOKUP($C89,'PLANILHA ORÇAMENTÁRIA'!$D:$M,4,0) -> M | G89: =SUMIF('PLANILHA ORÇAMENTÁRIA'!$D$17:$D$376,'CURVA ABC'!C89,'PLANILHA ORÇAMENTÁRIA'!$H$17:$H$376) -> 500 | H89: =VLOOKUP($C89,'PLANILHA ORÇAMENTÁRIA'!$D:$M,8,0) -> 134.99 | I89: =ROUND(H89*G89,2) -> 67495 | J89: =I89/'PLANILHA ORÇAMENTÁRIA'!$L$377 -> 0.001435868 | K89: =J89+K88 -> 0.951102 | L89: =IF(K89<80%,"A",IF(K89<95%,"B",IF(K89<110%,"C",0))) -> C | M89: =UPPER(E89) -> TAPUME PADRÃO SUDECAP, DE COMPENSADO 10MM, COM FIXAÇÃO ENTERRADA | N89: =UPPER(#REF!) -> #REF! | O89: =UPPER(F89) -> M | P89: =IF(I89>I88,"ERRO","")
C90: 97090 | D90: =VLOOKUP($C90,'PLANILHA ORÇAMENTÁRIA'!$D:$M,2,0) -> SINAPI | E90: =VLOOKUP($C90,'PLANILHA ORÇAMENTÁRIA'!$D:$M,3,0) -> ARMAÇÃO PARA EXECUÇÃO DE RADIER, PISO DE CONCRETO OU LAJE SOBRE SOLO, COM USO DE TELA Q-138. AF_09/2021 | F90: =VLOOKUP($C90,'PLANILHA ORÇAMENTÁRIA'!$D:$M,4,0) -> KG | G90: =SUMIF('PLANILHA ORÇAMENTÁRIA'!$D$17:$D$376,'CURVA ABC'!C90,'PLANILHA ORÇAMENTÁRIA'!$H$17:$H$376) -> 3484 | H90: =VLOOKUP($C90,'PLANILHA ORÇAMENTÁRIA'!$D:$M,8,0) -> 17.43 | I90: =ROUND(H90*G90,2) -> 60726.12 | J90: =I90/'PLANILHA ORÇAMENTÁRIA'!$L$377 -> 0.0012918689 | K90: =J90+K89 -> 0.95239387 | L90: =IF(K90<80%,"A",IF(K90<95%,"B",IF(K90<110%,"C",0))) -> C | M90: =UPPER(E90) -> ARMAÇÃO PARA EXECUÇÃO DE RADIER, PISO DE CONCRETO OU LAJE SOBRE SOLO, COM USO DE TELA Q-138. AF_09/2021 | N90: =UPPER(#REF!) -> #REF! | O90: =UPPER(F90) -> KG | P90: =IF(I90>I89,"ERRO","")
C91: 5213483 | D91: =VLOOKUP($C91,'PLANILHA ORÇAMENTÁRIA'!$D:$M,2,0) -> SICRO 3 | E91: =VLOOKUP($C91,'PLANILHA ORÇAMENTÁRIA'!$D:$M,3,0) -> PLACA EM ALUMÍNIO, ESPESSURA DE 1,5 MM, MODULADA, AÉREA - PELÍCULA RETRORREFLETIVA TIPO I + III - FORNECIMENTO E IMPLANTAÇÃO | F91: =VLOOKUP($C91,'PLANILHA ORÇAMENTÁRIA'!$D:$M,4,0) -> M² | G91: =SUMIF('PLANILHA ORÇAMENTÁRIA'!$D$17:$D$376,'CURVA ABC'!C91,'PLANILHA ORÇAMENTÁRIA'!$H$17:$H$376) -> 50.74 | H91: =VLOOKUP($C91,'PLANILHA ORÇAMENTÁRIA'!$D:$M,8,0) -> 1201.12 | I91: =ROUND(H91*G91,2) -> 60944.83 | J91: =I91/'PLANILHA ORÇAMENTÁRIA'!$L$377 -> 0.0012965217 | K91: =J91+K90 -> 0.95369039 | L91: =IF(K91<80%,"A",IF(K91<95%,"B",IF(K91<110%,"C",0))) -> C | M91: =UPPER(E91) -> PLACA EM ALUMÍNIO, ESPESSURA DE 1,5 MM, MODULADA, AÉREA - PELÍCULA RETRORREFLETIVA TIPO I + III - FORNECIMENTO E IMPLANTAÇÃO | N91: =UPPER(#REF!) -> #REF! | O91: =UPPER(F91) -> M² | P91: =IF(I91>I90,"ERRO","") -> ERRO
C92: 2015642 | D92: =VLOOKUP($C92,'PLANILHA ORÇAMENTÁRIA'!$D:$M,2,0) -> SICRO 3 | E92: =VLOOKUP($C92,'PLANILHA ORÇAMENTÁRIA'!$D:$M,3,0) -> DRENO EM TUBO DE AÇO GALVANIZADO D = 100 MM EM OAE - FORNECIMENTO E INSTALAÇÃO | F92: =VLOOKUP($C92,'PLANILHA ORÇAMENTÁRIA'!$D:$M,4,0) -> M | G92: =SUMIF('PLANILHA ORÇAMENTÁRIA'!$D$17:$D$376,'CURVA ABC'!C92,'PLANILHA ORÇAMENTÁRIA'!$H$17:$H$376) -> 294 | H92: =VLOOKUP($C92,'PLANILHA ORÇAMENTÁRIA'!$D:$M,8,0) -> 191.16 | I92: =ROUND(H92*G92,2) -> 56201.04 | J92: =I92/'PLANILHA ORÇAMENTÁRIA'!$L$377 -> 0.0011956037 | K92: =J92+K91 -> 0.95488599 | L92: =IF(K92<80%,"A",IF(K92<95%,"B",IF(K92<110%,"C",0))) -> C | M92: =UPPER(E92) -> DRENO EM TUBO DE AÇO GALVANIZADO D = 100 MM EM OAE - FORNECIMENTO E INSTALAÇÃO | N92: =UPPER(#REF!) -> #REF! | O92: =UPPER(F92) -> M | P92: =IF(I92>I91,"ERRO","")
C93: 01.29.06 | D93: =VLOOKUP($C93,'PLANILHA ORÇAMENTÁRIA'!$D:$M,2,0) -> SUDECAP | E93: =VLOOKUP($C93,'PLANILHA ORÇAMENTÁRIA'!$D:$M,3,0) -> ANDAIME METÁLICO TIPO FACHADEIRO, INCLUINDO SAPATAS AJUSTÁVEIS, PISO METÁLICO E ESCADA | F93: =VLOOKUP($C93,'PLANILHA ORÇAMENTÁRIA'!$D:$M,4,0) -> M2MES | G93: =SUMIF('PLANILHA ORÇAMENTÁRIA'!$D$17:$D$376,'CURVA ABC'!C93,'PLANILHA ORÇAMENTÁRIA'!$H$17:$H$376) -> 2800 | H93: =VLOOKUP($C93,'PLANILHA ORÇAMENTÁRIA'!$D:$M,8,0) -> 20.24 | I93: =ROUND(H93*G93,2) -> 56672 | J93: =I93/'PLANILHA ORÇAMENTÁRIA'!$L$377 -> 0.0012056228 | K93: =J93+K92 -> 0.95609161 | L93: =IF(K93<80%,"A",IF(K93<95%,"B",IF(K93<110%,"C",0))) -> C | M93: =UPPER(E93) -> ANDAIME METÁLICO TIPO FACHADEIRO, INCLUINDO SAPATAS AJUSTÁVEIS, PISO METÁLICO E ESCADA | N93: =UPPER(#REF!) -> #REF! | O93: =UPPER(F93) -> M2MES | P93: =IF(I93>I92,"ERRO","") -> ERRO
C94: 308320 | D94: =VLOOKUP($C94,'PLANILHA ORÇAMENTÁRIA'!$D:$M,2,0) -> SICRO 3 | E94: =VLOOKUP($C94,'PLANILHA ORÇAMENTÁRIA'!$D:$M,3,0) -> APARELHO DE APOIO METÁLICO ELASTOMÉRICO UNIDIRECIONAL COM CAPACIDADE DE 10.000 KN - FORNECIMENTO E INSTALAÇÃO | F94: =VLOOKUP($C94,'PLANILHA ORÇAMENTÁRIA'!$D:$M,4,0) -> UN | G94: =SUMIF('PLANILHA ORÇAMENTÁRIA'!$D$17:$D$376,'CURVA ABC'!C94,'PLANILHA ORÇAMENTÁRIA'!$H$17:$H$376) -> 1 | H94: =VLOOKUP($C94,'PLANILHA ORÇAMENTÁRIA'!$D:$M,8,0) -> 57573.68 | I94: =ROUND(H94*G94,2) -> 57573.68 | J94: =I94/'PLANILHA ORÇAMENTÁRIA'!$L$377 -> 0.0012248049 | K94: =J94+K93 -> 0.95731642 | L94: =IF(K94<80%,"A",IF(K94<95%,"B",IF(K94<110%,"C",0))) -> C | M94: =UPPER(E94) -> APARELHO DE APOIO METÁLICO ELASTOMÉRICO UNIDIRECIONAL COM CAPACIDADE DE 10.000 KN - FORNECIMENTO E INSTALAÇÃO | N94: =UPPER(#REF!) -> #REF! | O94: =UPPER(F94) -> UN | P94: =IF(I94>I93,"ERRO","") -> ERRO
C95: 5605956 | D95: =VLOOKUP($C95,'PLANILHA ORÇAMENTÁRIA'!$D:$M,2,0) -> SICRO 3 | E95: =VLOOKUP($C95,'PLANILHA ORÇAMENTÁRIA'!$D:$M,3,0) -> PROTENSÃO DE TIRANTE COM 12 CORDOALHAS D = 12,7 MM AÇO CP 190 RB, COM CAPACIDADE DE 1.040 KN - INCLUSIVE ANCORAGEM E GRAUTEAMENTO DA CABEÇA | F95: =VLOOKUP($C95,'PLANILHA ORÇAMENTÁRIA'!$D:$M,4,0) -> UN | G95: =SUMIF('PLANILHA ORÇAMENTÁRIA'!$D$17:$D$376,'CURVA ABC'!C95,'PLANILHA ORÇAMENTÁRIA'!$H$17:$H$376) -> 48 | H95: =VLOOKUP($C95,'PLANILHA ORÇAMENTÁRIA'!$D:$M,8,0) -> 1250.38 | I95: =ROUND(H95*G95,2) -> 60018.24 | J95: =I95/'PLANILHA ORÇAMENTÁRIA'!$L$377 -> 0.0012768097 | K95: =J95+K94 -> 0.95859323 | L95: =IF(K95<80%,"A",IF(K95<95%,"B",IF(K95<110%,"C",0))) -> C | M95: =UPPER(E95) -> PROTENSÃO DE TIRANTE COM 12 CORDOALHAS D = 12,7 MM AÇO CP 190 RB, COM CAPACIDADE DE 1.040 KN - INCLUSIVE ANCORAGEM E GRAUTEAMENTO DA CABEÇA | N95: =UPPER(#REF!) -> #REF! | O95: =UPPER(F95) -> UN | P95: =IF(I95>I94,"ERRO","") -> ERRO
C96: CPU-016 | D96: =VLOOKUP($C96,'PLANILHA ORÇAMENTÁRIA'!$D:$M,2,0) -> EXTRA | E96: =VLOOKUP($C96,'PLANILHA ORÇAMENTÁRIA'!$D:$M,3,0) -> LOCAÇÃO, MONTAGEM, IÇAMENTO, DESFORMA E LIMPEZA DE FORMA PARA BLOCO METÁLICA LOCADA | F96: =VLOOKUP($C96,'PLANILHA ORÇAMENTÁRIA'!$D:$M,4,0) -> M2 | G96: =SUMIF('PLANILHA ORÇAMENTÁRIA'!$D$17:$D$376,'CURVA ABC'!C96,'PLANILHA ORÇAMENTÁRIA'!$H$17:$H$376) -> 450.86 | H96: =VLOOKUP($C96,'PLANILHA ORÇAMENTÁRIA'!$D:$M,8,0) -> 111.35 | I96: =ROUND(H96*G96,2) -> 50203.26 | J96: =I96/'PLANILHA ORÇAMENTÁRIA'!$L$377 -> 0.0010680088 | K96: =J96+K95 -> 0.95966124 | L96: =IF(K96<80%,"A",IF(K96<95%,"B",IF(K96<110%,"C",0))) -> C | M96: =UPPER(E96) -> LOCAÇÃO, MONTAGEM, IÇAMENTO, DESFORMA E LIMPEZA DE FORMA PARA BLOCO METÁLICA LOCADA | N96: =UPPER(#REF!) -> #REF! | O96: =UPPER(F96) -> M2 | P96: =IF(I96>I95,"ERRO","")
C97: 96521 | D97: =VLOOKUP($C97,'PLANILHA ORÇAMENTÁRIA'!$D:$M,2,0) -> SINAPI | E97: =VLOOKUP($C97,'PLANILHA ORÇAMENTÁRIA'!$D:$M,3,0) -> ESCAVAÇÃO MECANIZADA PARA BLOCO DE COROAMENTO OU SAPATA COM RETROESCAVADEIRA (INCLUINDO ESCAVAÇÃO PARA COLOCAÇÃO DE FÔRMAS). AF_01/2024 | F97: =VLOOKUP($C97,'PLANILHA ORÇAMENTÁRIA'!$D:$M,4,0) -> M3 | G97: =SUMIF('PLANILHA ORÇAMENTÁRIA'!$D$17:$D$376,'CURVA ABC'!C97,'PLANILHA ORÇAMENTÁRIA'!$H$17:$H$376) -> 911.009 | H97: =VLOOKUP($C97,'PLANILHA ORÇAMENTÁRIA'!$D:$M,8,0) -> 54.97 | I97: =ROUND(H97*G97,2) -> 50078.16 | J97: =I97/'PLANILHA ORÇAMENTÁRIA'!$L$377 -> 0.0010653475 | K97: =J97+K96 -> 0.96072658 | L97: =IF(K97<80%,"A",IF(K97<95%,"B",IF(K97<110%,"C",0))) -> C | M97: =UPPER(E97) -> ESCAVAÇÃO MECANIZADA PARA BLOCO DE COROAMENTO OU SAPATA COM RETROESCAVADEIRA (INCLUINDO ESCAVAÇÃO PARA COLOCAÇÃO DE FÔRMAS). AF_01/2024 | N97: =UPPER(#REF!) -> #REF! | O97: =UPPER(F97) -> M3 | P97: =IF(I97>I96,"ERRO","")
C98: ED-14764 | D98: =VLOOKUP($C98,'PLANILHA ORÇAMENTÁRIA'!$D:$M,2,0) -> SEINFRA-MG | E98: =VLOOKUP($C98,'PLANILHA ORÇAMENTÁRIA'!$D:$M,3,0) -> SARJETA DE CONCRETO URBANO (SCU), TIPO 3, COM FCK 15 MPA, LARGURA DE 50CM COM INCLINAÇÃO DE 25%, ESP. 7CM, PADRÃO DER-MG, EXCLUSIVE MEIO-FIO, INCLUSIVE ESCAVAÇÃO, APILAOMENTO E TRANSPORTE COM RETIRADA DO MATERIAL ESCAVADO (EM CAÇAMBA) | F98: =VLOOKUP($C98,'PLANILHA ORÇAMENTÁRIA'!$D:$M,4,0) -> M | G98: =SUMIF('PLANILHA ORÇAMENTÁRIA'!$D$17:$D$376,'CURVA ABC'!C98,'PLANILHA ORÇAMENTÁRIA'!$H$17:$H$376) -> 775 | H98: =VLOOKUP($C98,'PLANILHA ORÇAMENTÁRIA'!$D:$M,8,0) -> 64.61 | I98: =ROUND(H98*G98,2) -> 50072.75 | J98: =I98/'PLANILHA ORÇAMENTÁRIA'!$L$377 -> 0.0010652324 | K98: =J98+K97 -> 0.96179182 | L98: =IF(K98<80%,"A",IF(K98<95%,"B",IF(K98<110%,"C",0))) -> C | M98: =UPPER(E98) -> SARJETA DE CONCRETO URBANO (SCU), TIPO 3, COM FCK 15 MPA, LARGURA DE 50CM COM INCLINAÇÃO DE 25%, ESP. 7CM, PADRÃO DER-MG, EXCLUSIVE MEIO-FIO, INCLUSIVE ESCAVAÇÃO, APILAOMENTO E TRANSPORTE COM RETIRADA DO MATERIAL ESCAVADO (EM CAÇAMBA) | N98: =UPPER(#REF!) -> #REF! | O98: =UPPER(F98) -> M | P98: =IF(I98>I97,"ERRO","")
C99: 45.02.01 | D99: =VLOOKUP($C99,'PLANILHA ORÇAMENTÁRIA'!$D:$M,2,0) -> SUDECAP | E99: =VLOOKUP($C99,'PLANILHA ORÇAMENTÁRIA'!$D:$M,3,0) -> GASOLINA | F99: =VLOOKUP($C99,'PLANILHA ORÇAMENTÁRIA'!$D:$M,4,0) -> L | G99: =SUMIF('PLANILHA ORÇAMENTÁRIA'!$D$17:$D$376,'CURVA ABC'!C99,'PLANILHA ORÇAMENTÁRIA'!$H$17:$H$376) -> 6720 | H99: =VLOOKUP($C99,'PLANILHA ORÇAMENTÁRIA'!$D:$M,8,0) -> 7.05 | I99: =ROUND(H99*G99,2) -> 47376 | J99: =I99/'PLANILHA ORÇAMENTÁRIA'!$L$377 -> 0.0010078625 | K99: =J99+K98 -> 0.96279968 | L99: =IF(K99<80%,"A",IF(K99<95%,"B",IF(K99<110%,"C",0))) -> C | M99: =UPPER(E99) -> GASOLINA | N99: =UPPER(#REF!) -> #REF! | O99: =UPPER(F99) -> L | P99: =IF(I99>I98,"ERRO","")
C100: 2407980 | D100: =VLOOKUP($C100,'PLANILHA ORÇAMENTÁRIA'!$D:$M,2,0) -> SICRO 3 | E100: =VLOOKUP($C100,'PLANILHA ORÇAMENTÁRIA'!$D:$M,3,0) -> PINTURA DE ACABAMENTO COM TINTA DE POLIURETANO ACRÍLICO DE DOIS COMPONENTES COM PISTOLA AIRLESS, UMA DEMÃO, ESPESSURA DE 70 µM - EM ESPAÇO CONFINADO | F100: =VLOOKUP($C100,'PLANILHA ORÇAMENTÁRIA'!$D:$M,4,0) -> M² | G100: =SUMIF('PLANILHA ORÇAMENTÁRIA'!$D$17:$D$376,'CURVA ABC'!C100,'PLANILHA ORÇAMENTÁRIA'!$H$17:$H$376) -> 2797.6687 | H100: =VLOOKUP($C100,'PLANILHA ORÇAMENTÁRIA'!$D:$M,8,0) -> 16.09 | I100: =ROUND(H100*G100,2) -> 45014.49 | J100: =I100/'PLANILHA ORÇAMENTÁRIA'!$L$377 -> 0.00095762449 | K100: =J100+K99 -> 0.9637573 | L100: =IF(K100<80%,"A",IF(K100<95%,"B",IF(K100<110%,"C",0))) -> C | M100: =UPPER(E100) -> PINTURA DE ACABAMENTO COM TINTA DE POLIURETANO ACRÍLICO DE DOIS COMPONENTES COM PISTOLA AIRLESS, UMA DEMÃO, ESPESSURA DE 70 µM - EM ESPAÇO CONFINADO | N100: =UPPER(#REF!) -> #REF! | O100: =UPPER(F100) -> M² | P100: =IF(I100>I99,"ERRO","")
